Workbook

Sheet Summary Table
A2: Summary Tables by Project Component: 3% and 7% Discount Rates
A5: ('000s of $, 3% Discount Rate for Costs and Benefits) | B5: Fort Totten / 1st Place-Galloway Road Access Improvement Project | C5: Forest Glen Metro Access Project | D5: Pedestrian Safety Measures for the New Carrollton Metro Station | E5: Rosslyn Circle Crossing | F5: West Hyattsville Improvements | G5: Army Navy Drive Multimodal Access Improvement Project | H5: Bicycle Lockers at Virginia Railway Express (VRE) Stations
A6: Costs | B6: =FT!D219 -> 6401.1629 | C6: ='Forest Glen'!D341 -> 20558.433 | D6: =NC!D223 -> 759.94886 | E6: =Rosslyn!D219 -> 7403.2447 | F6: =WH!D216 -> 937.30421 | G6: ='A-N Drive'!D283 -> 18134.137 | H6: =VRE!D161 -> 535.47519
A7: Capital | B7: =FT!D220 -> 3864.7028 | C7: ='Forest Glen'!D342 -> 14078.602 | D7: =NC!D224 -> 557.49337 | E7: =Rosslyn!D220 -> 3831.9238 | F7: =WH!D217 -> 670.53916 | G7: ='A-N Drive'!D284 -> 6478.7163 | H7: =VRE!D162 -> 267.10111
A8: Operating | B8: =FT!D221 -> 0 | C8: ='Forest Glen'!D343 -> 1161.6054 | D8: =NC!D225 -> 0 | E8: =Rosslyn!D221 -> 0 | F8: =WH!D218 -> 0 | G8: ='A-N Drive'!D285 -> 0 | H8: =VRE!D163 -> 67.599326
A9: Construction Impacts | B9: =FT!D222 -> 45.981611 | C9: ='Forest Glen'!D344 -> 515.85312 | D9: =NC!D226 -> 79.890028 | E9: =Rosslyn!D222 -> 300.30111 | F9: =WH!D219 -> 0 | G9: ='A-N Drive'!D286 -> 291.60577 | H9: =VRE!D164 -> 0
A10: Accident | B10: =FT!D223 -> 2490.4784 | C10: ='Forest Glen'!D345 -> 4802.373 | D10: =NC!D227 -> 122.56546 | E10: =Rosslyn!D223 -> 3271.0198 | F10: =WH!D220 -> 266.76505 | G10: ='A-N Drive'!D287 -> 11363.815 | H10: =VRE!D165 -> 200.77475
A12: Benefits | B12: =FT!D225 -> 13028.56 | C12: ='Forest Glen'!D347 -> 22566.527 | D12: =NC!D229 -> 2121.8693 | E12: =Rosslyn!D225 -> 22213.364 | F12: =WH!D222 -> 2793.6558 | G12: ='A-N Drive'!D289 -> 43379.679 | H12: =VRE!D167 -> 1170.7782
A13: Net Travel Time Savings | B13: =FT!D226 -> 1874.0217 | C13: ='Forest Glen'!D348 -> 1609.1779 | D13: =NC!D230 -> 208.62561 | E13: =Rosslyn!D226 -> 1127.748 | F13: =WH!D223 -> 746.34588 | G13: ='A-N Drive'!D290 -> -2104.1848 | H13: =VRE!D168 -> -69.716092
A14: Net Travel Cost Savings | B14: =FT!D227 -> 3085.0995 | C14: ='Forest Glen'!D349 -> 4154.1864 | D14: =NC!D231 -> 286.36619 | E14: =Rosslyn!D227 -> 3357.5015 | F14: =WH!D224 -> 628.26408 | G14: ='A-N Drive'!D291 -> 10813.969 | H14: =VRE!D169 -> 448.57734
A15: Increased Access | B15: =FT!D228 -> 186.86232 | C15: ='Forest Glen'!D350 -> 3436.882 | D15: =NC!D232 -> 8.8377778 | E15: =Rosslyn!D228 -> 1779.0725 | F15: =WH!D225 -> 102.57192 | G15: ='A-N Drive'!D292 -> 6617.1238 | H15: =VRE!D170 -> 21.7747
A16: Congestion Reduction | B16: =FT!D229 -> 743.71837 | C16: ='Forest Glen'!D351 -> 3593.8662 | D16: =NC!D233 -> 962.34766 | E16: =Rosslyn!D229 -> -6164.5701 | F16: =WH!D226 -> 36.650921 | G16: ='A-N Drive'!D293 -> 2082.2674 | H16: =VRE!D171 -> 69.463153
A17: Environmental | B17: =FT!D230 -> 897.33729 | C17: ='Forest Glen'!D352 -> 908.20133 | D17: =NC!D234 -> 86.025054 | E17: =Rosslyn!D230 -> 972.7877 | F17: =WH!D227 -> 183.14132 | G17: ='A-N Drive'!D294 -> 2351.4321 | H17: =VRE!D172 -> 318.06148
A18: Health Benefits | B18: =FT!D231 -> 0.27684891 | C18: ='Forest Glen'!D353 -> 11.346124 | D18: =NC!D235 -> 0.019206134 | E18: =Rosslyn!D231 -> 6.9955569 | F18: =WH!D228 -> 0.55595952 | G18: ='A-N Drive'!D295 -> 26.833322 | H18: =VRE!D173 -> 0.58943344
... A23: Benefit-Cost Ratio | B23: =FT!D236 -> 2.0353426 | C23: ='Forest Glen'!D358 -> 1.5431043 | D23: =NC!D240 -> 2.7921211 | E23: =Rosslyn!D236 -> 3.0004904 | F23: =WH!D233 -> 2.980522 | G23: ='A-N Drive'!D300 -> 2.3921557 | H23: =VRE!D178 -> 2.1864285
A26: ('000s of $, 7% Discount Rate for Costs and Benefits) | B26: Fort Totten / 1st Place-Galloway Road Access Improvement Project | C26: Forest Glen Metro Access Project | D26: Pedestrian Safety Measures for the New Carrollton Metro Station | E26: =E5 -> Rosslyn Circle Crossing | F26: West Hyattsville Improvements | G26: Army Navy Drive Multimodal Access Improvement Project | H26: Bicycle Lockers at Virginia Railway Express (VRE) Stations
A27: Costs | B27: =FT!D240 -> 5000.2022 | C27: ='Forest Glen'!D362 -> 16432.34 | D27: =NC!D244 -> 690.26769 | E27: =Rosslyn!D240 -> 5964.0959 | F27: =WH!D237 -> 793.4982 | G27: ='A-N Drive'!D304 -> 13674.453 | H27: =VRE!D182 -> 408.9229
A28: Capital | B28: =FT!D241 -> 3503.8922 | C28: ='Forest Glen'!D363 -> 12399.399 | D28: =NC!D245 -> 535.24821 | E28: =Rosslyn!D241 -> 3603.5217 | F28: =WH!D238 -> 622.65263 | G28: ='A-N Drive'!D305 -> 6043.432 | H28: =VRE!D183 -> 247.25124
A29: Operating | B29: =FT!D242 -> 0 | C29: ='Forest Glen'!D364 -> 697.3782 | D29: =NC!D246 -> 0 | E29: =Rosslyn!D242 -> 0 | F29: =WH!D239 -> 0 | G29: ='A-N Drive'!D306 -> 0 | H29: =VRE!D184 -> 43.475921
A30: Construction Impacts | B30: =FT!D243 -> 42.607993 | C30: ='Forest Glen'!D365 -> 453.37732 | D30: =NC!D247 -> 74.028588 | E30: =Rosslyn!D243 -> 281.93293 | F30: =WH!D240 -> 0 | G30: ='A-N Drive'!D307 -> 275.53535 | H30: =VRE!D185 -> 0
A31: Accident | B31: =FT!D244 -> 1453.702 | C31: ='Forest Glen'!D366 -> 2882.1848 | D31: =NC!D248 -> 80.990887 | E31: =Rosslyn!D244 -> 2078.6413 | F31: =WH!D241 -> 170.84557 | G31: ='A-N Drive'!D308 -> 7355.4852 | H31: =VRE!D186 -> 118.19574
A33: Benefits | B33: =FT!D246 -> 8386.043 | C33: ='Forest Glen'!D368 -> 13554.7 | D33: =NC!D250 -> 1380.0429 | E33: =Rosslyn!D246 -> 14031.831 | F33: =WH!D243 -> 1791.5929 | G33: ='A-N Drive'!D310 -> 27831.5 | H33: =VRE!D188 -> 694.09296
A34: Net Travel Time Savings | B34: =FT!D247 -> 1206.1574 | C34: ='Forest Glen'!D369 -> 956.80048 | D34: =NC!D251 -> 129.31117 | E34: =Rosslyn!D247 -> 703.69243 | F34: =WH!D244 -> 476.55554 | G34: ='A-N Drive'!D311 -> -1415.5071 | H34: =VRE!D189 -> -41.701449
A35: Net Travel Cost Savings | B35: =FT!D248 -> 1987.1532 | C35: ='Forest Glen'!D370 -> 2490.4594 | D35: =NC!D252 -> 189.22991 | E35: =Rosslyn!D248 -> 2133.598 | F35: =WH!D245 -> 402.36205 | G35: ='A-N Drive'!D312 -> 6967.0876 | H35: =VRE!D190 -> 264.07667
A36: Increased Access | B36: =FT!D249 -> 112.10441 | C36: ='Forest Glen'!D371 -> 2060.7344 | D36: =NC!D253 -> 5.4575914 | E36: =Rosslyn!D249 -> 1124.8923 | F36: =WH!D246 -> 65.333064 | G36: ='A-N Drive'!D313 -> 4283.0886 | H36: =VRE!D191 -> 12.801366
A37: Congestion Reduction | B37: =FT!D250 -> 476.21158 | C37: ='Forest Glen'!D372 -> 2195.0698 | D37: =NC!D254 -> 620.56713 | E37: =Rosslyn!D250 -> -4006.5857 | F37: =WH!D247 -> 23.472518 | G37: ='A-N Drive'!D314 -> 1353.6512 | H37: =VRE!D192 -> 40.892833
A38: Environmental | B38: =FT!D251 -> 599.99505 | C38: ='Forest Glen'!D373 -> 556.09612 | D38: =NC!D255 -> 59.042909 | E38: =Rosslyn!D251 -> 641.83323 | F38: =WH!D248 -> 121.51681 | G38: ='A-N Drive'!D315 -> 1569.8368 | H38: =VRE!D193 -> 192.77722
A39: Health Benefits | B39: =FT!D252 -> 0.14805718 | C39: ='Forest Glen'!D374 -> 6.8135858 | D39: =NC!D256 -> 0.012691356 | E39: =Rosslyn!D252 -> 4.4454802 | F39: =WH!D249 -> 0.35605571 | G39: ='A-N Drive'!D316 -> 17.41957 | H39: =VRE!D194 -> 0.34699841
... A44: Benefit-Cost Ratio | B44: =FT!D257 -> 1.6771408 | C44: ='Forest Glen'!D379 -> 1.1130303 | D44: =NC!D261 -> 1.9992866 | E44: =Rosslyn!D257 -> 2.3527173 | F44: =WH!D254 -> 2.2578412 | G44: ='A-N Drive'!D321 -> 2.0352917 | H44: =VRE!D199 -> 1.6973688
A48: Overall Project Summary Tables: 3% and 7% Discount Rates
A50: Current ($2011) Dollars
A51: Rate of Return | B51: =IRR(B99:Y99) -> 0.17382282
A52: Benefit/Cost Ratio | B52: =-SUM(B98:Y98)/SUM(B97:Y97) -> 2.4673435
A53: 3% Discount Rate
A54: Rate of Return | B54: =IRR(B102:Y102) -> 0.13963381
A55: Benefit/Cost Ratio | B55: =(SUM(FT!F233:AC233)+ SUM('Forest Glen'!F355:AC355)+ SUM(NC!F237:AC237)+ SUM(Rosslyn!F233:AC233)+ SUM(WH!F230:AC230)+ SUM('A-N Drive'!F297:AC297)+ SUM(VRE!F175:AC175))/- (SUM(FT!F224:AC224)+ SUM('Forest Glen'!F346:AC346)+ SUM(NC!F228:AC228)+ SUM(Rosslyn!F224:AC224)+ SUM(WH!F221:AC221)+ SUM('A-N Drive'!F288:AC288)+ SUM(VRE!F166:AC166)) -> 2.0681133
A56: 7% Discount Rate
A57: Rate of Return | B57: =IRR(B105:Y105) -> 0.097030673
A58: Benefit/Cost Ratio | B58: =(SUM(FT!F254:AC254)+ SUM('Forest Glen'!F376:AC376)+ SUM(NC!F258:AC258)+ SUM(Rosslyn!F254:AC254)+ SUM(WH!F251:AC251)+ SUM('A-N Drive'!F318:AC318)+ SUM(VRE!F196:AC196))/- (SUM(FT!F245:AC245)+ SUM('Forest Glen'!F367:AC367)+ SUM(NC!F249:AC249)+ SUM(Rosslyn!F245:AC245)+ SUM(WH!F242:AC242)+ SUM('A-N Drive'!F309:AC309)+ SUM(VRE!F187:AC187)) -> 1.6540643
A60: User Trips | B60: 2020 (Year 8) | C60: 2036 (Year 24) | D60: Total (2013 to 2036)
A61: PEDESTRIAN | B61: =J112 -> 6712000.3 | C61: =Y112 -> 8040230.1 | D61: =SUM(B112:Y112) -> 1.5752405e+08
A62: BICYCLE | B62: =J113 -> 924316.39 | C62: =Y113 -> 1246291.4 | D62: =SUM(B113:Y113) -> 22736517
A63: BIKESHARE | B63: =J114 -> 290619.82 | C63: =Y114 -> 337400.59 | D63: =SUM(B114:Y114) -> 6678709.2
A64: MOBILITY DEVICE | B64: =J115 -> 3959.9176 | C64: =Y115 -> 4034.3905 | D64: =SUM(B115:Y115) -> 74261.05
A65: New Trips (all Modes) | B65: =J116 -> 228940.63 | C65: =Y116 -> 270710.34 | D65: =SUM(B116:Y116) -> 5274750.1
A66: TRAVEL IMPACTS
A67: Rail transit trips change | B67: =J118 -> 390100.69 | C67: =Y118 -> 463073.1 | D67: =SUM(B118:Y118) -> 9008754
A68: Bus transit trips change | B68: =J119 -> -78865.518 | C68: =Y119 -> -91955.286 | D68: =SUM(B119:Y119) -> -1851945.2
A69: Auto VT reduced | B69: =J120 -> -224031.78 | C69: =Y120 -> -265354.88 | D69: =SUM(B120:Y120) -> -5169019.9
A70: Auto VMT reduced | B70: =J121 -> -1369482.3 | C70: =Y121 -> -1675947.1 | D70: =SUM(B121:Y121) -> -31944479
A71: Auto fuel savings | B71: =J122 -> 207769.16 | C71: =Y122 -> 252256.79 | D71: =SUM(B122:Y122) -> 4919027.1
A72: SAFETY (Crashes)
A73: PEDESTRIAN | D73: =Z124 -> -86.579012
A74: BICYCLE | D74: =Z125 -> -14.620875
A75: AUTOMOBILE (not including property damage accidents) | D75: =Z126 -> -26.260885
A77: Calculation Tables
B78: Costs
B79: Benefits
B80: 2013 | C80: 2014 | D80: 2015 | E80: 2016 | F80: 2017 | G80: 2018 | H80: 2019 | I80: 2020 | J80: 2021 | K80: 2022 | L80: 2023 | M80: 2024 | N80: 2025 | O80: 2026 | P80: 2027 | Q80: 2028 | R80: 2029 | S80: 2030 | T80: 2031 | U80: 2032 | V80: 2033 | W80: 2034 | X80: 2035 | Y80: 2036
B81: Year 1 | C81: Year 2 | D81: Year 3 | E81: Year 4 | F81: Year 5 | G81: Year 6 | H81: Year 7 | I81: Year 8 | J81: Year 9 | K81: Year 10 | L81: Year 11 | M81: Year 12 | N81: Year 13 | O81: Year 14 | P81: Year 15 | Q81: Year 16 | R81: Year 17 | S81: Year 18 | T81: Year 19 | U81: Year 20 | V81: Year 21 | W81: Year 22 | X81: Year 23 | Y81: Year 24
A82: Fort Totten / 1st Place-Galloway Road Access Improvement Project | B82: =FT!F203 -> 0 | C82: =FT!G203 -> -1824319.7 | D82: =FT!H203 -> -2523754.8 | E82: =FT!I203 -> -90016.031 | F82: =FT!J203 -> -93873.001 | G82: =FT!K203 -> -98164.45 | H82: =FT!L203 -> -102949.82 | I82: =FT!M203 -> -108296.67 | ... Y82: =FT!AC203 -> -374583.2
B83: =FT!F212 -> 0 | C83: =FT!G212 -> 372858.18 | D83: =FT!H212 -> 786934.64 | E83: =FT!I212 -> 793156.35 | F83: =FT!J212 -> 799576.48 | G83: =FT!K212 -> 806054.09 | H83: =FT!L212 -> 812639.67 | I83: =FT!M212 -> 819351.21 | ... Y83: =FT!AC212 -> 949037.56
A84: Forest Glen Metro Access Project | B84: ='Forest Glen'!F325 -> -1035667 | C84: ='Forest Glen'!G325 -> -2319515 | D84: ='Forest Glen'!H325 -> -3859895.8 | E84: ='Forest Glen'!I325 -> -7116871.5 | F84: ='Forest Glen'!J325 -> -2068705.5 | G84: ='Forest Glen'!K325 -> -437126.87 | H84: ='Forest Glen'!L325 -> -441419.05 | I84: ='Forest Glen'!M325 -> -407139.31 | ... Y84: ='Forest Glen'!AC325 -> -19752851
B85: ='Forest Glen'!F334 -> 0 | C85: ='Forest Glen'!G334 -> 0 | D85: ='Forest Glen'!H334 -> 0 | E85: ='Forest Glen'!I334 -> 0 | F85: ='Forest Glen'!J334 -> 1307769.8 | G85: ='Forest Glen'!K334 -> 1695495.4 | H85: ='Forest Glen'!L334 -> 1724828.7 | I85: ='Forest Glen'!M334 -> 898808.14 | ... Y85: ='Forest Glen'!AC334 -> 60067165
A86: Pedestrian Safety Measures for the New Carrollton Metro Station | B86: =NC!F207 -> -534024 | C86: =NC!G207 -> -133637.64 | D86: =NC!H207 -> -7551.591 | E86: =NC!I207 -> -7620.8748 | F86: =NC!J207 -> -7690.1586 | G86: =NC!K207 -> -7759.4423 | H86: =NC!L207 -> -7828.7261 | I86: =NC!M207 -> -7898.0099 | ... Y86: =NC!AC207 -> -7376.6662
B87: =NC!F216 -> 0 | C87: =NC!G216 -> 43782.981 | D87: =NC!H216 -> 137104.65 | E87: =NC!I216 -> 138108.06 | F87: =NC!J216 -> 139202.53 | G87: =NC!K216 -> 140230.24 | H87: =NC!L216 -> 141224.31 | I87: =NC!M216 -> 142180.82 | ... Y87: =NC!AC216 -> 132963.72
A88: Rosslyn Circle Crossing | B88: =Rosslyn!F203 -> -1614489 | C88: =Rosslyn!G203 -> -2810324 | D88: =Rosslyn!H203 -> -181586.37 | E88: =Rosslyn!I203 -> -184432.43 | F88: =Rosslyn!J203 -> -187278.49 | G88: =Rosslyn!K203 -> -190124.55 | H88: =Rosslyn!L203 -> -192970.61 | I88: =Rosslyn!M203 -> -195816.67 | ... Y88: =Rosslyn!AC203 -> -256171.95
B89: =Rosslyn!F212 -> 0 | C89: =Rosslyn!G212 -> 570451.28 | D89: =Rosslyn!H212 -> 1198408.4 | E89: =Rosslyn!I212 -> 1219292.7 | F89: =Rosslyn!J212 -> 1240216.8 | G89: =Rosslyn!K212 -> 1261022.9 | H89: =Rosslyn!L212 -> 1281742.6 | I89: =Rosslyn!M212 -> 1302837.7 | ... Y89: =Rosslyn!AC212 -> 1819513.2
A90: West Hyattsville Improvements | B90: =WH!F200 -> -37500 | C90: =WH!G200 -> -676744.83 | D90: =WH!H200 -> -16161.65 | E90: =WH!I200 -> -16343.993 | F90: =WH!J200 -> -16526.335 | G90: =WH!K200 -> -16708.678 | H90: =WH!L200 -> -16891.021 | I90: =WH!M200 -> -17073.363 | ... Y90: =WH!AC200 -> -18931.721
B91: =WH!F209 -> 0 | C91: =WH!G209 -> 42668.809 | D91: =WH!H209 -> 172032.55 | E91: =WH!I209 -> 173386.1 | F91: =WH!J209 -> 174825.98 | G91: =WH!K209 -> 176194.36 | H91: =WH!L209 -> 177524.11 | I91: =WH!M209 -> 178811.32 | ... Y91: =WH!AC209 -> 197933.48
A92: Army Navy Drive Multimodal Access Improvement Project | B92: ='A-N Drive'!F267 -> -1298775.1 | C92: ='A-N Drive'!G267 -> -6397207 | D92: ='A-N Drive'!H267 -> -661584.55 | E92: ='A-N Drive'!I267 -> -666435.72 | F92: ='A-N Drive'!J267 -> -671342.67 | G92: ='A-N Drive'!K267 -> -676305.97 | H92: ='A-N Drive'!L267 -> -681326.17 | I92: ='A-N Drive'!M267 -> -686403.85 | ... Y92: ='A-N Drive'!AC267 -> -812517.93
B93: ='A-N Drive'!F276 -> 0 | C93: ='A-N Drive'!G276 -> 1195928.1 | D93: ='A-N Drive'!H276 -> 2557092.1 | E93: ='A-N Drive'!I276 -> 2553025.3 | F93: ='A-N Drive'!J276 -> 2680501.7 | G93: ='A-N Drive'!K276 -> 2675861.9 | H93: ='A-N Drive'!L276 -> 2671346.9 | I93: ='A-N Drive'!M276 -> 2666950.4 | ... Y93: ='A-N Drive'!AC276 -> 3087856
A94: Bicycle Lockers at Virginia Railway Express (VRE) Stations | B94: =VRE!F145 -> 0 | C94: =VRE!G145 -> -275620 | D94: =VRE!H145 -> -18967.092 | E94: =VRE!I145 -> -11635.801 | F94: =VRE!J145 -> -12297.484 | G94: =VRE!K145 -> -12972.401 | H94: =VRE!L145 -> -13660.816 | I94: =VRE!M145 -> -14363 | ... Y94: =VRE!AC145 -> -27712.966
B95: =VRE!F154 -> 0 | C95: =VRE!G154 -> 0 | D95: =VRE!H154 -> 41691.771 | E95: =VRE!I154 -> 45170.164 | F95: =VRE!J154 -> 48611.034 | G95: =VRE!K154 -> 52013.744 | H95: =VRE!L154 -> 55377.002 | I95: =VRE!M154 -> 58699.927 | ... Y95: =VRE!AC154 -> 132678.69
A97: Total Costs | B97: =B92+B94+B82+B84+B86+B88+B90 -> -4520455 | C97: =C92+C94+C82+C84+C86+C88+C90 -> -14437368 | D97: =D92+D94+D82+D84+D86+D88+D90 -> -7269501.8 | E97: =E92+E94+E82+E84+E86+E88+E90 -> -8093356.4 | F97: =F92+F94+F82+F84+F86+F88+F90 -> -3057713.6 | G97: =G92+G94+G82+G84+G86+G88+G90 -> -1439162.4 | H97: =H92+H94+H82+H84+H86+H88+H90 -> -1457046.2 | I97: =I92+I94+I82+I84+I86+I88+I90 -> -1436990.9 | ... Y97: =Y92+Y94+Y82+Y84+Y86+Y88+Y90 -> -21250146 | Z97: =SUM(B97:Y97) -> -88277984
A98: Total Benefits | B98: =B93+B95+B83+B85+B87+B89+B91 -> 0 | C98: =C93+C95+C83+C85+C87+C89+C91 -> 2225689.3 | D98: =D93+D95+D83+D85+D87+D89+D91 -> 4893264 | E98: =E93+E95+E83+E85+E87+E89+E91 -> 4922138.7 | F98: =F93+F95+F83+F85+F87+F89+F91 -> 6390704.3 | G98: =G93+G95+G83+G85+G87+G89+G91 -> 6806872.6 | H98: =H93+H95+H83+H85+H87+H89+H91 -> 6864683.3 | I98: =I93+I95+I83+I85+I87+I89+I91 -> 6067639.5 | ... Y98: =Y93+Y95+Y83+Y85+Y87+Y89+Y91 -> 66387148 | Z98: =SUM(B98:Y98) -> 2.1781211e+08
A99: Net | B99: =B97+B98 -> -4520455 | C99: =C97+C98 -> -12211679 | D99: =D97+D98 -> -2376237.7 | E99: =E97+E98 -> -3171217.7 | F99: =F97+F98 -> 3332990.7 | G99: =G97+G98 -> 5367710.3 | H99: =H97+H98 -> 5407637.1 | I99: =I97+I98 -> 4630648.6 | ... Z99: =Z97+Z98 -> 1.2953413e+08
A101: 3% Discount Rate | B101: =1/1.03 -> 0.97087379 | C101: =B101/1.03 -> 0.94259591 | D101: =C101/1.03 -> 0.91514166 | E101: =D101/1.03 -> 0.88848705 | F101: =E101/1.03 -> 0.86260878 | G101: =F101/1.03 -> 0.83748426 | H101: =G101/1.03 -> 0.81309151 | I101: =H101/1.03 -> 0.78940923 | J101: =I101/1.03 -> 0.76641673 | ... Y101: =X101/1.03 -> 0.49193374
B102: =B99*B101 -> -4388791.3 | C102: =C99*C101 -> -11510678 | D102: =D99*D101 -> -2174594.1 | E102: =E99*E101 -> -2817585.9 | F102: =F99*F101 -> 2875067 | G102: =G99*G101 -> 4495372.8 | H102: =H99*H101 -> 4396903.8 | I102: =I99*I101 -> 3655476.8 | ... Y102: =Y99*Y101 -> 22204414
A104: 7% Discount Rate | B104: =1/1.07 -> 0.93457944 | C104: =B104/1.07 -> 0.87343873 | D104: =C104/1.07 -> 0.81629788 | E104: =D104/1.07 -> 0.76289521 | F104: =E104/1.07 -> 0.71298618 | G104: =F104/1.07 -> 0.66634222 | H104: =G104/1.07 -> 0.62274974 | I104: =H104/1.07 -> 0.5820091 | J104: =I104/1.07 -> 0.54393374 | ... Y104: =X104/1.07 -> 0.19714662
B105: =B99*B104 -> -4224724.3 | C105: =C99*C104 -> -10666153 | D105: =D99*D104 -> -1939717.8 | E105: =E99*E104 -> -2419306.8 | F105: =F99*F104 -> 2376376.3 | G105: =G99*G104 -> 3576732 | H105: =H99*H104 -> 3367604.6 | I105: =I99*I104 -> 2695079.7 | ... Y105: =Y99*Y104 -> 8898607.4
B110: 2013 | C110: 2014 | D110: 2015 | E110: 2016 | F110: 2017 | G110: 2018 | H110: 2019 | I110: 2020 | J110: 2021 | K110: 2022 | L110: 2023 | M110: 2024 | N110: 2025 | O110: 2026 | P110: 2027 | Q110: 2028 | R110: 2029 | S110: 2030 | T110: 2031 | U110: 2032 | V110: 2033 | W110: 2034 | X110: 2035 | Y110: 2036
A111: User Trips (following implementation) | B111: Year 2 | C111: Year 3 | D111: Year 4 | E111: Year 5 | F111: Year 6 | G111: Year 7 | H111: Year 8 | I111: Year 9 | J111: Year 10 | K111: Year 11 | L111: Year 12 | M111: Year 13 | N111: Year 14 | O111: Year 15 | P111: Year 16 | Q111: Year 17 | R111: Year 18 | S111: Year 19 | T111: Year 20 | U111: Year 21 | V111: Year 22 | W111: Year 23 | X111: Year 24 | Y111: Year 25
A112: PEDESTRIAN | B112: =FT!F10+FT!F11+FT!F12+'Forest Glen'!F10+'Forest Glen'!F11+'Forest Glen'!F12+NC!F10+NC!F11+NC!F12+Rosslyn!F10+Rosslyn!F11+Rosslyn!F12+WH!F10+WH!F11+WH!F12+'A-N Drive'!F10+'A-N Drive'!F11+'A-N Drive'!F12 -> 0 | C112: =FT!G10+FT!G11+FT!G12+'Forest Glen'!G10+'Forest Glen'!G11+'Forest Glen'!G12+NC!G10+NC!G11+NC!G12+Rosslyn!G10+Rosslyn!G11+Rosslyn!G12+WH!G10+WH!G11+WH!G12+'A-N Drive'!G10+'A-N Drive'!G11+'A-N Drive'!G12 -> 1272956.2 | D112: =FT!H10+FT!H11+FT!H12+'Forest Glen'!H10+'Forest Glen'!H11+'Forest Glen'!H12+NC!H10+NC!H11+NC!H12+Rosslyn!H10+Rosslyn!H11+Rosslyn!H12+WH!H10+WH!H11+WH!H12+'A-N Drive'!H10+'A-N Drive'!H11+'A-N Drive'!H12 -> 6270867.8 | E112: =FT!I10+FT!I11+FT!I12+'Forest Glen'!I10+'Forest Glen'!I11+'Forest Glen'!I12+NC!I10+NC!I11+NC!I12+Rosslyn!I10+Rosslyn!I11+Rosslyn!I12+WH!I10+WH!I11+WH!I12+'A-N Drive'!I10+'A-N Drive'!I11+'A-N Drive'!I12 -> 6278234 | F112: =FT!J10+FT!J11+FT!J12+'Forest Glen'!J10+'Forest Glen'!J11+'Forest Glen'!J12+NC!J10+NC!J11+NC!J12+Rosslyn!J10+Rosslyn!J11+Rosslyn!J12+WH!J10+WH!J11+WH!J12+'A-N Drive'!J10+'A-N Drive'!J11+'A-N Drive'!J12 -> 6504093.2 | G112: =FT!K10+FT!K11+FT!K12+'Forest Glen'!K10+'Forest Glen'!K11+'Forest Glen'!K12+NC!K10+NC!K11+NC!K12+Rosslyn!K10+Rosslyn!K11+Rosslyn!K12+WH!K10+WH!K11+WH!K12+'A-N Drive'!K10+'A-N Drive'!K11+'A-N Drive'!K12 -> 6594107.9 | H112: =FT!L10+FT!L11+FT!L12+'Forest Glen'!L10+'Forest Glen'!L11+'Forest Glen'!L12+NC!L10+NC!L11+NC!L12+Rosslyn!L10+Rosslyn!L11+Rosslyn!L12+WH!L10+WH!L11+WH!L12+'A-N Drive'!L10+'A-N Drive'!L11+'A-N Drive'!L12 -> 6611291.6 | I112: =FT!M10+FT!M11+FT!M12+'Forest Glen'!M10+'Forest Glen'!M11+'Forest Glen'!M12+NC!M10+NC!M11+NC!M12+Rosslyn!M10+Rosslyn!M11+Rosslyn!M12+WH!M10+WH!M11+WH!M12+'A-N Drive'!M10+'A-N Drive'!M11+'A-N Drive'!M12 -> 6317516.4 | ... Y112: =FT!AC10+FT!AC11+FT!AC12+'Forest Glen'!AC10+'Forest Glen'!AC11+'Forest Glen'!AC12+NC!AC10+NC!AC11+NC!AC12+Rosslyn!AC10+Rosslyn!AC11+Rosslyn!AC12+WH!AC10+WH!AC11+WH!AC12+'A-N Drive'!AC10+'A-N Drive'!AC11+'A-N Drive'!AC12 -> 8040230.1
A113: BICYCLE | B113: =FT!F15+FT!F16+FT!F17+'Forest Glen'!F15+'Forest Glen'!F16+'Forest Glen'!F17+NC!F15+NC!F16+NC!F17+Rosslyn!F15+Rosslyn!F16+Rosslyn!F17+WH!F15+WH!F16+WH!F17+'A-N Drive'!F15+'A-N Drive'!F16+'A-N Drive'!F17+VRE!F11+VRE!F12+VRE!F13 -> 0 | C113: =FT!G15+FT!G16+FT!G17+'Forest Glen'!G15+'Forest Glen'!G16+'Forest Glen'!G17+NC!G15+NC!G16+NC!G17+Rosslyn!G15+Rosslyn!G16+Rosslyn!G17+WH!G15+WH!G16+WH!G17+'A-N Drive'!G15+'A-N Drive'!G16+'A-N Drive'!G17+VRE!G11+VRE!G12+VRE!G13 -> 379966.76 | D113: =FT!H15+FT!H16+FT!H17+'Forest Glen'!H15+'Forest Glen'!H16+'Forest Glen'!H17+NC!H15+NC!H16+NC!H17+Rosslyn!H15+Rosslyn!H16+Rosslyn!H17+WH!H15+WH!H16+WH!H17+'A-N Drive'!H15+'A-N Drive'!H16+'A-N Drive'!H17+VRE!H11+VRE!H12+VRE!H13 -> 836455.8 | E113: =FT!I15+FT!I16+FT!I17+'Forest Glen'!I15+'Forest Glen'!I16+'Forest Glen'!I17+NC!I15+NC!I16+NC!I17+Rosslyn!I15+Rosslyn!I16+Rosslyn!I17+WH!I15+WH!I16+WH!I17+'A-N Drive'!I15+'A-N Drive'!I16+'A-N Drive'!I17+VRE!I11+VRE!I12+VRE!I13 -> 849118.28 | F113: =FT!J15+FT!J16+FT!J17+'Forest Glen'!J15+'Forest Glen'!J16+'Forest Glen'!J17+NC!J15+NC!J16+NC!J17+Rosslyn!J15+Rosslyn!J16+Rosslyn!J17+WH!J15+WH!J16+WH!J17+'A-N Drive'!J15+'A-N Drive'!J16+'A-N Drive'!J17+VRE!J11+VRE!J12+VRE!J13 -> 866142.11 | G113: =FT!K15+FT!K16+FT!K17+'Forest Glen'!K15+'Forest Glen'!K16+'Forest Glen'!K17+NC!K15+NC!K16+NC!K17+Rosslyn!K15+Rosslyn!K16+Rosslyn!K17+WH!K15+WH!K16+WH!K17+'A-N Drive'!K15+'A-N Drive'!K16+'A-N Drive'!K17+VRE!K11+VRE!K12+VRE!K13 -> 880645.76 | H113: =FT!L15+FT!L16+FT!L17+'Forest Glen'!L15+'Forest Glen'!L16+'Forest Glen'!L17+NC!L15+NC!L16+NC!L17+Rosslyn!L15+Rosslyn!L16+Rosslyn!L17+WH!L15+WH!L16+WH!L17+'A-N Drive'!L15+'A-N Drive'!L16+'A-N Drive'!L17+VRE!L11+VRE!L12+VRE!L13 -> 893872.07 | I113: =FT!M15+FT!M16+FT!M17+'Forest Glen'!M15+'Forest Glen'!M16+'Forest Glen'!M17+NC!M15+NC!M16+NC!M17+Rosslyn!M15+Rosslyn!M16+Rosslyn!M17+WH!M15+WH!M16+WH!M17+'A-N Drive'!M15+'A-N Drive'!M16+'A-N Drive'!M17+VRE!M11+VRE!M12+VRE!M13 -> 901205.38 | ... Y113: =FT!AC15+FT!AC16+FT!AC17+'Forest Glen'!AC15+'Forest Glen'!AC16+'Forest Glen'!AC17+NC!AC15+NC!AC16+NC!AC17+Rosslyn!AC15+Rosslyn!AC16+Rosslyn!AC17+WH!AC15+WH!AC16+WH!AC17+'A-N Drive'!AC15+'A-N Drive'!AC16+'A-N Drive'!AC17+VRE!AC11+VRE!AC12+VRE!AC13 -> 1246291.4
A114: BIKESHARE | B114: =SUM('Forest Glen'!F20:F26)+SUM('A-N Drive'!F20:F26) -> 0 | C114: =SUM('Forest Glen'!G20:G26)+SUM('A-N Drive'!G20:G26) -> 182500 | D114: =SUM('Forest Glen'!H20:H26)+SUM('A-N Drive'!H20:H26) -> 184325 | E114: =SUM('Forest Glen'!I20:I26)+SUM('A-N Drive'!I20:I26) -> 186168.25 | F114: =SUM('Forest Glen'!J20:J26)+SUM('A-N Drive'!J20:J26) -> 255529.93 | G114: =SUM('Forest Glen'!K20:K26)+SUM('A-N Drive'!K20:K26) -> 282072.73 | H114: =SUM('Forest Glen'!L20:L26)+SUM('A-N Drive'!L20:L26) -> 284893.46 | I114: =SUM('Forest Glen'!M20:M26)+SUM('A-N Drive'!M20:M26) -> 287742.39 | ... Y114: =SUM('Forest Glen'!AC20:AC26)+SUM('A-N Drive'!AC20:AC26) -> 337400.59
A115: MOBILITY DEVICE | B115: ='Forest Glen'!F29+'Forest Glen'!F30+'Forest Glen'!F31 -> 0 | C115: ='Forest Glen'!G29+'Forest Glen'!G30+'Forest Glen'!G31 -> 0 | D115: ='Forest Glen'!H29+'Forest Glen'!H30+'Forest Glen'!H31 -> 0 | E115: ='Forest Glen'!I29+'Forest Glen'!I30+'Forest Glen'!I31 -> 0 | F115: ='Forest Glen'!J29+'Forest Glen'!J30+'Forest Glen'!J31 -> 2695.2306 | G115: ='Forest Glen'!K29+'Forest Glen'!K30+'Forest Glen'!K31 -> 3714.7448 | H115: ='Forest Glen'!L29+'Forest Glen'!L30+'Forest Glen'!L31 -> 3835.8489 | I115: ='Forest Glen'!M29+'Forest Glen'!M30+'Forest Glen'!M31 -> 121.10408 | ... Y115: ='Forest Glen'!AC29+'Forest Glen'!AC30+'Forest Glen'!AC31 -> 4034.3905
A116: New Trips (all Modes) | B116: =FT!F12+FT!F17+'Forest Glen'!F12+'Forest Glen'!F17+'Forest Glen'!F24+'Forest Glen'!F26+'Forest Glen'!F31+NC!F12+NC!F17+Rosslyn!F12+Rosslyn!F17+WH!F12+WH!F17++'A-N Drive'!F12+'A-N Drive'!F17+'A-N Drive'!F24+'A-N Drive'!F26+VRE!F13 -> 0 | C116: =FT!G12+FT!G17+'Forest Glen'!G12+'Forest Glen'!G17+'Forest Glen'!G24+'Forest Glen'!G26+'Forest Glen'!G31+NC!G12+NC!G17+Rosslyn!G12+Rosslyn!G17+WH!G12+WH!G17++'A-N Drive'!G12+'A-N Drive'!G17+'A-N Drive'!G24+'A-N Drive'!G26+VRE!G13 -> 91535.349 | D116: =FT!H12+FT!H17+'Forest Glen'!H12+'Forest Glen'!H17+'Forest Glen'!H24+'Forest Glen'!H26+'Forest Glen'!H31+NC!H12+NC!H17+Rosslyn!H12+Rosslyn!H17+WH!H12+WH!H17++'A-N Drive'!H12+'A-N Drive'!H17+'A-N Drive'!H24+'A-N Drive'!H26+VRE!H13 -> 166915.56 | E116: =FT!I12+FT!I17+'Forest Glen'!I12+'Forest Glen'!I17+'Forest Glen'!I24+'Forest Glen'!I26+'Forest Glen'!I31+NC!I12+NC!I17+Rosslyn!I12+Rosslyn!I17+WH!I12+WH!I17++'A-N Drive'!I12+'A-N Drive'!I17+'A-N Drive'!I24+'A-N Drive'!I26+VRE!I13 -> 168220.91 | F116: =FT!J12+FT!J17+'Forest Glen'!J12+'Forest Glen'!J17+'Forest Glen'!J24+'Forest Glen'!J26+'Forest Glen'!J31+NC!J12+NC!J17+Rosslyn!J12+Rosslyn!J17+WH!J12+WH!J17++'A-N Drive'!J12+'A-N Drive'!J17+'A-N Drive'!J24+'A-N Drive'!J26+VRE!J13 -> 206948.48 | G116: =FT!K12+FT!K17+'Forest Glen'!K12+'Forest Glen'!K17+'Forest Glen'!K24+'Forest Glen'!K26+'Forest Glen'!K31+NC!K12+NC!K17+Rosslyn!K12+Rosslyn!K17+WH!K12+WH!K17++'A-N Drive'!K12+'A-N Drive'!K17+'A-N Drive'!K24+'A-N Drive'!K26+VRE!K13 -> 222075.72 | H116: =FT!L12+FT!L17+'Forest Glen'!L12+'Forest Glen'!L17+'Forest Glen'!L24+'Forest Glen'!L26+'Forest Glen'!L31+NC!L12+NC!L17+Rosslyn!L12+Rosslyn!L17+WH!L12+WH!L17++'A-N Drive'!L12+'A-N Drive'!L17+'A-N Drive'!L24+'A-N Drive'!L26+VRE!L13 -> 224245.07 | I116: =FT!M12+FT!M17+'Forest Glen'!M12+'Forest Glen'!M17+'Forest Glen'!M24+'Forest Glen'!M26+'Forest Glen'!M31+NC!M12+NC!M17+Rosslyn!M12+Rosslyn!M17+WH!M12+WH!M17++'A-N Drive'!M12+'A-N Drive'!M17+'A-N Drive'!M24+'A-N Drive'!M26+VRE!M13 -> 211607.78 | ... Y116: =FT!AC12+FT!AC17+'Forest Glen'!AC12+'Forest Glen'!AC17+'Forest Glen'!AC24+'Forest Glen'!AC26+'Forest Glen'!AC31+NC!AC12+NC!AC17+Rosslyn!AC12+Rosslyn!AC17+WH!AC12+WH!AC17++'A-N Drive'!AC12+'A-N Drive'!AC17+'A-N Drive'!AC24+'A-N Drive'!AC26+VRE!AC13 -> 270710.34
A117: TRAVEL IMPACTS
A118: Rail transit trips change | B118: =FT!F20+'Forest Glen'!F34+NC!F20+Rosslyn!F20+WH!F20+'A-N Drive'!F29+VRE!F17 -> 0 | C118: =FT!G20+'Forest Glen'!G34+NC!G20+Rosslyn!G20+WH!G20+'A-N Drive'!G29+VRE!G17 -> 144633.3 | D118: =FT!H20+'Forest Glen'!H34+NC!H20+Rosslyn!H20+WH!H20+'A-N Drive'!H29+VRE!H17 -> 296143.28 | E118: =FT!I20+'Forest Glen'!I34+NC!I20+Rosslyn!I20+WH!I20+'A-N Drive'!I29+VRE!I17 -> 298456.97 | F118: =FT!J20+'Forest Glen'!J34+NC!J20+Rosslyn!J20+WH!J20+'A-N Drive'!J29+VRE!J17 -> 355558.08 | G118: =FT!K20+'Forest Glen'!K34+NC!K20+Rosslyn!K20+WH!K20+'A-N Drive'!K29+VRE!K17 -> 378190.68 | H118: =FT!L20+'Forest Glen'!L34+NC!L20+Rosslyn!L20+WH!L20+'A-N Drive'!L29+VRE!L17 -> 381966.4 | I118: =FT!M20+'Forest Glen'!M34+NC!M20+Rosslyn!M20+WH!M20+'A-N Drive'!M29+VRE!M17 -> 355853.06 | ... Y118: =FT!AC20+'Forest Glen'!AC34+NC!AC20+Rosslyn!AC20+WH!AC20+'A-N Drive'!AC29+VRE!AC17 -> 463073.1
A119: Bus transit trips change | B119: =FT!F21+'Forest Glen'!F35+NC!F21+Rosslyn!F21+WH!F21+'A-N Drive'!F30+VRE!F18 -> 0 | C119: =FT!G21+'Forest Glen'!G35+NC!G21+Rosslyn!G21+WH!G21+'A-N Drive'!G30+VRE!G18 -> -47081.944 | D119: =FT!H21+'Forest Glen'!H35+NC!H21+Rosslyn!H21+WH!H21+'A-N Drive'!H30+VRE!H18 -> -69392.591 | E119: =FT!I21+'Forest Glen'!I35+NC!I21+Rosslyn!I21+WH!I21+'A-N Drive'!I30+VRE!I18 -> -70189.477 | F119: =FT!J21+'Forest Glen'!J35+NC!J21+Rosslyn!J21+WH!J21+'A-N Drive'!J30+VRE!J18 -> -74367.579 | G119: =FT!K21+'Forest Glen'!K35+NC!K21+Rosslyn!K21+WH!K21+'A-N Drive'!K30+VRE!K18 -> -76410.522 | H119: =FT!L21+'Forest Glen'!L35+NC!L21+Rosslyn!L21+WH!L21+'A-N Drive'!L30+VRE!L18 -> -77273.7 | I119: =FT!M21+'Forest Glen'!M35+NC!M21+Rosslyn!M21+WH!M21+'A-N Drive'!M30+VRE!M18 -> -78145.258 | ... Y119: =FT!AC21+'Forest Glen'!AC35+NC!AC21+Rosslyn!AC21+WH!AC21+'A-N Drive'!AC30+VRE!AC18 -> -91955.286
A120: Auto VT reduced | B120: =FT!F22+'Forest Glen'!F36+NC!F22+Rosslyn!F22+WH!F22+'A-N Drive'!F31+VRE!F19 -> 0 | C120: =FT!G22+'Forest Glen'!G36+NC!G22+Rosslyn!G22+WH!G22+'A-N Drive'!G31+VRE!G19 -> -89597.947 | D120: =FT!H22+'Forest Glen'!H36+NC!H22+Rosslyn!H22+WH!H22+'A-N Drive'!H31+VRE!H19 -> -166092.71 | E120: =FT!I22+'Forest Glen'!I36+NC!I22+Rosslyn!I22+WH!I22+'A-N Drive'!I31+VRE!I19 -> -167469.71 | F120: =FT!J22+'Forest Glen'!J36+NC!J22+Rosslyn!J22+WH!J22+'A-N Drive'!J31+VRE!J19 -> -203090.58 | G120: =FT!K22+'Forest Glen'!K36+NC!K22+Rosslyn!K22+WH!K22+'A-N Drive'!K31+VRE!K19 -> -217137.63 | H120: =FT!L22+'Forest Glen'!L36+NC!L22+Rosslyn!L22+WH!L22+'A-N Drive'!L31+VRE!L19 -> -219354.22 | I120: =FT!M22+'Forest Glen'!M36+NC!M22+Rosslyn!M22+WH!M22+'A-N Drive'!M31+VRE!M19 -> -206494.51 | ... Y120: =FT!AC22+'Forest Glen'!AC36+NC!AC22+Rosslyn!AC22+WH!AC22+'A-N Drive'!AC31+VRE!AC19 -> -265354.88
A121: Auto VMT reduced | B121: =FT!F23+'Forest Glen'!F37+NC!F23+Rosslyn!F23+WH!F23+'A-N Drive'!F32+VRE!F20 -> 0 | C121: =FT!G23+'Forest Glen'!G37+NC!G23+Rosslyn!G23+WH!G23+'A-N Drive'!G32+VRE!G20 -> -496429.15 | D121: =FT!H23+'Forest Glen'!H37+NC!H23+Rosslyn!H23+WH!H23+'A-N Drive'!H32+VRE!H20 -> -1023541.8 | E121: =FT!I23+'Forest Glen'!I37+NC!I23+Rosslyn!I23+WH!I23+'A-N Drive'!I32+VRE!I20 -> -1034699.7 | F121: =FT!J23+'Forest Glen'!J37+NC!J23+Rosslyn!J23+WH!J23+'A-N Drive'!J32+VRE!J20 -> -1236703.2 | G121: =FT!K23+'Forest Glen'!K37+NC!K23+Rosslyn!K23+WH!K23+'A-N Drive'!K32+VRE!K20 -> -1318707.2 | H121: =FT!L23+'Forest Glen'!L37+NC!L23+Rosslyn!L23+WH!L23+'A-N Drive'!L32+VRE!L20 -> -1335050.4 | I121: =FT!M23+'Forest Glen'!M37+NC!M23+Rosslyn!M23+WH!M23+'A-N Drive'!M32+VRE!M20 -> -1253449.6 | ... Y121: =FT!AC23+'Forest Glen'!AC37+NC!AC23+Rosslyn!AC23+WH!AC23+'A-N Drive'!AC32+VRE!AC20 -> -1675947.1
A122: Auto fuel savings | B122: =FT!F24+'Forest Glen'!F38+NC!F24+Rosslyn!F24+WH!F24+'A-N Drive'!F33+VRE!F21 -> 0 | C122: =FT!G24+'Forest Glen'!G38+NC!G24+Rosslyn!G24+WH!G24+'A-N Drive'!G33+VRE!G21 -> 87482.183 | D122: =FT!H24+'Forest Glen'!H38+NC!H24+Rosslyn!H24+WH!H24+'A-N Drive'!H33+VRE!H21 -> 176148.67 | E122: =FT!I24+'Forest Glen'!I38+NC!I24+Rosslyn!I24+WH!I24+'A-N Drive'!I33+VRE!I21 -> 174134.14 | F122: =FT!J24+'Forest Glen'!J38+NC!J24+Rosslyn!J24+WH!J24+'A-N Drive'!J33+VRE!J21 -> 202998.71 | G122: =FT!K24+'Forest Glen'!K38+NC!K24+Rosslyn!K24+WH!K24+'A-N Drive'!K33+VRE!K21 -> 211711.37 | H122: =FT!L24+'Forest Glen'!L38+NC!L24+Rosslyn!L24+WH!L24+'A-N Drive'!L33+VRE!L21 -> 209908.45 | I122: =FT!M24+'Forest Glen'!M38+NC!M24+Rosslyn!M24+WH!M24+'A-N Drive'!M33+VRE!M21 -> 193317.7 | ... Y122: =FT!AC24+'Forest Glen'!AC38+NC!AC24+Rosslyn!AC24+WH!AC24+'A-N Drive'!AC33+VRE!AC21 -> 252256.79
A123: SAFETY (Fatalities and Injuries)
A124: PEDESTRIAN | B124: =FT!F153+FT!F155+FT!F159+FT!F161+'Forest Glen'!F256+'Forest Glen'!F258+'Forest Glen'!F250+'Forest Glen'!F252+NC!F152+NC!F154+NC!F158+NC!F160+Rosslyn!F151+Rosslyn!F153+Rosslyn!F157+Rosslyn!F159+WH!F146+WH!F148+WH!F152+WH!F154+'A-N Drive'!F214+'A-N Drive'!F216+'A-N Drive'!F220+'A-N Drive'!F222 -> 0 | C124: =FT!G153+FT!G155+FT!G159+FT!G161+'Forest Glen'!G256+'Forest Glen'!G258+'Forest Glen'!G250+'Forest Glen'!G252+NC!G152+NC!G154+NC!G158+NC!G160+Rosslyn!G151+Rosslyn!G153+Rosslyn!G157+Rosslyn!G159+WH!G146+WH!G148+WH!G152+WH!G154+'A-N Drive'!G214+'A-N Drive'!G216+'A-N Drive'!G220+'A-N Drive'!G222 -> -0.58915275 | D124: =FT!H153+FT!H155+FT!H159+FT!H161+'Forest Glen'!H256+'Forest Glen'!H258+'Forest Glen'!H250+'Forest Glen'!H252+NC!H152+NC!H154+NC!H158+NC!H160+Rosslyn!H151+Rosslyn!H153+Rosslyn!H157+Rosslyn!H159+WH!H146+WH!H148+WH!H152+WH!H154+'A-N Drive'!H214+'A-N Drive'!H216+'A-N Drive'!H220+'A-N Drive'!H222 -> -2.8855275 | E124: =FT!I153+FT!I155+FT!I159+FT!I161+'Forest Glen'!I256+'Forest Glen'!I258+'Forest Glen'!I250+'Forest Glen'!I252+NC!I152+NC!I154+NC!I158+NC!I160+Rosslyn!I151+Rosslyn!I153+Rosslyn!I157+Rosslyn!I159+WH!I146+WH!I148+WH!I152+WH!I154+'A-N Drive'!I214+'A-N Drive'!I216+'A-N Drive'!I220+'A-N Drive'!I222 -> -2.8875636 | F124: =FT!J153+FT!J155+FT!J159+FT!J161+'Forest Glen'!J256+'Forest Glen'!J258+'Forest Glen'!J250+'Forest Glen'!J252+NC!J152+NC!J154+NC!J158+NC!J160+Rosslyn!J151+Rosslyn!J153+Rosslyn!J157+Rosslyn!J159+WH!J146+WH!J148+WH!J152+WH!J154+'A-N Drive'!J214+'A-N Drive'!J216+'A-N Drive'!J220+'A-N Drive'!J222 -> -3.5124315 | G124: =FT!K153+FT!K155+FT!K159+FT!K161+'Forest Glen'!K256+'Forest Glen'!K258+'Forest Glen'!K250+'Forest Glen'!K252+NC!K152+NC!K154+NC!K158+NC!K160+Rosslyn!K151+Rosslyn!K153+Rosslyn!K157+Rosslyn!K159+WH!K146+WH!K148+WH!K152+WH!K154+'A-N Drive'!K214+'A-N Drive'!K216+'A-N Drive'!K220+'A-N Drive'!K222 -> -3.7497323 | H124: =FT!L153+FT!L155+FT!L159+FT!L161+'Forest Glen'!L256+'Forest Glen'!L258+'Forest Glen'!L250+'Forest Glen'!L252+NC!L152+NC!L154+NC!L158+NC!L160+Rosslyn!L151+Rosslyn!L153+Rosslyn!L157+Rosslyn!L159+WH!L146+WH!L148+WH!L152+WH!L154+'A-N Drive'!L214+'A-N Drive'!L216+'A-N Drive'!L220+'A-N Drive'!L222 -> -3.7789451 | I124: =FT!M153+FT!M155+FT!M159+FT!M161+'Forest Glen'!M256+'Forest Glen'!M258+'Forest Glen'!M250+'Forest Glen'!M252+NC!M152+NC!M154+NC!M158+NC!M160+Rosslyn!M151+Rosslyn!M153+Rosslyn!M157+Rosslyn!M159+WH!M146+WH!M148+WH!M152+WH!M154+'A-N Drive'!M214+'A-N Drive'!M216+'A-N Drive'!M220+'A-N Drive'!M222 -> -2.959211 | ... Y124: =FT!AC153+FT!AC155+FT!AC159+FT!AC161+'Forest Glen'!AC256+'Forest Glen'!AC258+'Forest Glen'!AC250+'Forest Glen'!AC252+NC!AC152+NC!AC154+NC!AC158+NC!AC160+Rosslyn!AC151+Rosslyn!AC153+Rosslyn!AC157+Rosslyn!AC159+WH!AC146+WH!AC148+WH!AC152+WH!AC154+'A-N Drive'!AC214+'A-N Drive'!AC216+'A-N Drive'!AC220+'A-N Drive'!AC222 -> -4.4512613 | Z124: =SUM(B124:Y124) -> -86.579012
A125: BICYCLE | B125: =FT!F166+FT!F168+FT!F172+FT!F174+'Forest Glen'!F264+'Forest Glen'!F266+NC!F165+NC!F167+NC!F171+NC!F173+Rosslyn!F164+Rosslyn!F166+Rosslyn!F170+Rosslyn!F172+WH!F159+WH!F161+WH!F165+WH!F167+'A-N Drive'!F227+'A-N Drive'!F229+'A-N Drive'!F233+'A-N Drive'!F235+VRE!F105+VRE!F107+VRE!F111+VRE!F113 -> 0 | C125: =FT!G166+FT!G168+FT!G172+FT!G174+'Forest Glen'!G264+'Forest Glen'!G266+NC!G165+NC!G167+NC!G171+NC!G173+Rosslyn!G164+Rosslyn!G166+Rosslyn!G170+Rosslyn!G172+WH!G159+WH!G161+WH!G165+WH!G167+'A-N Drive'!G227+'A-N Drive'!G229+'A-N Drive'!G233+'A-N Drive'!G235+VRE!G105+VRE!G107+VRE!G111+VRE!G113 -> -0.14530824 | D125: =FT!H166+FT!H168+FT!H172+FT!H174+'Forest Glen'!H264+'Forest Glen'!H266+NC!H165+NC!H167+NC!H171+NC!H173+Rosslyn!H164+Rosslyn!H166+Rosslyn!H170+Rosslyn!H172+WH!H159+WH!H161+WH!H165+WH!H167+'A-N Drive'!H227+'A-N Drive'!H229+'A-N Drive'!H233+'A-N Drive'!H235+VRE!H105+VRE!H107+VRE!H111+VRE!H113 -> -1.1622384 | E125: =FT!I166+FT!I168+FT!I172+FT!I174+'Forest Glen'!I264+'Forest Glen'!I266+NC!I165+NC!I167+NC!I171+NC!I173+Rosslyn!I164+Rosslyn!I166+Rosslyn!I170+Rosslyn!I172+WH!I159+WH!I161+WH!I165+WH!I167+'A-N Drive'!I227+'A-N Drive'!I229+'A-N Drive'!I233+'A-N Drive'!I235+VRE!I105+VRE!I107+VRE!I111+VRE!I113 -> -1.1799113 | F125: =FT!J166+FT!J168+FT!J172+FT!J174+'Forest Glen'!J264+'Forest Glen'!J266+NC!J165+NC!J167+NC!J171+NC!J173+Rosslyn!J164+Rosslyn!J166+Rosslyn!J170+Rosslyn!J172+WH!J159+WH!J161+WH!J165+WH!J167+'A-N Drive'!J227+'A-N Drive'!J229+'A-N Drive'!J233+'A-N Drive'!J235+VRE!J105+VRE!J107+VRE!J111+VRE!J113 -> -0.62186151 | G125: =FT!K166+FT!K168+FT!K172+FT!K174+'Forest Glen'!K264+'Forest Glen'!K266+NC!K165+NC!K167+NC!K171+NC!K173+Rosslyn!K164+Rosslyn!K166+Rosslyn!K170+Rosslyn!K172+WH!K159+WH!K161+WH!K165+WH!K167+'A-N Drive'!K227+'A-N Drive'!K229+'A-N Drive'!K233+'A-N Drive'!K235+VRE!K105+VRE!K107+VRE!K111+VRE!K113 -> -0.42919589 | H125: =FT!L166+FT!L168+FT!L172+FT!L174+'Forest Glen'!L264+'Forest Glen'!L266+NC!L165+NC!L167+NC!L171+NC!L173+Rosslyn!L164+Rosslyn!L166+Rosslyn!L170+Rosslyn!L172+WH!L159+WH!L161+WH!L165+WH!L167+'A-N Drive'!L227+'A-N Drive'!L229+'A-N Drive'!L233+'A-N Drive'!L235+VRE!L105+VRE!L107+VRE!L111+VRE!L113 -> -0.4390272 | I125: =FT!M166+FT!M168+FT!M172+FT!M174+'Forest Glen'!M264+'Forest Glen'!M266+NC!M165+NC!M167+NC!M171+NC!M173+Rosslyn!M164+Rosslyn!M166+Rosslyn!M170+Rosslyn!M172+WH!M159+WH!M161+WH!M165+WH!M167+'A-N Drive'!M227+'A-N Drive'!M229+'A-N Drive'!M233+'A-N Drive'!M235+VRE!M105+VRE!M107+VRE!M111+VRE!M113 -> -0.45377157 | ... Y125: =FT!AC166+FT!AC168+FT!AC172+FT!AC174+'Forest Glen'!AC264+'Forest Glen'!AC266+NC!AC165+NC!AC167+NC!AC171+NC!AC173+Rosslyn!AC164+Rosslyn!AC166+Rosslyn!AC170+Rosslyn!AC172+WH!AC159+WH!AC161+WH!AC165+WH!AC167+'A-N Drive'!AC227+'A-N Drive'!AC229+'A-N Drive'!AC233+'A-N Drive'!AC235+VRE!AC105+VRE!AC107+VRE!AC111+VRE!AC113 -> -0.84291146 | Z125: =SUM(B125:Y125) -> -14.620875
A126: AUTOMOBILE (not including property damage accidents) | B126: =FT!F178+FT!F180+'Forest Glen'!F276+'Forest Glen'!F278+NC!F177+NC!F179+Rosslyn!F176+Rosslyn!F178+WH!F171+WH!F173+'A-N Drive'!F239+'A-N Drive'!F241+VRE!F117+VRE!F119 -> 0 | C126: =FT!G178+FT!G180+'Forest Glen'!G276+'Forest Glen'!G278+NC!G177+NC!G179+Rosslyn!G176+Rosslyn!G178+WH!G171+WH!G173+'A-N Drive'!G239+'A-N Drive'!G241+VRE!G117+VRE!G119 -> -0.40810398 | D126: =FT!H178+FT!H180+'Forest Glen'!H276+'Forest Glen'!H278+NC!H177+NC!H179+Rosslyn!H176+Rosslyn!H178+WH!H171+WH!H173+'A-N Drive'!H239+'A-N Drive'!H241+VRE!H117+VRE!H119 -> -0.84143221 | E126: =FT!I178+FT!I180+'Forest Glen'!I276+'Forest Glen'!I278+NC!I177+NC!I179+Rosslyn!I176+Rosslyn!I178+WH!I171+WH!I173+'A-N Drive'!I239+'A-N Drive'!I241+VRE!I117+VRE!I119 -> -0.8506049 | F126: =FT!J178+FT!J180+'Forest Glen'!J276+'Forest Glen'!J278+NC!J177+NC!J179+Rosslyn!J176+Rosslyn!J178+WH!J171+WH!J173+'A-N Drive'!J239+'A-N Drive'!J241+VRE!J117+VRE!J119 -> -1.0166677 | G126: =FT!K178+FT!K180+'Forest Glen'!K276+'Forest Glen'!K278+NC!K177+NC!K179+Rosslyn!K176+Rosslyn!K178+WH!K171+WH!K173+'A-N Drive'!K239+'A-N Drive'!K241+VRE!K117+VRE!K119 -> -1.0840815 | H126: =FT!L178+FT!L180+'Forest Glen'!L276+'Forest Glen'!L278+NC!L177+NC!L179+Rosslyn!L176+Rosslyn!L178+WH!L171+WH!L173+'A-N Drive'!L239+'A-N Drive'!L241+VRE!L117+VRE!L119 -> -1.0975169 | I126: =FT!M178+FT!M180+'Forest Glen'!M276+'Forest Glen'!M278+NC!M177+NC!M179+Rosslyn!M176+Rosslyn!M178+WH!M171+WH!M173+'A-N Drive'!M239+'A-N Drive'!M241+VRE!M117+VRE!M119 -> -1.0304345 | ... Y126: =FT!AC178+FT!AC180+'Forest Glen'!AC276+'Forest Glen'!AC278+NC!AC177+NC!AC179+Rosslyn!AC176+Rosslyn!AC178+WH!AC171+WH!AC173+'A-N Drive'!AC239+'A-N Drive'!AC241+VRE!AC117+VRE!AC119 -> -1.3777609 | Z126: =SUM(B126:Y126) -> -26.260885

Sheet FT
F1: 2013 | G1: 2014 | H1: 2015 | I1: 2016 | J1: 2017 | K1: 2018 | L1: 2019 | M1: 2020 | N1: 2021 | O1: 2022 | P1: 2023 | Q1: 2024 | R1: 2025 | S1: 2026 | T1: 2027 | U1: 2028 | V1: 2029 | W1: 2030 | X1: 2031 | Y1: 2032 | Z1: 2033 | AA1: 2034 | AB1: 2035 | AC1: 2036
D2: Factor | E2: Total | F2: Year 1 | G2: Year 2 | H2: Year 3 | I2: Year 4 | J2: Year 5 | K2: Year 6 | L2: Year 7 | M2: Year 8 | N2: Year 9 | O2: Year 10 | P2: Year 11 | Q2: Year 12 | R2: Year 13 | S2: Year 14 | T2: Year 15 | U2: Year 16 | V2: Year 17 | W2: Year 18 | X2: Year 19 | Y2: Year 20 | Z2: Year 21 | AA2: Year 22 | AB2: Year 23 | AC2: Year 24
A5: Project Costs | C5: O & M
C6: Construction | G6: -1733836.5 | H6: -2437213.5
A8: Users
B9: PEDESTRIAN
B10: Local | C10: Current User | F10: ='FT Users'!C5 -> 0 | G10: ='FT Users'!D5 -> 375391.08 | H10: ='FT Users'!E5 -> 758594.86 | I10: ='FT Users'!F5 -> 766407.57 | J10: ='FT Users'!G5 -> 774220.28 | K10: ='FT Users'!H5 -> 782032.98 | L10: ='FT Users'!I5 -> 789845.69 | M10: ='FT Users'!J5 -> 797658.39 | ... AC10: ='FT Users'!Z5 -> 836978.85 | AD10: =SUM(F10:AC10) -> 18138675
B11: Commute | C11: Trip shifted from auto to transit+ped | F11: ='FT Users'!C6 -> 0 | G11: ='FT Users'!D6 -> 15015.643 | H11: ='FT Users'!E6 -> 30343.795 | I11: ='FT Users'!F6 -> 30656.303 | J11: ='FT Users'!G6 -> 30968.811 | K11: ='FT Users'!H6 -> 31281.319 | L11: ='FT Users'!I6 -> 31593.827 | M11: ='FT Users'!J6 -> 31906.336 | ... AC11: ='FT Users'!Z6 -> 33479.154 | AD11: =SUM(F11:AC11) -> 725547.02
C12: Trips not taken before (none to transit+ped) | F12: ='FT Users'!C7 -> 0 | G12: ='FT Users'!D7 -> 11261.732 | H12: ='FT Users'!E7 -> 22757.846 | I12: ='FT Users'!F7 -> 22992.227 | J12: ='FT Users'!G7 -> 23226.608 | K12: ='FT Users'!H7 -> 23460.989 | L12: ='FT Users'!I7 -> 23695.371 | M12: ='FT Users'!J7 -> 23929.752 | ... AC12: ='FT Users'!Z7 -> 25109.366 | AD12: =SUM(F12:AC12) -> 544160.26
B14: BICYCLE
B15: Local | C15: Current User | F15: ='FT Users'!C11 -> 0 | G15: ='FT Users'!D11 -> 2319.072 | H15: ='FT Users'!E11 -> 5272.6421 | I15: ='FT Users'!F11 -> 5993.9395 | J15: ='FT Users'!G11 -> 6813.9105 | K15: ='FT Users'!H11 -> 7746.0534 | L15: ='FT Users'!I11 -> 8805.7135 | M15: ='FT Users'!J11 -> 10010.335 | ... AC15: ='FT Users'!Z11 -> 77874.21 | AD15: =SUM(F15:AC15) -> 610906.5
B16: Commute | C16: Trip shifted from auto to transit+bike | F16: ='FT Users'!C12 -> 0 | G16: ='FT Users'!D12 -> 92.76288 | H16: ='FT Users'!E12 -> 210.90568 | I16: ='FT Users'!F12 -> 239.75758 | J16: ='FT Users'!G12 -> 272.55642 | K16: ='FT Users'!H12 -> 309.84214 | L16: ='FT Users'!I12 -> 352.22854 | M16: ='FT Users'!J12 -> 400.41341 | ... AC16: ='FT Users'!Z12 -> 3114.9684 | AD16: =SUM(F16:AC16) -> 24436.26
C17: Trips not taken before (none to transit+bike) | F17: ='FT Users'!C13 -> 0 | G17: ='FT Users'!D13 -> 69.57216 | H17: ='FT Users'!E13 -> 158.17926 | I17: ='FT Users'!F13 -> 179.81819 | J17: ='FT Users'!G13 -> 204.41731 | K17: ='FT Users'!H13 -> 232.3816 | L17: ='FT Users'!I13 -> 264.17141 | M17: ='FT Users'!J13 -> 300.31005 | ... AC17: ='FT Users'!Z13 -> 2336.2263 | AD17: =SUM(F17:AC17) -> 18327.195 | AG17: Comp. Grpah
AG18: =AD45+AD57+AD64 -> 7129473.2
C19: TRAVEL IMPACTS | AG19: =+#REF!+#REF!+#REF!+AD169+AD167 -> #REF!
C20: Rail transit trips change | F20: ='FT Users'!C24 -> 0 | G20: ='FT Users'!D24 -> 26439.711 | H20: ='FT Users'!E24 -> 53470.725 | I20: ='FT Users'!F24 -> 54068.106 | J20: ='FT Users'!G24 -> 54672.393 | K20: ='FT Users'!H24 -> 55284.532 | L20: ='FT Users'!I24 -> 55905.598 | M20: ='FT Users'!J24 -> 56536.811 | ... AC20: ='FT Users'!Z24 -> 64039.714 | AD20: =SUM(F20:AC20) -> 1312470.7
C21: Bus transit trips change | F21: ='FT Users'!C25 -> 0 | G21: ='FT Users'!D25 -> -13209.684 | H21: ='FT Users'!E25 -> -26714.792 | I21: ='FT Users'!F25 -> -27013.252 | J21: ='FT Users'!G25 -> -27315.163 | K21: ='FT Users'!H25 -> -27620.998 | L21: ='FT Users'!I25 -> -27931.291 | M21: ='FT Users'!J25 -> -28246.655 | ... AC21: ='FT Users'!Z25 -> -31995.22 | AD21: =SUM(F21:AC21) -> -655730.44
C22: Auto VT reduced | F22: ='FT Users'!C26 -> 0 | G22: ='FT Users'!D26 -> -15108.406 | H22: ='FT Users'!E26 -> -30554.7 | I22: ='FT Users'!F26 -> -30896.06 | J22: ='FT Users'!G26 -> -31241.367 | K22: ='FT Users'!H26 -> -31591.161 | L22: ='FT Users'!I26 -> -31946.056 | M22: ='FT Users'!J26 -> -32306.749 | ... AC22: ='FT Users'!Z26 -> -36594.123 | AD22: =SUM(F22:AC22) -> -749983.28
C23: Auto VMT reduced | F23: ='FT Users'!C27 -> 0 | G23: ='FT Users'!D27 -> -98204.639 | H23: ='FT Users'!E27 -> -198605.55 | I23: ='FT Users'!F27 -> -200824.39 | J23: ='FT Users'!G27 -> -203068.89 | K23: ='FT Users'!H27 -> -205342.55 | L23: ='FT Users'!I27 -> -207649.36 | M23: ='FT Users'!J27 -> -209993.87 | ... AC23: ='FT Users'!Z27 -> -237861.8 | AD23: =SUM(F23:AC23) -> -4874891.3
C24: Auto fuel savings | F24: ='FT Users'!C28 -> 0 | G24: ='FT Users'!D28 -> 17305.906 | H24: ='FT Users'!E28 -> 34210.076 | I24: ='FT Users'!F28 -> 33829.85 | J24: ='FT Users'!G28 -> 33470.252 | K24: ='FT Users'!H28 -> 33130.541 | L24: ='FT Users'!I28 -> 32810.116 | M24: ='FT Users'!J28 -> 32508.505 | ... AC24: ='FT Users'!Z28 -> 35807.057 | AD24: =SUM(F24:AC24) -> 753925.31
A26: Non-Users
B27: ROAD
B28: Construction Impact | C28: Current User | F28: ='FT Users'!C17 -> 0 | G28: ='FT Users'!D17 -> 3173952.8 | H28: ='FT Users'!E17 -> 0 | I28: ='FT Users'!F17 -> 0 | J28: ='FT Users'!G17 -> 0 | K28: ='FT Users'!H17 -> 0 | L28: ='FT Users'!I17 -> 0 | M28: ='FT Users'!J17 -> 0 | ... AC28: ='FT Users'!Z17 -> 0 | AD28: =SUM(F28:AC28) -> 3173952.8
B29: Long-Term Impact | C29: Reduced Users | F29: ='FT Users'!C19 -> 0 | G29: ='FT Users'!D19 -> -7554.203 | H29: ='FT Users'!E19 -> -15277.35 | I29: ='FT Users'!F19 -> -15448.03 | J29: ='FT Users'!G19 -> -15620.684 | K29: ='FT Users'!H19 -> -15795.581 | L29: ='FT Users'!I19 -> -15973.028 | M29: ='FT Users'!J19 -> -16153.375 | ... AC29: ='FT Users'!Z19 -> -18297.061 | AD29: =SUM(F29:AC29) -> -374991.64
C30: Total Users | F30: ='FT Users'!C20 -> 0 | G30: ='FT Users'!D20 -> 0 | H30: ='FT Users'!E20 -> 3191703.9 | I30: ='FT Users'!F20 -> 3224561.6 | J30: ='FT Users'!G20 -> 3257417.4 | K30: ='FT Users'!H20 -> 3290270.9 | L30: ='FT Users'!I20 -> 3323121.9 | M30: ='FT Users'!J20 -> 3355970 | ... AC30: ='FT Users'!Z20 -> 3520054.7 | AD30: =SUM(F30:AC30) -> 74727349
A33: STATE OF GOOD REPAIR
C34: New Construction for this project
A38: ECONOMIC COMPETITIVENESS
B40: PEDESTRIAN
B41: Local | C41: Current User
C42: TRAVEL TIME COST/SAVINGS
C43: Travel time savings (hour) | D43: =50/3600 -> 0.013888889
C44: Value of time, ped, $/hour | D44: 26.21
C45: Total time cost/savings | F45: 0 | G45: =$D$44*$D$43*G10 -> 136652.78 | H45: =$D$44*$D$43*H10 -> 276149.6 | I45: =$D$44*$D$43*I10 -> 278993.64 | J45: =$D$44*$D$43*J10 -> 281837.69 | K45: =$D$44*$D$43*K10 -> 284681.73 | L45: =$D$44*$D$43*L10 -> 287525.77 | M45: =$D$44*$D$43*M10 -> 290369.81 | N45: =$D$44*$D$43*N10 -> 291254.26 | ... AC45: =$D$44*$D$43*AC10 -> 304683.55 | AD45: =SUM(F45:AC45) -> 6602981.7
B47: Commute | C47: Mode shift (auto to transit+ped) | F47: =F11 -> 0 | G47: =G11 -> 15015.643 | H47: =H11 -> 30343.795 | I47: =I11 -> 30656.303 | J47: =J11 -> 30968.811 | K47: =K11 -> 31281.319 | L47: =L11 -> 31593.827 | M47: =M11 -> 31906.336 | ... AC47: =AC11 -> 33479.154 | AD47: =SUM(F47:AC47) -> 725547.02
C48: TRAVEL TIME COST/SAVINGS
C49: travel time, auto | D49: varies | F49: ='Mode Operating Assumptions'!D29 -> 0.3910028 | G49: ='Mode Operating Assumptions'!E29 -> 0.39205715 | H49: ='Mode Operating Assumptions'!F29 -> 0.39311875 | I49: ='Mode Operating Assumptions'!G29 -> 0.39418767 | J49: ='Mode Operating Assumptions'!H29 -> 0.395264 | K49: ='Mode Operating Assumptions'!I29 -> 0.39634781 | L49: ='Mode Operating Assumptions'!J29 -> 0.39743917 | M49: ='Mode Operating Assumptions'!K29 -> 0.39853817 | ... AC49: ='Mode Operating Assumptions'!AA29 -> 0.41723012 | AD49: =SUM(F49:AC49) -> 9.6905878
C50: travel time, transit | D50: ='Mode Operating Assumptions'!C150 -> 0.38127572
C51: travel time, ped | D51: ='Mode Operating Assumptions'!C52 -> 0.234375
C52: Value of time, auto, $/hour | D52: ='Price Assumptions'!B3 -> 12.5
C53: Value of time, transit, $/hour | D53: ='Price Assumptions'!B5 -> 12.5
C54: Value of time, ped, $/hour | D54: ='Price Assumptions'!B7 -> 23.9
C55: Time cost/savings, auto to transit+ped, hours/day | F55: =+(F49*$D$52)-($D$50*$D$53)-($D$51*$D$54) -> -5.479974 | G55: =+(G49*$D$52)-($D$50*$D$53)-($D$51*$D$54) -> -5.4667946 | H55: =+(H49*$D$52)-($D$50*$D$53)-($D$51*$D$54) -> -5.4535246 | I55: =+(I49*$D$52)-($D$50*$D$53)-($D$51*$D$54) -> -5.4401631 | J55: =+(J49*$D$52)-($D$50*$D$53)-($D$51*$D$54) -> -5.426709 | K55: =+(K49*$D$52)-($D$50*$D$53)-($D$51*$D$54) -> -5.4131614 | L55: =+(L49*$D$52)-($D$50*$D$53)-($D$51*$D$54) -> -5.3995193 | M55: =+(M49*$D$52)-($D$50*$D$53)-($D$51*$D$54) -> -5.3857818 | ... AC55: =+(AC49*$D$52)-($D$50*$D$53)-($D$51*$D$54) -> -5.1521324 | AD55: =SUM(F55:AC55) -> -127.68787
F56: =F55*F47 -> 0 | G56: =G55*G47 -> -82087.438 | H56: =H55*H47 -> -165480.63 | I56: =I55*I47 -> -166775.29 | J56: =J55*J47 -> -168058.72 | K56: =K55*K47 -> -169330.83 | L56: =L55*L47 -> -170591.48 | M56: =M55*M47 -> -171840.56 | ... AC56: =AC55*AC47 -> -172489.04 | AD56: =SUM(F56:AC56) -> -3850800.9
C57: Total time cost/savings | F57: =F56 -> 0 | G57: =G56 -> -82087.438 | H57: =H56 -> -165480.63 | I57: =I56 -> -166775.29 | J57: =J56 -> -168058.72 | K57: =K56 -> -169330.83 | L57: =L56 -> -170591.48 | M57: =M56 -> -171840.56 | ... AC57: =AC56 -> -172489.04 | AD57: =SUM(F57:AC57) -> -3850800.9
C59: USER COST/SAVINGS
C60: Auto costs/savings, $/trip | D60: ='Mode Operating Assumptions'!C33 -> 8.1905
C61: Transit costs, $/trip | D61: ='Mode Operating Assumptions'!C153 -> 2.1074073
C62: Ped costs/savings, $/trip | D62: 0.05
C63: User cost/savings, auto to transit+ped, $/trip | D63: =+D60-D61-D62 -> 6.0330927 | F63: =$D63*F47 -> 0 | G63: =$D63*G47 -> 90590.768 | H63: =$D63*H47 -> 183066.93 | I63: =$D63*I47 -> 184952.32 | J63: =$D63*J47 -> 186837.71 | K63: =$D63*K47 -> 188723.1 | L63: =$D63*L47 -> 190608.49 | M63: =$D63*M47 -> 192493.88 | ... AC63: =$D63*AC47 -> 201982.84 | AD63: =SUM(F63:AC63) -> 4377292.4
C64: Total user cost/savings | F64: =F63 -> 0 | G64: =G63 -> 90590.768 | H64: =H63 -> 183066.93 | I64: =I63 -> 184952.32 | J64: =J63 -> 186837.71 | K64: =K63 -> 188723.1 | L64: =L63 -> 190608.49 | M64: =M63 -> 192493.88 | ... AC64: =AC63 -> 201982.84 | AD64: =SUM(F64:AC64) -> 4377292.4
B66: BICYCLE
B67: Local | C67: Current User
C68: TRAVEL TIME COST/SAVINGS
C69: Travel time savings (hours) | D69: =20/3600 -> 0.0055555556
C70: Value of time, bike, $/hour | D70: ='Price Assumptions'!$B$3 -> 12.5
C71: Total time cost/savings | F71: =($D$69)*$D$70*F15 -> 0 | G71: =($D$69)*$D$70*G15 -> 161.04667 | H71: =($D$69)*$D$70*H15 -> 366.1557 | I71: =($D$69)*$D$70*I15 -> 416.2458 | J71: =($D$69)*$D$70*J15 -> 473.18823 | K71: =($D$69)*$D$70*K15 -> 537.92038 | L71: =($D$69)*$D$70*L15 -> 611.50788 | M71: =($D$69)*$D$70*M15 -> 695.16216 | ... AC71: =($D$69)*$D$70*AC15 -> 5407.9313 | AD71: =SUM(F71:AC71) -> 42424.063
B74: Commute | C74: Mode shift (auto to transit+bike) | F74: =F16 -> 0 | G74: =G16 -> 92.76288 | H74: =H16 -> 210.90568 | I74: =I16 -> 239.75758 | J74: =J16 -> 272.55642 | K74: =K16 -> 309.84214 | L74: =L16 -> 352.22854 | M74: =M16 -> 400.41341 | ... AC74: =AC16 -> 3114.9684 | AD74: =SUM(F74:AC74) -> 24436.26
C75: TRAVEL TIME COST/SAVINGS
C76: travel time, auto | D76: varies | F76: =F49 -> 0.3910028 | G76: =G49 -> 0.39205715 | H76: =H49 -> 0.39311875 | I76: =I49 -> 0.39418767 | J76: =J49 -> 0.395264 | K76: =K49 -> 0.39634781 | L76: =L49 -> 0.39743917 | M76: =M49 -> 0.39853817 | ... AC76: =AC49 -> 0.41723012 | AD76: =SUM(F76:AC76) -> 9.6905878
C77: travel time, transit | D77: =D50 -> 0.38127572
C78: travel time, bike | D78: ='Mode Operating Assumptions'!C102 -> 0.179
C79: Value of time, auto, $/hour | D79: =D52 -> 12.5
C80: Value of time, transit, $/hour | D80: =D53 -> 12.5
C81: Value of time, bike, $/hour | D81: ='Mode Operating Assumptions'!C103 -> 12.5
C82: Time cost/savings, auto to transit+bike, hours/day | F82: =+(F76*$D$79)-($D$77*$D$80)-($D$78*$D$81) -> -2.1159115 | G82: =+(G76*$D$79)-($D$77*$D$80)-($D$78*$D$81) -> -2.1027321 | H82: =+(H76*$D$79)-($D$77*$D$80)-($D$78*$D$81) -> -2.0894621 | I82: =+(I76*$D$79)-($D$77*$D$80)-($D$78*$D$81) -> -2.0761006 | J82: =+(J76*$D$79)-($D$77*$D$80)-($D$78*$D$81) -> -2.0626465 | K82: =+(K76*$D$79)-($D$77*$D$80)-($D$78*$D$81) -> -2.0490989 | L82: =+(L76*$D$79)-($D$77*$D$80)-($D$78*$D$81) -> -2.0354568 | M82: =+(M76*$D$79)-($D$77*$D$80)-($D$78*$D$81) -> -2.0217193 | ... AC82: =+(AC76*$D$79)-($D$77*$D$80)-($D$78*$D$81) -> -1.7880699 | AD82: =SUM(F82:AC82) -> -46.950367
F83: =F82*F74 -> 0 | G83: =G82*G74 -> -195.05549 | H83: =H82*H74 -> -440.67944 | I83: =I82*I74 -> -497.76085 | J83: =J82*J74 -> -562.18754 | K83: =K82*K74 -> -634.89718 | L83: =L82*L74 -> -716.94599 | M83: =M82*M74 -> -809.52351 | ... AC83: =AC82*AC74 -> -5569.7814 | AD83: =SUM(F83:AC83) -> -45866.973
C84: Total time cost/savings | F84: =F83 -> 0 | G84: =G83 -> -195.05549 | H84: =H83 -> -440.67944 | I84: =I83 -> -497.76085 | J84: =J83 -> -562.18754 | K84: =K83 -> -634.89718 | L84: =L83 -> -716.94599 | M84: =M83 -> -809.52351 | ... AC84: =AC83 -> -5569.7814 | AD84: =SUM(F84:AC84) -> -45866.973
C86: USER COST/SAVINGS
C87: Auto costs, $/day | D87: =D60 -> 8.1905
C88: Transit costs, $/day | D88: =D61 -> 2.1074073
C89: Bicycle costs, $/day | D89: 0.1
C90: User cost/savings, auto to transit+bike, $/day | D90: =+D87-D88-D89 -> 5.9830927 | F90: =$D90*F74 -> 0 | G90: =$D90*G74 -> 555.00891 | H90: =$D90*H74 -> 1261.8683 | I90: =$D90*I74 -> 1434.4918 | J90: =$D90*J74 -> 1630.7303 | K90: =$D90*K74 -> 1853.8142 | L90: =$D90*L74 -> 2107.416 | M90: =$D90*M74 -> 2395.7105 | ... AC90: =$D90*AC74 -> 18637.145 | AD90: =SUM(F90:AC90) -> 146204.41
C91: Total user cost/savings | F91: =F90 -> 0 | G91: =G90 -> 555.00891 | H91: =H90 -> 1261.8683 | I91: =I90 -> 1434.4918 | J91: =J90 -> 1630.7303 | K91: =K90 -> 1853.8142 | L91: =L90 -> 2107.416 | M91: =M90 -> 2395.7105 | ... AC91: =AC90 -> 18637.145 | AD91: =SUM(F91:AC91) -> 146204.41
C94: INCREASED ACCESS BENEFITS
C95: Consumer Surplus | D95: 0.5
B97: PEDESTRIAN | C97: Trips not taken before (none to transit+ped) | F97: =F12 -> 0 | G97: =G12 -> 11261.732 | H97: =H12 -> 22757.846 | I97: =I12 -> 22992.227 | J97: =J12 -> 23226.608 | K97: =K12 -> 23460.989 | L97: =L12 -> 23695.371 | M97: =M12 -> 23929.752 | ... AC97: =AC12 -> 25109.366 | AD97: =SUM(F97:AC97) -> 544160.26
C98: Time cost/savings, no trip taken to transit+ped, hours/day | F98: =$D$95*F55 -> -2.739987 | G98: =$D$95*G55 -> -2.7333973 | H98: =$D$95*H55 -> -2.7267623 | I98: =$D$95*I55 -> -2.7200815 | J98: =$D$95*J55 -> -2.7133545 | K98: =$D$95*K55 -> -2.7065807 | L98: =$D$95*L55 -> -2.6997597 | M98: =$D$95*M55 -> -2.6928909 | ... AC98: =$D$95*AC55 -> -2.5760662 | AD98: =SUM(F98:AC98) -> -63.843934
C99: Total | F99: =F98*F97 -> 0 | G99: =G98*G97 -> -30782.789 | H99: =H98*H97 -> -62055.237 | I99: =I98*I97 -> -62540.732 | J99: =J98*J97 -> -63022.022 | K99: =K98*K97 -> -63499.061 | L99: =L98*L97 -> -63971.806 | M99: =M98*M97 -> -64440.211 | ... AC99: =AC98*AC97 -> -64683.388 | AD99: =SUM(F99:AC99) -> -1444050.3
C100: User cost/savings, no trip taken to transit+ped, $/trip | D100: =$D$95*(D63) -> 3.0165464 | F100: =$D100*F97 -> 0 | G100: =$D100*G97 -> 33971.538 | H100: =$D100*H97 -> 68650.097 | I100: =$D100*I97 -> 69357.119 | J100: =$D100*J97 -> 70064.141 | K100: =$D100*K97 -> 70771.162 | L100: =$D100*L97 -> 71478.184 | M100: =$D100*M97 -> 72185.206 | ... AC100: =$D100*AC97 -> 75743.565 | AD100: =SUM(F100:AC100) -> 1641484.7
B102: BICYCLE
C103: Trips not taken before (none to transit+bike) | F103: =F17 -> 0 | G103: =G17 -> 69.57216 | H103: =H17 -> 158.17926 | I103: =I17 -> 179.81819 | J103: =J17 -> 204.41731 | K103: =K17 -> 232.3816 | L103: =L17 -> 264.17141 | M103: =M17 -> 300.31005 | ... AC103: =AC17 -> 2336.2263 | AD103: =SUM(F103:AC103) -> 18327.195
C104: Time cost/savings, no trip taken to transit+bike, hours/day | F104: =F82*$D$95 -> -1.0579557 | G104: =G82*$D$95 -> -1.0513661 | H104: =H82*$D$95 -> -1.0447311 | I104: =I82*$D$95 -> -1.0380503 | J104: =J82*$D$95 -> -1.0313232 | K104: =K82*$D$95 -> -1.0245494 | L104: =L82*$D$95 -> -1.0177284 | M104: =M82*$D$95 -> -1.0108597 | ... AC104: =AC82*$D$95 -> -0.89403497 | AD104: =SUM(F104:AC104) -> -23.475184
C105: Total | F105: =F104*F103 -> 0 | G105: =G104*G103 -> -73.145808 | H105: =H104*H103 -> -165.25479 | I105: =I104*I103 -> -186.66032 | J105: =J104*J103 -> -210.82033 | K105: =K104*K103 -> -238.08644 | L105: =L104*L103 -> -268.85475 | M105: =M104*M103 -> -303.57132 | ... AC105: =AC104*AC103 -> -2088.668 | AD105: =SUM(F105:AC105) -> -17200.115
C106: User cost/savings, no trip taken to transit+bike, hours/day | D106: =D90 -> 5.9830927 | F106: =$D106*F103 -> 0 | G106: =$D106*G103 -> 416.25668 | H106: =$D106*H103 -> 946.4012 | I106: =$D106*I103 -> 1075.8689 | J106: =$D106*J103 -> 1223.0477 | K106: =$D106*K103 -> 1390.3607 | L106: =$D106*L103 -> 1580.562 | M106: =$D106*M103 -> 1796.7829 | ... AC106: =$D106*AC103 -> 13977.859 | AD106: =SUM(F106:AC106) -> 109653.31
A108: LIVABILITY
C109: Total Accessibility Benefits | F109: =F99+F100+F105+F106 -> 0 | G109: =G99+G100+G105+G106 -> 3531.8596 | H109: =H99+H100+H105+H106 -> 7376.007 | I109: =I99+I100+I105+I106 -> 7705.5951 | J109: =J99+J100+J105+J106 -> 8054.3463 | K109: =K99+K100+K105+K106 -> 8424.3755 | L109: =L99+L100+L105+L106 -> 8818.0854 | M109: =M99+M100+M105+M106 -> 9238.2063 | ... AC109: =AC99+AC100+AC105+AC106 -> 22949.368 | AD109: =SUM(F109:AC109) -> 289887.51
B111: CONGESTION
B112: Long-Term | C112: Cost savings per Vehicle mile not traveled | D112: 0.054
C113: Reduced VMT | F113: =-F23*$D$112 -> 0 | G113: =-G23*$D$112 -> 5303.0505 | H113: =-H23*$D$112 -> 10724.7 | I113: =-I23*$D$112 -> 10844.517 | J113: =-J23*$D$112 -> 10965.72 | K113: =-K23*$D$112 -> 11088.498 | L113: =-L23*$D$112 -> 11213.066 | M113: =-M23*$D$112 -> 11339.669 | ... AC113: =-AC23*$D$112 -> 12844.537 | AD113: =SUM(F113:AC113) -> 263244.13
C114: Reduced signal delay (sec) | D114: 3.2
C115: Value of time, auto, $/hour | D115: ='Price Assumptions'!B3 -> 12.5
C116: Intersection Delay time | F116: =($D$114/3600)*$D$115*F30 -> 0 | G116: =($D$114/3600)*$D$115*G30 -> 0 | H116: =($D$114/3600)*$D$115*H30 -> 35463.376 | I116: =($D$114/3600)*$D$115*I30 -> 35828.463 | J116: =($D$114/3600)*$D$115*J30 -> 36193.527 | K116: =($D$114/3600)*$D$115*K30 -> 36558.566 | L116: =($D$114/3600)*$D$115*L30 -> 36923.577 | M116: =($D$114/3600)*$D$115*M30 -> 37288.556 | ... AC116: =($D$114/3600)*$D$115*AC30 -> 39111.719 | AD116: =SUM(F116:AC116) -> 830303.88
B117: Construction | C117: Increased delay time(sec) | D117: 2
C118: Value of time, auto, $/hour | D118: =D115 -> 12.5
C119: Cost of crossing under-construction intersection | D119: ='Mode Operating Assumptions'!C45 -> 0.008425
C120: Construction Impacts, $ | F120: =-(($D$117/3600*$D$118)+$D$119)*F28 -> 0 | G120: =-(($D$117/3600*$D$118)+$D$119)*G28 -> -48781.891 | AD120: =SUM(F120:AC120) -> -48781.891
C122: Total Congestion Impacts | F122: =F113+F116+F120 -> 0 | G122: =G113+G116+G120 -> -43478.841 | H122: =H113+H116+H120 -> 46188.076 | I122: =I113+I116+I120 -> 46672.98 | J122: =J113+J116+J120 -> 47159.247 | K122: =K113+K116+K120 -> 47647.064 | L122: =L113+L116+L120 -> 48136.643 | M122: =M113+M116+M120 -> 48628.225 | ... AC122: =AC113+AC116+AC120 -> 51956.256 | AD122: =SUM(F122:AC122) -> 1044766.1
B124: Fuel Cost/Savings | F124: =F24 -> 0 | G124: =G24 -> 17305.906 | H124: =H24 -> 34210.076 | I124: =I24 -> 33829.85 | J124: =J24 -> 33470.252 | K124: =K24 -> 33130.541 | L124: =L24 -> 32810.116 | M124: =M24 -> 32508.505 | ... AC124: =AC24 -> 35807.057 | AD124: =SUM(F124:AC124) -> 753925.31
C125: Fuel savings from reduced VMT | F125: =F124 -> 0 | G125: =G124 -> 17305.906 | H125: =H124 -> 34210.076 | I125: =I124 -> 33829.85 | J125: =J124 -> 33470.252 | K125: =K124 -> 33130.541 | L125: =L124 -> 32810.116 | M125: =M124 -> 32508.505 | ... AC125: =AC124 -> 35807.057 | AD125: =SUM(F125:AC125) -> 753925.31
...

Sheet FT Users
A2: USERS and NON-USERS | C2: 2013 | D2: 2014 | E2: 2015 | F2: 2016 | G2: 2017 | H2: 2018 | I2: 2019 | J2: 2020 | K2: 2021 | L2: 2022 | M2: 2023 | N2: 2024 | O2: 2025 | P2: 2026 | Q2: 2027 | R2: 2028 | S2: 2029 | T2: 2030 | U2: 2031 | V2: 2032 | W2: 2033 | X2: 2034 | Y2: 2035 | Z2: 2036
C3: Year 1 | D3: Year 2 | E3: Year 3 | F3: Year 4 | G3: Year 5 | H3: Year 6 | I3: Year 7 | J3: Year 8 | K3: Year 9 | L3: Year 10 | M3: Year 11 | N3: Year 12 | O3: Year 13 | P3: Year 14 | Q3: Year 15 | R3: Year 16 | S3: Year 17 | T3: Year 18 | U3: Year 19 | V3: Year 20 | W3: Year 21 | X3: Year 22 | Y3: Year 23 | Z3: Year 24
A4: PEDESTRIAN
A5: Current User | B5: Current User | C5: 0 | D5: =D66*0.5 -> 375391.08 | E5: =E66 -> 758594.86 | F5: =F66 -> 766407.57 | G5: =G66 -> 774220.28 | H5: =H66 -> 782032.98 | I5: =I66 -> 789845.69 | J5: =J66 -> 797658.39 | K5: =K66 -> 800088 | L5: =L66 -> 802517.61 | ... Z5: =Z66 -> 836978.85
A6: New User | B6: Mode shift (auto to transit+ped) | C6: =C68 -> 0 | D6: =D68*0.5 -> 15015.643 | E6: =E68 -> 30343.795 | F6: =F68 -> 30656.303 | G6: =G68 -> 30968.811 | H6: =H68 -> 31281.319 | I6: =I68 -> 31593.827 | J6: =J68 -> 31906.336 | K6: =K68 -> 32003.52 | L6: =L68 -> 32100.704 | ... Z6: =Z68 -> 33479.154
B7: Trips not taken before (none to transit+ped) | C7: =C69 -> 0 | D7: =D69*0.5 -> 11261.732 | E7: =E69 -> 22757.846 | F7: =F69 -> 22992.227 | G7: =G69 -> 23226.608 | H7: =H69 -> 23460.989 | I7: =I69 -> 23695.371 | J7: =J69 -> 23929.752 | K7: =K69 -> 24002.64 | L7: =L69 -> 24075.528 | ... Z7: =Z69 -> 25109.366
A10: BICYCLE
A11: Current User | B11: Current User | C11: 0 | D11: =D75*0.5 -> 2319.072 | E11: =E75 -> 5272.6421 | F11: =F75 -> 5993.9395 | G11: =G75 -> 6813.9105 | H11: =H75 -> 7746.0534 | I11: =I75 -> 8805.7135 | J11: =J75 -> 10010.335 | K11: =K75 -> 11379.749 | L11: =L75 -> 12936.499 | ... Z11: =Z75 -> 77874.21
A12: New User | B12: Trip shifted from auto to transit+bike | C12: =C77 -> 0 | D12: =D77*0.5 -> 92.76288 | E12: =E77 -> 210.90568 | F12: =F77 -> 239.75758 | G12: =G77 -> 272.55642 | H12: =H77 -> 309.84214 | I12: =I77 -> 352.22854 | J12: =J77 -> 400.41341 | K12: =K77 -> 455.18996 | L12: =L77 -> 517.45995 | ... Z12: =Z77 -> 3114.9684
B13: Trips not taken before (none to transit+bike) | C13: =C78 -> 0 | D13: =D78*0.5 -> 69.57216 | E13: =E78 -> 158.17926 | F13: =F78 -> 179.81819 | G13: =G78 -> 204.41731 | H13: =H78 -> 232.3816 | I13: =I78 -> 264.17141 | J13: =J78 -> 300.31005 | K13: =K78 -> 341.39247 | L13: =L78 -> 388.09496 | ... Z13: =Z78 -> 2336.2263
A16: ROAD
A17: Construction Impact | B17: Current User | D17: =SUM(D55:D58)*$B$66 -> 3173952.8
A18: Long-Term Impact | B18: Current User | C18: 0 | E18: =SUM(E55:E58)*$B$66 -> 3206981.2 | F18: =SUM(F55:F58)*$B$66 -> 3240009.7 | G18: =SUM(G55:G58)*$B$66 -> 3273038.1 | H18: =SUM(H55:H58)*$B$66 -> 3306066.5 | I18: =SUM(I55:I58)*$B$66 -> 3339095 | J18: =SUM(J55:J58)*$B$66 -> 3372123.4 | K18: =SUM(K55:K58)*$B$66 -> 3382394.6 | L18: =SUM(L55:L58)*$B$66 -> 3392665.9 | ... Z18: =SUM(Z55:Z58)*$B$66 -> 3538351.7
B19: New User (50% of VT reduced) | C19: =0.5*C26 -> 0 | D19: =0.5*D26 -> -7554.203 | E19: =0.5*E26 -> -15277.35 | F19: =0.5*F26 -> -15448.03 | G19: =0.5*G26 -> -15620.684 | H19: =0.5*H26 -> -15795.581 | I19: =0.5*I26 -> -15973.028 | J19: =0.5*J26 -> -16153.375 | ... Z19: =0.5*Z26 -> -18297.061
B20: Total User | D20: 0 | E20: =(E18)+E19 -> 3191703.9 | F20: =(F18)+F19 -> 3224561.6 | G20: =(G18)+G19 -> 3257417.4 | H20: =(H18)+H19 -> 3290270.9 | I20: =(I18)+I19 -> 3323121.9 | J20: =(J18)+J19 -> 3355970 | K20: =(K18)+K19 -> 3366165.3 | L20: =(L18)+L19 -> 3376356.8 | ... Z20: =(Z18)+Z19 -> 3520054.7
B23: TRAVEL IMPACTS
B24: Rail transit trips change | C24: =C6+C7+C12+C13 -> 0 | D24: =D6+D7+D12+D13 -> 26439.711 | E24: =E6+E7+E12+E13 -> 53470.725 | F24: =F6+F7+F12+F13 -> 54068.106 | G24: =G6+G7+G12+G13 -> 54672.393 | H24: =H6+H7+H12+H13 -> 55284.532 | I24: =I6+I7+I12+I13 -> 55905.598 | J24: =J6+J7+J12+J13 -> 56536.811 | ... Z24: =Z6+Z7+Z12+Z13 -> 64039.714
B25: Bus transit trips change | D25: =-D24*$A$57 -> -13209.684 | E25: =-E24*$A$57 -> -26714.792 | F25: =-F24*$A$57 -> -27013.252 | G25: =-G24*$A$57 -> -27315.163 | H25: =-H24*$A$57 -> -27620.998 | I25: =-I24*$A$57 -> -27931.291 | J25: =-J24*$A$57 -> -28246.655 | K25: =-K24*$A$57 -> -28379.518 | ... Z25: =-Z24*$A$57 -> -31995.22
B26: Auto VT reduced | C26: =-(C6+C12) -> 0 | D26: =-(D6+D12) -> -15108.406 | E26: =-(E6+E12) -> -30554.7 | F26: =-(F6+F12) -> -30896.06 | G26: =-(G6+G12) -> -31241.367 | H26: =-(H6+H12) -> -31591.161 | I26: =-(I6+I12) -> -31946.056 | J26: =-(J6+J12) -> -32306.749 | ... Z26: =-(Z6+Z12) -> -36594.123
B27: Auto VMT reduced | C27: =-('Mode Operating Assumptions'!$C$27*(C6+C12)) -> 0 | D27: =-('Mode Operating Assumptions'!$C$27*(D6+D12)) -> -98204.639 | E27: =-('Mode Operating Assumptions'!$C$27*(E6+E12)) -> -198605.55 | F27: =-('Mode Operating Assumptions'!$C$27*(F6+F12)) -> -200824.39 | G27: =-('Mode Operating Assumptions'!$C$27*(G6+G12)) -> -203068.89 | H27: =-('Mode Operating Assumptions'!$C$27*(H6+H12)) -> -205342.55 | I27: =-('Mode Operating Assumptions'!$C$27*(I6+I12)) -> -207649.36 | J27: =-('Mode Operating Assumptions'!$C$27*(J6+J12)) -> -209993.87 | ... Z27: =-('Mode Operating Assumptions'!$C$27*(Z6+Z12)) -> -237861.8
B28: Auto fuel savings | C28: =-(C27*'Mode Operating Assumptions'!$C$8/'Mode Operating Assumptions'!C11) -> 0 | D28: =-(D27*'Mode Operating Assumptions'!$C$8/'Mode Operating Assumptions'!D11) -> 17305.906 | E28: =-(E27*'Mode Operating Assumptions'!$C$8/'Mode Operating Assumptions'!E11) -> 34210.076 | F28: =-(F27*'Mode Operating Assumptions'!$C$8/'Mode Operating Assumptions'!F11) -> 33829.85 | G28: =-(G27*'Mode Operating Assumptions'!$C$8/'Mode Operating Assumptions'!G11) -> 33470.252 | H28: =-(H27*'Mode Operating Assumptions'!$C$8/'Mode Operating Assumptions'!H11) -> 33130.541 | I28: =-(I27*'Mode Operating Assumptions'!$C$8/'Mode Operating Assumptions'!I11) -> 32810.116 | J28: =-(J27*'Mode Operating Assumptions'!$C$8/'Mode Operating Assumptions'!J11) -> 32508.505 | ... Z28: =-(Z27*'Mode Operating Assumptions'!$C$8/'Mode Operating Assumptions'!Z11) -> 35807.057
A36: Mezzanine | B36: Daily Ent | F36: Daily Ext
B37: 2005 | C37: 2010 | D37: 2020 | E37: 2030 | F37: 2005 | G37: 2010 | H37: 2020 | I37: 2030
A38: Fort Totten | B38: 6231.8571 | C38: 6483.6279 | D38: 7211.7942 | E38: 7414.1734 | F38: 6507.0952 | G38: 6653.8829 | H38: 7352.1938 | I38: 7593.4229
D39: =(D38-C38)/10 -> 72.816629 | E39: =(E38-D38)/10 -> 20.237923 | H39: =(H38-G38)/10 -> 69.831088 | I39: =(I38-H38)/10 -> 24.122911
D40: =D39/C38 -> 0.011230846 | E40: =E39/D38 -> 0.0028062258 | H40: =H39/G38 -> 0.010494788 | I40: =I39/H38 -> 0.0032810494
C42: 2013 | D42: 2014 | E42: 2015 | F42: 2016 | G42: 2017 | H42: 2018 | I42: 2019 | J42: 2020 | K42: 2021 | L42: 2022 | M42: 2023 | N42: 2024 | O42: 2025 | P42: 2026 | Q42: 2027 | R42: 2028 | S42: 2029 | T42: 2030 | U42: 2031 | V42: 2032 | W42: 2033 | X42: 2034 | Y42: 2035 | Z42: 2036
C43: Year 1 | D43: Year 2 | E43: Year 3 | F43: Year 4 | G43: Year 5 | H43: Year 6 | I43: Year 7 | J43: Year 8 | K43: Year 9 | L43: Year 10 | M43: Year 11 | N43: Year 12 | O43: Year 13 | P43: Year 14 | Q43: Year 15 | R43: Year 16 | S43: Year 17 | T43: Year 18 | U43: Year 19 | V43: Year 20 | W43: Year 21 | X43: Year 22 | Y43: Year 23 | Z43: Year 24
B44: Daily users (Entry + Exit) | C44: =$C$38*(1+($D$40*(C42-2010)))+$G$38*(1+($H$40*(C42-2010))) -> 13565.454 | D44: =$C$38*(1+($D$40*(D42-2010)))+$G$38*(1+($H$40*(D42-2010))) -> 13708.102 | E44: =$C$38*(1+($D$40*(E42-2010)))+$G$38*(1+($H$40*(E42-2010))) -> 13850.749 | F44: =$C$38*(1+($D$40*(F42-2010)))+$G$38*(1+($H$40*(F42-2010))) -> 13993.397 | G44: =$C$38*(1+($D$40*(G42-2010)))+$G$38*(1+($H$40*(G42-2010))) -> 14136.045 | H44: =$C$38*(1+($D$40*(H42-2010)))+$G$38*(1+($H$40*(H42-2010))) -> 14278.692 | I44: =$C$38*(1+($D$40*(I42-2010)))+$G$38*(1+($H$40*(I42-2010))) -> 14421.34 | J44: =H38+D38 -> 14563.988 | K44: =$D$38*(1+($E$40*(K42-2020)))+$H$38*(1+($I$40*(K42-2020))) -> 14608.349 | L44: =$D$38*(1+($E$40*(L42-2020)))+$H$38*(1+($I$40*(L42-2020))) -> 14652.71 | M44: =$D$38*(1+($E$40*(M42-2020)))+$H$38*(1+($I$40*(M42-2020))) -> 14697.07 | N44: =$D$38*(1+($E$40*(N42-2020)))+$H$38*(1+($I$40*(N42-2020))) -> 14741.431 | O44: =$D$38*(1+($E$40*(O42-2020)))+$H$38*(1+($I$40*(O42-2020))) -> 14785.792 | P44: =$D$38*(1+($E$40*(P42-2020)))+$H$38*(1+($I$40*(P42-2020))) -> 14830.153 | Q44: =$D$38*(1+($E$40*(Q42-2020)))+$H$38*(1+($I$40*(Q42-2020))) -> 14874.514 | R44: =$D$38*(1+($E$40*(R42-2020)))+$H$38*(1+($I$40*(R42-2020))) -> 14918.875 | S44: =$D$38*(1+($E$40*(S42-2020)))+$H$38*(1+($I$40*(S42-2020))) -> 14963.235 | T44: =I38+E38 -> 15007.596 | U44: =$E$38*(1+($E$40*(U42-2030)))+$I$38*(1+($I$40*(U42-2030))) -> 15053.317 | V44: =$E$38*(1+($E$40*(V42-2030)))+$I$38*(1+($I$40*(V42-2030))) -> 15099.037 | W44: =$E$38*(1+($E$40*(W42-2030)))+$I$38*(1+($I$40*(W42-2030))) -> 15144.757 | X44: =$E$38*(1+($E$40*(X42-2030)))+$I$38*(1+($I$40*(X42-2030))) -> 15190.477 | Y44: =$E$38*(1+($E$40*(Y42-2030)))+$I$38*(1+($I$40*(Y42-2030))) -> 15236.197 | Z44: =$E$38*(1+($E$40*(Z42-2030)))+$I$38*(1+($I$40*(Z42-2030))) -> 15281.918
A47: Station Name | B47: Total | C47: ALEXANDRIA DASH | D47: AMTRAK, MARC OR VRE | E47: ARLINGTON TRANSIT (ART) | F47: Dropped off | G47: BICYCLE | H47: DC CIRCULATOR | I47: DRIVE A CAR | J47: FAIRFAX CITY CUE | K47: FAIRFAX CONNECTOR | L47: METROBUS | M47: MONTGOMERY RIDE ON | N47: OTHER BUS | O47: PRINCE GEORGE'S THE BUS | P47: RIDE WITH SOMEONE WHO PARKED | Q47: TAXI | R47: WALK
A48: FORT TOTTEN | B48: 6712.9455 | F48: 864.07885 | I48: 884.33072 | L48: 3317.1395 | N48: 36.75071 | P48: 44.79456 | Q48: 33.92263 | R48: 1531.9285
D49: =D48/$B48 -> 0 | E49: =E48/$B48 -> 0 | F49: =F48/$B48 -> 0.12871829 | G49: =G48/$B48 -> 0 | H49: =H48/$B48 -> 0 | I49: =I48/$B48 -> 0.13173513 | J49: =J48/$B48 -> 0 | K49: =K48/$B48 -> 0 | ... R49: =R48/$B48 -> 0.22820512
B50: Metrorail Mode of Access Study 2007 (All Day Access Absolute)
C51: 2013 | D51: 2014 | E51: 2015 | F51: 2016 | G51: 2017 | H51: 2018 | I51: 2019 | J51: 2020 | K51: 2021 | L51: 2022 | M51: 2023 | N51: 2024 | O51: 2025 | P51: 2026 | Q51: 2027 | R51: 2028 | S51: 2029 | T51: 2030 | U51: 2031 | V51: 2032 | W51: 2033 | X51: 2034 | Y51: 2035 | Z51: 2036
C52: Year 1 | D52: Year 2 | E52: Year 3 | F52: Year 4 | G52: Year 5 | H52: Year 6 | I52: Year 7 | J52: Year 8 | K52: Year 9 | L52: Year 10 | M52: Year 11 | N52: Year 12 | O52: Year 13 | P52: Year 14 | Q52: Year 15 | R52: Year 16 | S52: Year 17 | T52: Year 18 | U52: Year 19 | V52: Year 20 | W52: Year 21 | X52: Year 22 | Y52: Year 23 | Z52: Year 24
A53: =R49 -> 0.22820512 | B53: Walk | C53: =C$59*$A53 -> 3095.7061 | D53: =D$59*$A53 -> 3128.259 | E53: =E$59*$A53 -> 3160.8119 | F53: =F$59*$A53 -> 3193.3649 | G53: =G$59*$A53 -> 3225.9178 | H53: =H$59*$A53 -> 3258.4708 | I53: =I$59*$A53 -> 3291.0237 | J53: =J$59*$A53 -> 3323.5766 | ... Z53: =Z$59*$A53 -> 3487.4119
A54: =G49 -> 0 | B54: Bicycle | C54: =C$59*$A54 -> 0 | D54: =D$59*$A54 -> 0 | E54: =E$59*$A54 -> 0 | F54: =F$59*$A54 -> 0 | G54: =G$59*$A54 -> 0 | H54: =H$59*$A54 -> 0 | I54: =I$59*$A54 -> 0 | J54: =J$59*$A54 -> 0 | ... Z54: =Z$59*$A54 -> 0
A55: =I49 -> 0.13173513 | B55: Car - Park | C55: =C$59*$A55 -> 1787.0468 | D55: =D$59*$A55 -> 1805.8385 | E55: =E$59*$A55 -> 1824.6302 | F55: =F$59*$A55 -> 1843.4219 | G55: =G$59*$A55 -> 1862.2136 | H55: =H$59*$A55 -> 1881.0054 | I55: =I$59*$A55 -> 1899.7971 | J55: =J$59*$A55 -> 1918.5888 | ... Z55: =Z$59*$A55 -> 2013.1654
A56: =F49 -> 0.12871829 | B56: Car - Drop-off | C56: =C$59*$A56 -> 1746.122 | D56: =D$59*$A56 -> 1764.4834 | E56: =E$59*$A56 -> 1782.8447 | F56: =F$59*$A56 -> 1801.2061 | G56: =G$59*$A56 -> 1819.5675 | H56: =H$59*$A56 -> 1837.9289 | I56: =I$59*$A56 -> 1856.2902 | J56: =J$59*$A56 -> 1874.6516 | ... Z56: =Z$59*$A56 -> 1967.0623
A57: =H49+L49+N49+O49 -> 0.49961529 | B57: Bus | C57: =C$59*$A57 -> 6777.5082 | D57: =D$59*$A57 -> 6848.7771 | E57: =E$59*$A57 -> 6920.0461 | F57: =F$59*$A57 -> 6991.3151 | G57: =G$59*$A57 -> 7062.5841 | H57: =H$59*$A57 -> 7133.8531 | I57: =I$59*$A57 -> 7205.122 | J57: =J$59*$A57 -> 7276.391 | ... Z57: =Z$59*$A57 -> 7635.0797
A58: =P49+Q49+D49 -> 0.011726177 | B58: Other (Taxi, Motorcycle, etc.) | C58: =C$59*$A58 -> 159.07092 | D58: =D$59*$A58 -> 160.74363 | E58: =E$59*$A58 -> 162.41634 | F58: =F$59*$A58 -> 164.08906 | G58: =G$59*$A58 -> 165.76177 | H58: =H$59*$A58 -> 167.43448 | I58: =I$59*$A58 -> 169.10719 | J58: =J$59*$A58 -> 170.77991 | ... Z58: =Z$59*$A58 -> 179.19848
A59: =SUM(A53:A58) -> 1 | C59: =C$44*$A59 -> 13565.454 | D59: =D$44*$A59 -> 13708.102 | E59: =E$44*$A59 -> 13850.749 | F59: =F$44*$A59 -> 13993.397 | G59: =G$44*$A59 -> 14136.045 | H59: =H$44*$A59 -> 14278.692 | I59: =I$44*$A59 -> 14421.34 | J59: =J$44*$A59 -> 14563.988 | ... Z59: =Z$44*$A59 -> 15281.918
A61: Pedestrian Volumes
B62: Percent using improvements
B63: 0.8 | C63: =B63*C44 -> 10852.363
A64: PEDESTRIAN
A65: Current User | B65: Effective weekdays per year
B66: 300 | C66: =$B$63*C53*$B$66 -> 742969.45 | D66: =$B$63*D53*$B$66 -> 750782.16 | E66: =$B$63*E53*$B$66 -> 758594.86 | F66: =$B$63*F53*$B$66 -> 766407.57 | G66: =$B$63*G53*$B$66 -> 774220.28 | H66: =$B$63*H53*$B$66 -> 782032.98 | I66: =$B$63*I53*$B$66 -> 789845.69 | J66: =$B$63*J53*$B$66 -> 797658.39 | ... Z66: =$B$63*Z53*$B$66 -> 836978.85
A67: New User (mode shift)
A68: 0.04 | B68: Mode shift (auto to transit+ped) | D68: =D66*$A$68 -> 30031.286 | E68: =E66*$A$68 -> 30343.795 | F68: =F66*$A$68 -> 30656.303 | G68: =G66*$A$68 -> 30968.811 | H68: =H66*$A$68 -> 31281.319 | I68: =I66*$A$68 -> 31593.827 | J68: =J66*$A$68 -> 31906.336 | K68: =K66*$A$68 -> 32003.52 | ... Z68: =Z66*$A$68 -> 33479.154
A69: 0.03 | B69: Trips not taken before (none to transit+ped) | D69: =D66*$A$69 -> 22523.465 | E69: =E66*$A$69 -> 22757.846 | F69: =F66*$A$69 -> 22992.227 | G69: =G66*$A$69 -> 23226.608 | H69: =H66*$A$69 -> 23460.989 | I69: =I66*$A$69 -> 23695.371 | J69: =J66*$A$69 -> 23929.752 | K69: =K66*$A$69 -> 24002.64 | ... Z69: =Z66*$A$69 -> 25109.366
A71: BICYCLE | C71: 0.1368
C72: 17 | D72: =C72*(1+$C$71) -> 19.3256 | E72: =D72*(1+$C$71) -> 21.969342 | F72: =E72*(1+$C$71) -> 24.974748 | G72: =F72*(1+$C$71) -> 28.391294 | H72: =G72*(1+$C$71) -> 32.275223 | I72: =H72*(1+$C$71) -> 36.690473 | J72: =I72*(1+$C$71) -> 41.70973 | K72: =J72*(1+$C$71) -> 47.415621 | ... Z72: =Y72*(1+$C$71) -> 324.47588
A74: Current User | B74: Effective weekdays per year
B75: 300 | C75: =$B75*$B63*C72 -> 4080 | D75: =$B75*$B63*D72 -> 4638.144 | E75: =$B75*$B63*E72 -> 5272.6421 | F75: =$B75*$B63*F72 -> 5993.9395 | G75: =$B75*$B63*G72 -> 6813.9105 | H75: =$B75*$B63*H72 -> 7746.0534 | I75: =$B75*$B63*I72 -> 8805.7135 | J75: =$B75*$B63*J72 -> 10010.335 | ... Z75: =$B75*$B63*Z72 -> 77874.21
A77: 0.04 | B77: Trip shifted from auto to transit+bike | D77: =D75*$A$77 -> 185.52576 | E77: =E75*$A$77 -> 210.90568 | F77: =F75*$A$77 -> 239.75758 | G77: =G75*$A$77 -> 272.55642 | H77: =H75*$A$77 -> 309.84214 | I77: =I75*$A$77 -> 352.22854 | J77: =J75*$A$77 -> 400.41341 | K77: =K75*$A$77 -> 455.18996 | ... Z77: =Z75*$A$77 -> 3114.9684
A78: 0.03 | B78: Trips not taken before (none to transit+bike) | D78: =D75*$A$78 -> 139.14432 | E78: =E75*$A$78 -> 158.17926 | F78: =F75*$A$78 -> 179.81819 | G78: =G75*$A$78 -> 204.41731 | H78: =H75*$A$78 -> 232.3816 | I78: =I75*$A$78 -> 264.17141 | J78: =J75*$A$78 -> 300.31005 | K78: =K75*$A$78 -> 341.39247 | ... Z78: =Z75*$A$78 -> 2336.2263
A90: 2010 CLRP DAILY TRAFFIC VOLUMES
A91: (v2.2 travel demand model, 2191 TAZ) | G91: 2011 to 2030 | I91: 2030 to 2040
G92: Change | H92: Annualized | J92: Annualized
H93: 0.00622 | J93: 0.0216
A94: Ager Rd. | B94: south of EastWest Hwy. | C94: 4028-4199 | D94: 10333 | E94: 11625 | F94: 14395 | G94: =E94-D94 -> 1292 | H94: =D94*((1+H93)^19) -> 11624.985 | I94: =F94-E94 -> 2770 | J94: =E94*((1+J93)^10) -> 14394.673
H95: 0.00871 | J95: 0.03266
B96: north of Queens Chapel Rd. | C96: 4027-4042 | D96: 5431 | E96: 6404 | F96: 8831 | G96: =E96-D96 -> 973 | H96: =D96*((1+H95)^19) -> 6403.8331 | I96: =F96-E96 -> 2427 | J96: =E96*((1+J95)^10) -> 8831.3048
A99: SOURCES:
A100: 2011: N:\model_app\CGV2_2_Conformity2011\2011_Conf\I6HWY.NET
A101: 2030: N:\model_app\CGV2_2_Conformity2011_VDOT\2030_Conf\I6HWY.NET
A102: 2040: N:\model_app\CGV2_2_Conformity2011_VDOT\2040_Conf\I6HWY.NET

Sheet Forest Glen
F1: 2013 | G1: 2014 | H1: 2015 | I1: 2016 | J1: 2017 | K1: 2018 | L1: 2019 | M1: 2020 | N1: 2021 | O1: 2022 | P1: 2023 | Q1: 2024 | R1: 2025 | S1: 2026 | T1: 2027 | U1: 2028 | V1: 2029 | W1: 2030 | X1: 2031 | Y1: 2032 | Z1: 2033 | AA1: 2034 | AB1: 2035 | AC1: 2036
D2: Factor | E2: Total | F2: Year 1 | G2: Year 2 | H2: Year 3 | I2: Year 4 | J2: Year 5 | K2: Year 6 | L2: Year 7 | M2: Year 8 | N2: Year 9 | O2: Year 10 | P2: Year 11 | Q2: Year 12 | R2: Year 13 | S2: Year 14 | T2: Year 15 | U2: Year 16 | V2: Year 17 | W2: Year 18 | X2: Year 19 | Y2: Year 20 | Z2: Year 21 | AA2: Year 22 | AB2: Year 23 | AC2: Year 24
A5: Project Costs | C5: O & M | J5: =-92400*0.25 -> -23100 | K5: -92400 | L5: -92400 | M5: -92400 | N5: -92400 | O5: -92400 | P5: -92400 | Q5: -92400 | R5: -92400 | S5: -92400 | T5: -92400 | U5: -92400 | V5: -92400 | W5: -92400 | X5: -92400 | Y5: -92400 | Z5: -92400 | AA5: -92400 | AB5: -92400 | AC5: -92400 | AD5: =SUM(F5:AC5) -> -1778700
C6: Construction | F6: -1035667 | G6: -2319515 | H6: -3517697 | I6: -6888739 | J6: -1793383 | AD6: =SUM(F6:AC6) -> -15555001
A8: Users
B9: PEDESTRIAN
B10: Local | C10: Current User | F10: ='FG Users'!C6 -> 0 | G10: ='FG Users'!D6 -> 0 | H10: ='FG Users'!E6 -> 0 | I10: ='FG Users'!F6 -> 0 | J10: ='FG Users'!G6 -> 198629.96 | K10: ='FG Users'!H6 -> 273764.94 | L10: ='FG Users'!I6 -> 282689.92 | M10: ='FG Users'!J6 -> 8924.987 | ... AC10: ='FG Users'!Z6 -> 297321.81 | AD10: =SUM(F10:AC10) -> 5472804.4
B11: Commute | C11: Trip shifted from auto to transit+ped | I11: ='FG Users'!F7 -> 0 | J11: ='FG Users'!G7 -> 9931.4981 | K11: ='FG Users'!H7 -> 13688.247 | L11: ='FG Users'!I7 -> 14134.496 | M11: ='FG Users'!J7 -> 446.24935 | N11: ='FG Users'!K7 -> 14591.67 | O11: ='FG Users'!L7 -> 14602.594 | P11: ='FG Users'!M7 -> 14613.518 | ... AC11: ='FG Users'!Z7 -> 14866.09 | AD11: =SUM(F11:AC11) -> 273640.22
C12: Trips not taken before (none to transit+ped) | I12: ='FG Users'!F8 -> 0 | J12: ='FG Users'!G8 -> 9931.4981 | K12: ='FG Users'!H8 -> 13688.247 | L12: ='FG Users'!I8 -> 14134.496 | M12: ='FG Users'!J8 -> 446.24935 | N12: ='FG Users'!K8 -> 14591.67 | O12: ='FG Users'!L8 -> 14602.594 | P12: ='FG Users'!M8 -> 14613.518 | ... AC12: ='FG Users'!Z8 -> 14866.09 | AD12: =SUM(F12:AC12) -> 273640.22
B14: BICYCLE
B15: Local | C15: Current User | F15: ='FG Users'!C12 -> 0 | G15: ='FG Users'!D12 -> 0 | H15: ='FG Users'!E12 -> 0 | I15: ='FG Users'!F12 -> 0 | J15: ='FG Users'!G12 -> 3865.6968 | K15: ='FG Users'!H12 -> 5327.9588 | L15: ='FG Users'!I12 -> 5501.6551 | M15: ='FG Users'!J12 -> 173.69632 | ... AC15: ='FG Users'!Z12 -> 5786.418 | AD15: =SUM(F15:AC15) -> 106510.63
B16: Commute | C16: Trip shifted from auto to transit+bike | I16: ='FG Users'!F13 -> 0 | J16: ='FG Users'!G13 -> 193.28484 | K16: ='FG Users'!H13 -> 266.39794 | L16: ='FG Users'!I13 -> 275.08275 | M16: ='FG Users'!J13 -> 8.6848162 | N16: ='FG Users'!K13 -> 283.98017 | O16: ='FG Users'!L13 -> 284.19278 | P16: ='FG Users'!M13 -> 284.40538 | ... AC16: ='FG Users'!Z13 -> 289.3209 | AD16: =SUM(F16:AC16) -> 5325.5315
C17: Trips not taken before (none to transit+bike) | I17: ='FG Users'!F14 -> 0 | J17: ='FG Users'!G14 -> 193.28484 | K17: ='FG Users'!H14 -> 266.39794 | L17: ='FG Users'!I14 -> 275.08275 | M17: ='FG Users'!J14 -> 8.6848162 | N17: ='FG Users'!K14 -> 283.98017 | O17: ='FG Users'!L14 -> 284.19278 | P17: ='FG Users'!M14 -> 284.40538 | ... AC17: ='FG Users'!Z14 -> 289.3209 | AD17: =SUM(F17:AC17) -> 5325.5315
B19: BIKESHARE
B20: Local | C20: Trips shifted from auto | I20: ='FG Users'!F17 -> 0 | J20: ='FG Users'!G17 -> 6750 | K20: ='FG Users'!H17 -> 9216.25 | L20: ='FG Users'!I17 -> 9308.4125 | M20: ='FG Users'!J17 -> 9401.4966 | N20: ='FG Users'!K17 -> 9495.5116 | O20: ='FG Users'!L17 -> 9590.4667 | P20: ='FG Users'!M17 -> 9686.3714 | ... AC20: ='FG Users'!Z17 -> 11023.994 | AD20: =SUM(F20:AC20) -> 198548.41
C21: Trips shifted from bus | I21: ='FG Users'!F18 -> 0 | J21: ='FG Users'!G18 -> 3375 | K21: ='FG Users'!H18 -> 4608.125 | L21: ='FG Users'!I18 -> 4654.2063 | M21: ='FG Users'!J18 -> 4700.7483 | N21: ='FG Users'!K18 -> 4747.7558 | O21: ='FG Users'!L18 -> 4795.2334 | P21: ='FG Users'!M18 -> 4843.1857 | ... AC21: ='FG Users'!Z18 -> 5511.9971 | AD21: =SUM(F21:AC21) -> 99274.206
C22: Trips shifted from personal bike | I22: ='FG Users'!F19 -> 0 | J22: ='FG Users'!G19 -> 3375 | K22: ='FG Users'!H19 -> 4608.125 | L22: ='FG Users'!I19 -> 4654.2063 | M22: ='FG Users'!J19 -> 4700.7483 | N22: ='FG Users'!K19 -> 4747.7558 | O22: ='FG Users'!L19 -> 4795.2334 | P22: ='FG Users'!M19 -> 4843.1857 | ... AC22: ='FG Users'!Z19 -> 5511.9971 | AD22: =SUM(F22:AC22) -> 99274.206
C23: Trips shifted from walking | I23: ='FG Users'!F20 -> 0 | J23: ='FG Users'!G20 -> 10125 | K23: ='FG Users'!H20 -> 13824.375 | L23: ='FG Users'!I20 -> 13962.619 | M23: ='FG Users'!J20 -> 14102.245 | N23: ='FG Users'!K20 -> 14243.267 | O23: ='FG Users'!L20 -> 14385.7 | P23: ='FG Users'!M20 -> 14529.557 | ... AC23: ='FG Users'!Z20 -> 16535.991 | AD23: =SUM(F23:AC23) -> 297822.62
C24: Trips not taken before | I24: ='FG Users'!F21 -> 0 | J24: ='FG Users'!G21 -> 10125 | K24: ='FG Users'!H21 -> 13824.375 | L24: ='FG Users'!I21 -> 13962.619 | M24: ='FG Users'!J21 -> 14102.245 | N24: ='FG Users'!K21 -> 14243.267 | O24: ='FG Users'!L21 -> 14385.7 | P24: ='FG Users'!M21 -> 14529.557 | ... AC24: ='FG Users'!Z21 -> 16535.991 | AD24: =SUM(F24:AC24) -> 297822.62
B25: Commute | C25: Trips shifted from auto to transit+bikeshare | I25: ='FG Users'!F22 -> 0 | J25: ='FG Users'!G22 -> 16875 | K25: ='FG Users'!H22 -> 23040.625 | L25: ='FG Users'!I22 -> 23271.031 | M25: ='FG Users'!J22 -> 23503.742 | N25: ='FG Users'!K22 -> 23738.779 | O25: ='FG Users'!L22 -> 23976.167 | P25: ='FG Users'!M22 -> 24215.928 | ... AC25: ='FG Users'!Z22 -> 27559.985 | AD25: =SUM(F25:AC25) -> 496371.03
C26: Trips not taken before (none to transit+bikeshare) | I26: ='FG Users'!F23 -> 0 | J26: ='FG Users'!G23 -> 16875 | K26: ='FG Users'!H23 -> 23040.625 | L26: ='FG Users'!I23 -> 23271.031 | M26: ='FG Users'!J23 -> 23503.742 | N26: ='FG Users'!K23 -> 23738.779 | O26: ='FG Users'!L23 -> 23976.167 | P26: ='FG Users'!M23 -> 24215.928 | ... AC26: ='FG Users'!Z23 -> 27559.985 | AD26: =SUM(F26:AC26) -> 496371.03
B28: MOBILITY DEVICE
B29: Local | C29: Current User | F29: ='FG Users'!C26 -> 0 | G29: ='FG Users'!D26 -> 0 | H29: ='FG Users'!E26 -> 0 | I29: ='FG Users'!F26 -> 0 | J29: ='FG Users'!G26 -> 1925.1647 | K29: ='FG Users'!H26 -> 2653.3892 | L29: ='FG Users'!I26 -> 2739.8921 | M29: ='FG Users'!J26 -> 86.502911 | ... AC29: ='FG Users'!Z26 -> 2881.7075 | AD29: =SUM(F29:AC29) -> 53043.607
B30: Commute | C30: Mode shift (auto to transit+mob device) | I30: ='FG Users'!F27 -> 0 | J30: ='FG Users'!G27 -> 481.29117 | K30: ='FG Users'!H27 -> 663.34729 | L30: ='FG Users'!I27 -> 684.97302 | M30: ='FG Users'!J27 -> 21.625728 | N30: ='FG Users'!K27 -> 707.12814 | O30: ='FG Users'!L27 -> 707.65754 | P30: ='FG Users'!M27 -> 708.18693 | ... AC30: ='FG Users'!Z27 -> 720.42687 | AD30: =SUM(F30:AC30) -> 13260.902
C31: Trips not taken before (none to transit+mob device) | I31: ='FG Users'!F28 -> 0 | J31: ='FG Users'!G28 -> 288.7747 | K31: ='FG Users'!H28 -> 398.00837 | L31: ='FG Users'!I28 -> 410.98381 | M31: ='FG Users'!J28 -> 12.975437 | N31: ='FG Users'!K28 -> 424.27688 | O31: ='FG Users'!L28 -> 424.59452 | P31: ='FG Users'!M28 -> 424.91216 | ... AC31: ='FG Users'!Z28 -> 432.25612 | AD31: =SUM(F31:AC31) -> 7956.5411
B33: TRAVEL IMPACTS
C34: Rail transit trips change | F34: ='FG Users'!C40 -> 0 | G34: ='FG Users'!D40 -> 0 | H34: ='FG Users'!E40 -> 0 | I34: ='FG Users'!F40 -> 0 | J34: ='FG Users'!G40 -> 54769.632 | K34: ='FG Users'!H40 -> 75051.895 | L34: ='FG Users'!I40 -> 76457.177 | M34: ='FG Users'!J40 -> 47951.953 | ... AC34: ='FG Users'!Z40 -> 86583.477 | AD34: =SUM(F34:AC34) -> 1571891
C35: Bus transit trips change | F35: ='FG Users'!C41 -> 0 | G35: ='FG Users'!D41 -> 0 | H35: ='FG Users'!E41 -> 0 | I35: ='FG Users'!F41 -> 0 | J35: ='FG Users'!G41 -> -3375 | K35: ='FG Users'!H41 -> -4608.125 | L35: ='FG Users'!I41 -> -4654.2063 | M35: ='FG Users'!J41 -> -4700.7483 | ... AC35: ='FG Users'!Z41 -> -5511.9971 | AD35: =SUM(F35:AC35) -> -99274.206
C36: Auto VT reduced | F36: ='FG Users'!C42 -> 0 | G36: ='FG Users'!D42 -> 0 | H36: ='FG Users'!E42 -> 0 | I36: ='FG Users'!F42 -> 0 | J36: ='FG Users'!G42 -> -34231.074 | K36: ='FG Users'!H42 -> -46874.867 | L36: ='FG Users'!I42 -> -47673.996 | M36: ='FG Users'!J42 -> -33381.798 | ... AC36: ='FG Users'!Z42 -> -54459.818 | AD36: =SUM(F36:AC36) -> -987146.09
C37: Auto VMT reduced | F37: ='FG Users'!C43 -> 0 | G37: ='FG Users'!D43 -> 0 | H37: ='FG Users'!E43 -> 0 | I37: ='FG Users'!F43 -> 0 | J37: ='FG Users'!G43 -> -190709.48 | K37: ='FG Users'!H43 -> -261278.1 | L37: ='FG Users'!I43 -> -266038.35 | M37: ='FG Users'!J43 -> -172700.64 | ... AC37: ='FG Users'!Z43 -> -302065.8 | AD37: =SUM(F37:AC37) -> -5481286.6
C38: Auto fuel savings | F38: ='FG Users'!C44 -> 0 | G38: ='FG Users'!D44 -> 0 | H38: ='FG Users'!E44 -> 0 | I38: ='FG Users'!F44 -> 0 | J38: ='FG Users'!G44 -> 30769.601 | K38: ='FG Users'!H44 -> 41283.847 | L38: ='FG Users'!I44 -> 41184.578 | M38: ='FG Users'!J44 -> 26204.492 | ... AC38: ='FG Users'!Z44 -> 45448.26 | AD38: =SUM(F38:AC38) -> 832812.38
A40: Non-Users
B41: ROAD
B42: Construction Impact | C42: Current User | F42: ='FG Users'!C34 -> 0 | G42: ='FG Users'!D34 -> 0 | H42: ='FG Users'!E34 -> 22264875 | I42: ='FG Users'!F34 -> 14843250 | J42: ='FG Users'!G34 -> 0 | K42: ='FG Users'!H34 -> 0 | L42: ='FG Users'!I34 -> 0 | M42: ='FG Users'!J34 -> 0 | ... AC42: ='FG Users'!Z34 -> 0 | AD42: =SUM(F42:AC42) -> 37108125
B43: Long-Term Impact | C43: Reduced Users | F43: ='FG Users'!C36 -> 0 | G43: ='FG Users'!D36 -> 0 | H43: ='FG Users'!E36 -> 0 | I43: ='FG Users'!F36 -> 0 | J43: ='FG Users'!G36 -> -17115.537 | K43: ='FG Users'!H36 -> -23437.433 | L43: ='FG Users'!I36 -> -23836.998 | M43: ='FG Users'!J36 -> -16690.899 | ... AC43: ='FG Users'!Z36 -> -27229.909 | AD43: =SUM(F43:AC43) -> -493573.05
C44: Total Users | F44: ='FG Users'!C37 -> 0 | G44: ='FG Users'!D37 -> 0 | H44: ='FG Users'!E37 -> 0 | I44: ='FG Users'!F37 -> 0 | J44: ='FG Users'!G37 -> 30081697 | K44: ='FG Users'!H37 -> 30075375 | L44: ='FG Users'!I37 -> 30074976 | M44: ='FG Users'!J37 -> 30082122 | ... AC44: ='FG Users'!Z37 -> 30071583 | AD44: =SUM(F44:AC44) -> 6.0148268e+08
A47: STATE OF GOOD REPAIR
C48: New Construction for this project
A52: ECONOMIC COMPETITIVENESS
B54: PEDESTRIAN
B55: Local | C55: Current User
C56: TRAVEL TIME COST/SAVINGS
C57: Travel time savings (hour) | D57: =(71+48)/3600 -> 0.033055556
C58: Value of time, ped, $/hour | D58: ='Price Assumptions'!B7 -> 23.9
C59: Total time cost/savings | F59: 0 | G59: 0 | H59: 0 | I59: 0 | J59: =$D$58*$D$57*J10 -> 156923.19 | K59: =$D$58*$D$57*K10 -> 216281.9 | L59: =$D$58*$D$57*L10 -> 223332.89 | M59: =$D$58*$D$57*M10 -> 7050.9877 | N59: =$D$58*$D$57*N10 -> 230556.49 | O59: =$D$58*$D$57*O10 -> 230729.09 | P59: =$D$58*$D$57*P10 -> 230901.7 | Q59: =$D$58*$D$57*Q10 -> 231074.31 | ... AC59: =$D$58*$D$57*AC10 -> 234892.49 | AD59: =SUM(F59:AC59) -> 4323667.5
B61: Commute | C61: Mode shift (auto to transit+ped) | F61: =F11 -> 0 | G61: =G11 -> 0 | H61: =H11 -> 0 | I61: =I11 -> 0 | J61: =J11 -> 9931.4981 | K61: =K11 -> 13688.247 | L61: =L11 -> 14134.496 | M61: =M11 -> 446.24935 | ... AC61: =AC11 -> 14866.09 | AD61: =SUM(F61:AC61) -> 273640.22
C62: TRAVEL TIME COST/SAVINGS
C63: travel time, auto | D63: varies | F63: ='Mode Operating Assumptions'!D29 -> 0.3910028 | G63: ='Mode Operating Assumptions'!E29 -> 0.39205715 | H63: ='Mode Operating Assumptions'!F29 -> 0.39311875 | I63: ='Mode Operating Assumptions'!G29 -> 0.39418767 | J63: ='Mode Operating Assumptions'!H29 -> 0.395264 | K63: ='Mode Operating Assumptions'!I29 -> 0.39634781 | L63: ='Mode Operating Assumptions'!J29 -> 0.39743917 | M63: ='Mode Operating Assumptions'!K29 -> 0.39853817 | ... AC63: ='Mode Operating Assumptions'!AA29 -> 0.41723012 | AD63: =SUM(F63:AC63) -> 9.6905878
C64: travel time, transit | D64: ='Mode Operating Assumptions'!C150 -> 0.38127572
C65: travel time, ped | D65: ='Mode Operating Assumptions'!C52 -> 0.234375
C66: Value of time, auto, $/hour | D66: ='Price Assumptions'!B3 -> 12.5
C67: Value of time, transit, $/hour | D67: ='Price Assumptions'!B5 -> 12.5
C68: Value of time, ped, $/hour | D68: =D58 -> 23.9
C69: Time cost/savings, auto to transit+ped, hours/day | F69: =+(F63*$D$66)-($D$64*$D$67)-($D$65*$D$68) -> -5.479974 | G69: =+(G63*$D$66)-($D$64*$D$67)-($D$65*$D$68) -> -5.4667946 | H69: =+(H63*$D$66)-($D$64*$D$67)-($D$65*$D$68) -> -5.4535246 | I69: =+(I63*$D$66)-($D$64*$D$67)-($D$65*$D$68) -> -5.4401631 | J69: =+(J63*$D$66)-($D$64*$D$67)-($D$65*$D$68) -> -5.426709 | K69: =+(K63*$D$66)-($D$64*$D$67)-($D$65*$D$68) -> -5.4131614 | L69: =+(L63*$D$66)-($D$64*$D$67)-($D$65*$D$68) -> -5.3995193 | M69: =+(M63*$D$66)-($D$64*$D$67)-($D$65*$D$68) -> -5.3857818 | ... AC69: =+(AC63*$D$66)-($D$64*$D$67)-($D$65*$D$68) -> -5.1521324 | AD69: =SUM(F69:AC69) -> -127.68787
F70: =F69*F61 -> 0 | G70: =G69*G61 -> 0 | H70: =H69*H61 -> 0 | I70: =I69*I61 -> 0 | J70: =J69*J61 -> -53895.35 | K70: =K69*K61 -> -74096.689 | L70: =L69*L61 -> -76319.485 | M70: =M69*M61 -> -2403.4016 | ... AC70: =AC69*AC61 -> -76592.067 | AD70: =SUM(F70:AC70) -> -1445940.6
C71: Total time cost/savings | F71: =F70 -> 0 | G71: =G70 -> 0 | H71: =H70 -> 0 | I71: =I70 -> 0 | J71: =J70 -> -53895.35 | K71: =K70 -> -74096.689 | L71: =L70 -> -76319.485 | M71: =M70 -> -2403.4016 | ... AC71: =AC70 -> -76592.067 | AD71: =SUM(F71:AC71) -> -1445940.6
C73: USER COST/SAVINGS
C74: Auto costs/savings, $/trip | D74: ='Mode Operating Assumptions'!C33 -> 8.1905
C75: Transit costs, $/trip | D75: ='Mode Operating Assumptions'!C153 -> 2.1074073
C76: Ped costs/savings, $/trip | D76: 0.05
C77: User cost/savings, auto to transit+ped, $/trip | D77: =+D74-D75-D76 -> 6.0330927 | F77: =$D77*F61 -> 0 | G77: =$D77*G61 -> 0 | H77: =$D77*H61 -> 0 | I77: =$D77*I61 -> 0 | J77: =$D77*J61 -> 59917.649 | K77: =$D77*K61 -> 82582.462 | L77: =$D77*L61 -> 85274.726 | M77: =$D77*M61 -> 2692.2637 | ... AC77: =$D77*AC61 -> 89688.502 | AD77: =SUM(F77:AC77) -> 1650896.8
C78: Total user cost/savings | F78: =F77 -> 0 | G78: =G77 -> 0 | H78: =H77 -> 0 | I78: =I77 -> 0 | J78: =J77 -> 59917.649 | K78: =K77 -> 82582.462 | L78: =L77 -> 85274.726 | M78: =M77 -> 2692.2637 | ... AC78: =AC77 -> 89688.502 | AD78: =SUM(F78:AC78) -> 1650896.8
B80: BICYCLE
B81: Local | C81: Current User
C82: TRAVEL TIME COST/SAVINGS
C83: Travel time savings (seconds) | D83: 0
C84: Value of time, bike, $/hour | D84: ='Price Assumptions'!$B$3 -> 12.5
C85: Total time cost/savings | F85: =$D$83*$D$84*F15 -> 0 | G85: =$D$83*$D$84*G15 -> 0 | H85: =$D$83*$D$84*H15 -> 0 | I85: =$D$83*$D$84*I15 -> 0 | J85: =$D$83*$D$84*J15 -> 0 | K85: =$D$83*$D$84*K15 -> 0 | L85: =$D$83*$D$84*L15 -> 0 | M85: =$D$83*$D$84*M15 -> 0 | ... AC85: =$D$83*$D$84*AC15 -> 0 | AD85: =SUM(F85:AC85) -> 0
B88: Commute | C88: Mode shift (auto to transit+bike) | F88: =F16 -> 0 | G88: =G16 -> 0 | H88: =H16 -> 0 | I88: =I16 -> 0 | J88: =J16 -> 193.28484 | K88: =K16 -> 266.39794 | L88: =L16 -> 275.08275 | M88: =M16 -> 8.6848162 | ... AC88: =AC16 -> 289.3209 | AD88: =SUM(F88:AC88) -> 5325.5315
C89: TRAVEL TIME COST/SAVINGS
C90: travel time, auto | D90: varies | F90: =F63 -> 0.3910028 | G90: =G63 -> 0.39205715 | H90: =H63 -> 0.39311875 | I90: =I63 -> 0.39418767 | J90: =J63 -> 0.395264 | K90: =K63 -> 0.39634781 | L90: =L63 -> 0.39743917 | M90: =M63 -> 0.39853817 | ... AC90: =AC63 -> 0.41723012 | AD90: =SUM(F90:AC90) -> 9.6905878
C91: travel time, transit | D91: =D64 -> 0.38127572
C92: travel time, bike | D92: ='Mode Operating Assumptions'!C102 -> 0.179
C93: Value of time, auto, $/hour | D93: =D66 -> 12.5
C94: Value of time, transit, $/hour | D94: =D67 -> 12.5
C95: Value of time, bike, $/hour | D95: ='Mode Operating Assumptions'!C103 -> 12.5
C96: Time cost/savings, auto to transit+bike, hours/day | F96: =+(F90*$D$93)-($D$91*$D$94)-($D$92*$D$95) -> -2.1159115 | G96: =+(G90*$D$93)-($D$91*$D$94)-($D$92*$D$95) -> -2.1027321 | H96: =+(H90*$D$93)-($D$91*$D$94)-($D$92*$D$95) -> -2.0894621 | I96: =+(I90*$D$93)-($D$91*$D$94)-($D$92*$D$95) -> -2.0761006 | J96: =+(J90*$D$93)-($D$91*$D$94)-($D$92*$D$95) -> -2.0626465 | K96: =+(K90*$D$93)-($D$91*$D$94)-($D$92*$D$95) -> -2.0490989 | L96: =+(L90*$D$93)-($D$91*$D$94)-($D$92*$D$95) -> -2.0354568 | M96: =+(M90*$D$93)-($D$91*$D$94)-($D$92*$D$95) -> -2.0217193 | ... AC96: =+(AC90*$D$93)-($D$91*$D$94)-($D$92*$D$95) -> -1.7880699 | AD96: =SUM(F96:AC96) -> -46.950367
F97: =F96*F88 -> 0 | G97: =G96*G88 -> 0 | H97: =H96*H88 -> 0 | I97: =I96*I88 -> 0 | J97: =J96*J88 -> -398.6783 | K97: =K96*K88 -> -545.87572 | L97: =L96*L88 -> -559.91907 | M97: =M96*M88 -> -17.558261 | ... AC97: =AC96*AC88 -> -517.326 | AD97: =SUM(F97:AC97) -> -10225.187
C98: Total time cost/savings | F98: =F97 -> 0 | G98: =G97 -> 0 | H98: =H97 -> 0 | I98: =I97 -> 0 | J98: =J97 -> -398.6783 | K98: =K97 -> -545.87572 | L98: =L97 -> -559.91907 | M98: =M97 -> -17.558261 | ... AC98: =AC97 -> -517.326 | AD98: =SUM(F98:AC98) -> -10225.187
C100: USER COST/SAVINGS
C101: Auto costs, $/day | D101: =D74 -> 8.1905
C102: Transit costs, $/day | D102: =D75 -> 2.1074073
C103: Bicycle costs, $/day | D103: 0.1
C104: User cost/savings, auto to transit+bike, $/day | D104: =+D101-D102-D103 -> 5.9830927 | F104: =$D104*F88 -> 0 | G104: =$D104*G88 -> 0 | H104: =$D104*H88 -> 0 | I104: =$D104*I88 -> 0 | J104: =$D104*J88 -> 1156.4411 | K104: =$D104*K88 -> 1593.8836 | L104: =$D104*L88 -> 1645.8456 | M104: =$D104*M88 -> 51.962061 | ... AC104: =$D104*AC88 -> 1731.0338 | AD104: =SUM(F104:AC104) -> 31863.149
C105: Total user cost/savings | F105: =F104 -> 0 | G105: =G104 -> 0 | H105: =H104 -> 0 | I105: =I104 -> 0 | J105: =J104 -> 1156.4411 | K105: =K104 -> 1593.8836 | L105: =L104 -> 1645.8456 | M105: =M104 -> 51.962061 | ... AC105: =AC104 -> 1731.0338 | AD105: =SUM(F105:AC105) -> 31863.149
B107: BIKESHARE
B108: Local | C108: Trips shifted from auto | F108: =F20 -> 0 | G108: =G20 -> 0 | H108: =H20 -> 0 | I108: =I20 -> 0 | J108: =J20 -> 6750 | K108: =K20 -> 9216.25 | L108: =L20 -> 9308.4125 | M108: =M20 -> 9401.4966 | ... AC108: =AC20 -> 11023.994 | AD108: =SUM(F108:AC108) -> 198548.41
C109: Trips shifted from transit | F109: =F21 -> 0 | G109: =G21 -> 0 | H109: =H21 -> 0 | I109: =I21 -> 0 | J109: =J21 -> 3375 | K109: =K21 -> 4608.125 | L109: =L21 -> 4654.2063 | M109: =M21 -> 4700.7483 | ... AC109: =AC21 -> 5511.9971 | AD109: =SUM(F109:AC109) -> 99274.206
C110: Trips shifted from personal bike | F110: =F22 -> 0 | G110: =G22 -> 0 | H110: =H22 -> 0 | I110: =I22 -> 0 | J110: =J22 -> 3375 | K110: =K22 -> 4608.125 | L110: =L22 -> 4654.2063 | M110: =M22 -> 4700.7483 | ... AC110: =AC22 -> 5511.9971 | AD110: =SUM(F110:AC110) -> 99274.206
C111: Trips shifted from walking | F111: =F23 -> 0 | G111: =G23 -> 0 | H111: =H23 -> 0 | I111: =I23 -> 0 | J111: =J23 -> 10125 | K111: =K23 -> 13824.375 | L111: =L23 -> 13962.619 | M111: =M23 -> 14102.245 | ... AC111: =AC23 -> 16535.991 | AD111: =SUM(F111:AC111) -> 297822.62
B112: Commute | C112: Trips shifted from auto to transit+bikeshare | F112: =F25 -> 0 | G112: =G25 -> 0 | H112: =H25 -> 0 | I112: =I25 -> 0 | J112: =J25 -> 16875 | K112: =K25 -> 23040.625 | L112: =L25 -> 23271.031 | M112: =M25 -> 23503.742 | ... AC112: =AC25 -> 27559.985 | AD112: =SUM(F112:AC112) -> 496371.03
B114: New User | C114: TRAVEL TIME COST/SAVINGS
B115: Local | C115: travel time, local auto | D115: varies | F115: ='Mode Operating Assumptions'!D20 -> 0.16806077 | G115: ='Mode Operating Assumptions'!E20 -> 0.16835112 | H115: ='Mode Operating Assumptions'!F20 -> 0.16864347 | I115: ='Mode Operating Assumptions'!G20 -> 0.16893784 | J115: ='Mode Operating Assumptions'!H20 -> 0.16923424 | K115: ='Mode Operating Assumptions'!I20 -> 0.1695327 | L115: ='Mode Operating Assumptions'!J20 -> 0.16983325 | M115: ='Mode Operating Assumptions'!K20 -> 0.1701359 | ... AC115: ='Mode Operating Assumptions'!AA20 -> 0.17528337 | AD115: =SUM(F115:AC115) -> 4.1178696
C116: travel time, bus | D116: ='Mode Operating Assumptions'!C142 -> 0.20730028
C117: travel time, bikeshare | D117: =D65 -> 0.234375
C118: travel time, ped | D118: ='Mode Operating Assumptions'!C52 -> 0.234375
C119: Value of time, auto, $/hour | D119: ='Mode Operating Assumptions'!C21 -> 12.5
C120: Value of time, transit, $/hour | D120: ='Mode Operating Assumptions'!C143 -> 12.5
C121: Value of time, ped, $/hour | D121: =D68 -> 23.9
C122: Value of time, bikeshare, $/hour | D122: ='Mode Operating Assumptions'!C103 -> 12.5
...

Sheet FG Users
A3: USERS and NON-USERS | C3: 2013 | D3: 2014 | E3: 2015 | F3: 2016 | G3: 2017 | H3: 2018 | I3: 2019 | J3: 2020 | K3: 2021 | L3: 2022 | M3: 2023 | N3: 2024 | O3: 2025 | P3: 2026 | Q3: 2027 | R3: 2028 | S3: 2029 | T3: 2030 | U3: 2031 | V3: 2032 | W3: 2033 | X3: 2034 | Y3: 2035 | Z3: 2036
C4: Year 1 | D4: Year 2 | E4: Year 3 | F4: Year 4 | G4: Year 5 | H4: Year 6 | I4: Year 7 | J4: Year 8 | K4: Year 9 | L4: Year 10 | M4: Year 11 | N4: Year 12 | O4: Year 13 | P4: Year 14 | Q4: Year 15 | R4: Year 16 | S4: Year 17 | T4: Year 18 | U4: Year 19 | V4: Year 20 | W4: Year 21 | X4: Year 22 | Y4: Year 23 | Z4: Year 24
A5: PEDESTRIAN
A6: Current User | B6: Current User | G6: =G89*0.75 -> 198629.96 | H6: =H89 -> 273764.94 | I6: =I89 -> 282689.92 | J6: =J89 -> 8924.987 | K6: =K89 -> 291833.39 | L6: =L89 -> 292051.87 | M6: =M89 -> 292270.36 | N6: =N89 -> 292488.84 | O6: =O89 -> 292707.32 | ... Z6: =Z89 -> 297321.81
A7: New User | B7: Mode shift (auto to transit+ped) | C7: =C92 -> 0 | D7: =D92 -> 0 | E7: =E92 -> 0 | F7: =F91 -> 0 | G7: =G91 -> 9931.4981 | H7: =H91 -> 13688.247 | I7: =I91 -> 14134.496 | J7: =J91 -> 446.24935 | K7: =K91 -> 14591.67 | L7: =L91 -> 14602.594 | M7: =M91 -> 14613.518 | ... Z7: =Z91 -> 14866.09
B8: Trips not taken before (none to transit+ped) | C8: =C93 -> 0 | D8: =D93 -> 0 | E8: =E93 -> 0 | F8: =F92 -> 0 | G8: =G92 -> 9931.4981 | H8: =H92 -> 13688.247 | I8: =I92 -> 14134.496 | J8: =J92 -> 446.24935 | K8: =K92 -> 14591.67 | L8: =L92 -> 14602.594 | M8: =M92 -> 14613.518 | ... Z8: =Z92 -> 14866.09
A11: BICYCLE
A12: Current User | B12: Current User | G12: =G96*0.75 -> 3865.6968 | H12: =H96 -> 5327.9588 | I12: =I96 -> 5501.6551 | J12: =J96 -> 173.69632 | K12: =K96 -> 5679.6035 | L12: =L96 -> 5683.8556 | M12: =M96 -> 5688.1076 | N12: =N96 -> 5692.3597 | O12: =O96 -> 5696.6118 | ... Z12: =Z96 -> 5786.418
A13: New User | B13: Trip shifted from auto to transit+bike | C13: =C97 -> 0 | D13: =D97 -> 0 | E13: =E97 -> 0 | F13: =F97 -> 0 | G13: =G97 -> 193.28484 | H13: =H97 -> 266.39794 | I13: =I97 -> 275.08275 | J13: =J97 -> 8.6848162 | ... Z13: =Z97 -> 289.3209
B14: Trips not taken before (none to transit+bike) | C14: =C98 -> 0 | D14: =D98 -> 0 | E14: =E98 -> 0 | F14: =F98 -> 0 | G14: =G98 -> 193.28484 | H14: =H98 -> 266.39794 | I14: =I98 -> 275.08275 | J14: =J98 -> 8.6848162 | ... Z14: =Z98 -> 289.3209
A16: BIKESHARE
A17: New User | B17: Trips shifted from auto | F17: =F104 -> 0 | G17: =G104 -> 6750 | H17: =H104 -> 9216.25 | I17: =I104 -> 9308.4125 | J17: =J104 -> 9401.4966 | K17: =K104 -> 9495.5116 | L17: =L104 -> 9590.4667 | M17: =M104 -> 9686.3714 | ... Z17: =Z104 -> 11023.994
B18: Trips shifted from bus | F18: =F105 -> 0 | G18: =G105 -> 3375 | H18: =H105 -> 4608.125 | I18: =I105 -> 4654.2063 | J18: =J105 -> 4700.7483 | K18: =K105 -> 4747.7558 | L18: =L105 -> 4795.2334 | M18: =M105 -> 4843.1857 | ... Z18: =Z105 -> 5511.9971
B19: Trips shifted from personal bike | F19: =F106 -> 0 | G19: =G106 -> 3375 | H19: =H106 -> 4608.125 | I19: =I106 -> 4654.2063 | J19: =J106 -> 4700.7483 | K19: =K106 -> 4747.7558 | L19: =L106 -> 4795.2334 | M19: =M106 -> 4843.1857 | ... Z19: =Z106 -> 5511.9971
B20: Trips shifted from walking | F20: =F107 -> 0 | G20: =G107 -> 10125 | H20: =H107 -> 13824.375 | I20: =I107 -> 13962.619 | J20: =J107 -> 14102.245 | K20: =K107 -> 14243.267 | L20: =L107 -> 14385.7 | M20: =M107 -> 14529.557 | ... Z20: =Z107 -> 16535.991
B21: Trips not taken before | F21: =F108 -> 0 | G21: =G108 -> 10125 | H21: =H108 -> 13824.375 | I21: =I108 -> 13962.619 | J21: =J108 -> 14102.245 | K21: =K108 -> 14243.267 | L21: =L108 -> 14385.7 | M21: =M108 -> 14529.557 | ... Z21: =Z108 -> 16535.991
B22: Trips shifted from auto to transit+bikeshare | F22: =F109 -> 0 | G22: =G109 -> 16875 | H22: =H109 -> 23040.625 | I22: =I109 -> 23271.031 | J22: =J109 -> 23503.742 | K22: =K109 -> 23738.779 | L22: =L109 -> 23976.167 | M22: =M109 -> 24215.928 | ... Z22: =Z109 -> 27559.985
B23: Trips not taken before (none to transit+bikeshare) | F23: =F110 -> 0 | G23: =G110 -> 16875 | H23: =H110 -> 23040.625 | I23: =I110 -> 23271.031 | J23: =J110 -> 23503.742 | K23: =K110 -> 23738.779 | L23: =L110 -> 23976.167 | M23: =M110 -> 24215.928 | ... Z23: =Z110 -> 27559.985
A25: MOBILITY DEVICE
A26: Current User | B26: Current User | G26: =G113*0.75 -> 1925.1647 | H26: =H113 -> 2653.3892 | I26: =I113 -> 2739.8921 | J26: =J113 -> 86.502911 | K26: =K113 -> 2828.5126 | L26: =L113 -> 2830.6301 | M26: =M113 -> 2832.7477 | N26: =N113 -> 2834.8653 | O26: =O113 -> 2836.9829 | ... Z26: =Z113 -> 2881.7075
A27: New User | B27: Mode shift (auto to transit+mob device) | F27: =F114 -> 0 | G27: =G114 -> 481.29117 | H27: =H114 -> 663.34729 | I27: =I114 -> 684.97302 | J27: =J114 -> 21.625728 | K27: =K114 -> 707.12814 | L27: =L114 -> 707.65754 | M27: =M114 -> 708.18693 | ... Z27: =Z114 -> 720.42687
B28: Trips not taken before (none to transit+mob device) | F28: =F115 -> 0 | G28: =G115 -> 288.7747 | H28: =H115 -> 398.00837 | I28: =I115 -> 410.98381 | J28: =J115 -> 12.975437 | K28: =K115 -> 424.27688 | L28: =L115 -> 424.59452 | M28: =M115 -> 424.91216 | ... Z28: =Z115 -> 432.25612
A30: ROAD
B31: AADT Georgia Avenue | C31: =(82025+61600)/2 -> 71812.5 | D31: =(82025+61600)/2 -> 71812.5 | E31: =(82025+61600)/2 -> 71812.5 | F31: =(82025+61600)/2 -> 71812.5 | G31: =(82025+61600)/2 -> 71812.5 | H31: =(82025+61600)/2 -> 71812.5 | I31: =(82025+61600)/2 -> 71812.5 | J31: =(82025+61600)/2 -> 71812.5 | ... Z31: =(82025+61600)/2 -> 71812.5
B32: AADT Forest Glen Road | C32: =(7550+13750)/2 -> 10650 | D32: =(7550+13750)/2 -> 10650 | E32: =(7550+13750)/2 -> 10650 | F32: =(7550+13750)/2 -> 10650 | G32: =(7550+13750)/2 -> 10650 | H32: =(7550+13750)/2 -> 10650 | I32: =(7550+13750)/2 -> 10650 | J32: =(7550+13750)/2 -> 10650 | ... Z32: =(7550+13750)/2 -> 10650
A33: Annual
A34: Construction Impact | B34: Current User | E34: =(E31+E32)*270 -> 22264875 | F34: =(F31+F32)*180 -> 14843250
A35: Long-Term Impact | B35: Current User | G35: =((G31+G32)*365) -> 30098812 | H35: =((H31+H32)*365) -> 30098812 | I35: =((I31+I32)*365) -> 30098812 | J35: =((J31+J32)*365) -> 30098812 | K35: =((K31+K32)*365) -> 30098812 | L35: =((L31+L32)*365) -> 30098812 | M35: =((M31+M32)*365) -> 30098812 | N35: =((N31+N32)*365) -> 30098812 | ... Z35: =((Z31+Z32)*365) -> 30098812
B36: New User (50% of VT reduced) | C36: =0.5*C42 -> 0 | D36: =0.5*D42 -> 0 | E36: =0.5*E42 -> 0 | F36: 0 | G36: =0.5*G42 -> -17115.537 | H36: =0.5*H42 -> -23437.433 | I36: =0.5*I42 -> -23836.998 | J36: =0.5*J42 -> -16690.899 | K36: =0.5*K42 -> -24408.534 | L36: =0.5*L42 -> -24580.539 | M36: =0.5*M42 -> -24754.205 | N36: =0.5*N42 -> -24929.55 | ... Z36: =0.5*Z42 -> -27229.909
B37: Total User | G37: =G35+G36 -> 30081697 | H37: =H35+H36 -> 30075375 | I37: =I35+I36 -> 30074976 | J37: =J35+J36 -> 30082122 | K37: =K35+K36 -> 30074404 | L37: =L35+L36 -> 30074232 | M37: =M35+M36 -> 30074058 | N37: =N35+N36 -> 30073883 | ... Z37: =Z35+Z36 -> 30071583
B39: TRAVEL IMPACTS
B40: Rail transit trips change | C40: =C7+C8+C13+C14+C22+C23+C27+C28 -> 0 | D40: =D7+D8+D13+D14+D22+D23+D27+D28 -> 0 | E40: =E7+E8+E13+E14+E22+E23+E27+E28 -> 0 | F40: =F7+F8+F13+F14+F22+F23+F27+F28 -> 0 | G40: =G7+G8+G13+G14+G22+G23+G27+G28 -> 54769.632 | H40: =H7+H8+H13+H14+H22+H23+H27+H28 -> 75051.895 | I40: =I7+I8+I13+I14+I22+I23+I27+I28 -> 76457.177 | J40: =J7+J8+J13+J14+J22+J23+J27+J28 -> 47951.953 | ... Z40: =Z7+Z8+Z13+Z14+Z22+Z23+Z27+Z28 -> 86583.477
B41: Bus transit trips change | C41: =-C18 -> 0 | D41: =-D18 -> 0 | E41: =-E18 -> 0 | F41: =-F18 -> 0 | G41: =-G18 -> -3375 | H41: =-H18 -> -4608.125 | I41: =-I18 -> -4654.2063 | J41: =-J18 -> -4700.7483 | ... Z41: =-Z18 -> -5511.9971
B42: Auto VT reduced | C42: =-(('FG Users'!C7+'FG Users'!C13+'FG Users'!C27+'FG Users'!C22)+('FG Users'!C17)) -> 0 | D42: =-(('FG Users'!D7+'FG Users'!D13+'FG Users'!D27+'FG Users'!D22)+('FG Users'!D17)) -> 0 | E42: =-(('FG Users'!E7+'FG Users'!E13+'FG Users'!E27+'FG Users'!E22)+('FG Users'!E17)) -> 0 | F42: =-(('FG Users'!F7+'FG Users'!F13+'FG Users'!F27+'FG Users'!F22)+('FG Users'!F17)) -> 0 | G42: =-(('FG Users'!G7+'FG Users'!G13+'FG Users'!G27+'FG Users'!G22)+('FG Users'!G17)) -> -34231.074 | H42: =-(('FG Users'!H7+'FG Users'!H13+'FG Users'!H27+'FG Users'!H22)+('FG Users'!H17)) -> -46874.867 | I42: =-(('FG Users'!I7+'FG Users'!I13+'FG Users'!I27+'FG Users'!I22)+('FG Users'!I17)) -> -47673.996 | J42: =-(('FG Users'!J7+'FG Users'!J13+'FG Users'!J27+'FG Users'!J22)+('FG Users'!J17)) -> -33381.798 | ... Z42: =-(('FG Users'!Z7+'FG Users'!Z13+'FG Users'!Z27+'FG Users'!Z22)+('FG Users'!Z17)) -> -54459.818
B43: Auto VMT reduced | C43: =-('Mode Operating Assumptions'!$C$27*('FG Users'!C7+'FG Users'!C13+'FG Users'!C27+'FG Users'!C22)+'Mode Operating Assumptions'!$C$18*('FG Users'!C17)) -> 0 | D43: =-('Mode Operating Assumptions'!$C$27*('FG Users'!D7+'FG Users'!D13+'FG Users'!D27+'FG Users'!D22)+'Mode Operating Assumptions'!$C$18*('FG Users'!D17)) -> 0 | E43: =-('Mode Operating Assumptions'!$C$27*('FG Users'!E7+'FG Users'!E13+'FG Users'!E27+'FG Users'!E22)+'Mode Operating Assumptions'!$C$18*('FG Users'!E17)) -> 0 | F43: =-('Mode Operating Assumptions'!$C$27*('FG Users'!F7+'FG Users'!F13+'FG Users'!F27+'FG Users'!F22)+'Mode Operating Assumptions'!$C$18*('FG Users'!F17)) -> 0 | G43: =-('Mode Operating Assumptions'!$C$27*('FG Users'!G7+'FG Users'!G13+'FG Users'!G27+'FG Users'!G22)+'Mode Operating Assumptions'!$C$18*('FG Users'!G17)) -> -190709.48 | H43: =-('Mode Operating Assumptions'!$C$27*('FG Users'!H7+'FG Users'!H13+'FG Users'!H27+'FG Users'!H22)+'Mode Operating Assumptions'!$C$18*('FG Users'!H17)) -> -261278.1 | I43: =-('Mode Operating Assumptions'!$C$27*('FG Users'!I7+'FG Users'!I13+'FG Users'!I27+'FG Users'!I22)+'Mode Operating Assumptions'!$C$18*('FG Users'!I17)) -> -266038.35 | J43: =-('Mode Operating Assumptions'!$C$27*('FG Users'!J7+'FG Users'!J13+'FG Users'!J27+'FG Users'!J22)+'Mode Operating Assumptions'!$C$18*('FG Users'!J17)) -> -172700.64 | ... Z43: =-('Mode Operating Assumptions'!$C$27*('FG Users'!Z7+'FG Users'!Z13+'FG Users'!Z27+'FG Users'!Z22)+'Mode Operating Assumptions'!$C$18*('FG Users'!Z17)) -> -302065.8
B44: Auto fuel savings | C44: =-(C43*'Mode Operating Assumptions'!$C$8/'Mode Operating Assumptions'!C11) -> 0 | D44: =-(D43*'Mode Operating Assumptions'!$C$8/'Mode Operating Assumptions'!D11) -> 0 | E44: =-(E43*'Mode Operating Assumptions'!$C$8/'Mode Operating Assumptions'!E11) -> 0 | F44: =-(F43*'Mode Operating Assumptions'!$C$8/'Mode Operating Assumptions'!G11) -> 0 | G44: =-(G43*'Mode Operating Assumptions'!$C$8/'Mode Operating Assumptions'!H11) -> 30769.601 | H44: =-(H43*'Mode Operating Assumptions'!$C$8/'Mode Operating Assumptions'!I11) -> 41283.847 | I44: =-(I43*'Mode Operating Assumptions'!$C$8/'Mode Operating Assumptions'!J11) -> 41184.578 | J44: =-(J43*'Mode Operating Assumptions'!$C$8/'Mode Operating Assumptions'!K11) -> 26204.492 | K44: =-(K43*'Mode Operating Assumptions'!$C$8/'Mode Operating Assumptions'!L11) -> 41338.721 | L44: =-(L43*'Mode Operating Assumptions'!$C$8/'Mode Operating Assumptions'!M11) -> 41587.979 | M44: =-(M43*'Mode Operating Assumptions'!$C$8/'Mode Operating Assumptions'!N11) -> 41839.568 | ... Z44: =-(Z43*'Mode Operating Assumptions'!$C$8/'Mode Operating Assumptions'!AA11) -> 45448.26
B49: Annual MetroRail Ridership, August of 2010 to July 2011
B51: Forest Glen | C51: 667689
A53: WMATA STATION ACCESS & CAPACITY STUDY | D53: Appendix B-E: Summary of Ridership Forecasts
B55: Daily Ent | F55: Daily Ext
A56: Forest Glen | B56: 2005 | C56: 2010 | D56: 2020 | E56: 2030 | F56: 2005 | G56: 2010 | H56: 2020 | I56: 2030
A57: Flow Summary_Mezzanine Level | B57: 2064.4762 | C57: 2377.6283 | D57: 3418.5307 | E57: 3442.2378 | F57: 1895.0953 | G57: 2181.316 | H57: 3151.0632 | I57: 3176.5766
D58: =(D57-C57)/10 -> 104.09025 | E58: =(E57-D57)/10 -> 2.3707056 | H58: =(H57-G57)/10 -> 96.974713 | I58: =(I57-H57)/10 -> 2.5513437
D59: =D58/C57 -> 0.043779025 | E59: =E58/D57 -> 0.00069348671 | H59: =H58/G57 -> 0.044456976 | I59: =I58/H57 -> 0.00080967712
C61: 2013 | D61: 2014 | E61: 2015 | F61: 2016 | G61: 2017 | H61: 2018 | I61: 2019 | J61: 2020 | K61: 2021 | L61: 2022 | M61: 2023 | N61: 2024 | O61: 2025 | P61: 2026 | Q61: 2027 | R61: 2028 | S61: 2029 | T61: 2030 | U61: 2031 | V61: 2032 | W61: 2033 | X61: 2034 | Y61: 2035 | Z61: 2036
C62: Year 1 | D62: Year 2 | E62: Year 3 | F62: Year 4 | G62: Year 5 | H62: Year 6 | I62: Year 7 | J62: Year 8 | K62: Year 9 | L62: Year 10 | M62: Year 11 | N62: Year 12 | O62: Year 13 | P62: Year 14 | Q62: Year 15 | R62: Year 16 | S62: Year 17 | T62: Year 18 | U62: Year 19 | V62: Year 20 | W62: Year 21 | X62: Year 22 | Y62: Year 23 | Z62: Year 24
B63: Daily users (Entry + Exit) | C63: =$C$57*(1+($D$59*(C61-2010)))+$G$57*(1+($H$59*(C61-2010))) -> 5162.1392 | D63: =$C$57*(1+($D$59*(D61-2010)))+$G$57*(1+($H$59*(D61-2010))) -> 5363.2041 | E63: =$C$57*(1+($D$59*(E61-2010)))+$G$57*(1+($H$59*(E61-2010))) -> 5564.2691 | F63: =$C$57*(1+($D$59*(F61-2010)))+$G$57*(1+($H$59*(F61-2010))) -> 5765.334 | G63: =$C$57*(1+($D$59*(G61-2010)))+$G$57*(1+($H$59*(G61-2010))) -> 5966.399 | H63: =$C$57*(1+($D$59*(H61-2010)))+$G$57*(1+($H$59*(H61-2010))) -> 6167.464 | I63: =$C$57*(1+($D$59*(I61-2010)))+$G$57*(1+($H$59*(I61-2010))) -> 6368.5289 | J63: =H58+D58 -> 201.06496 | K63: =$D$57*(1+($E$59*(K61-2020)))+$H$57*(1+($I$59*(K61-2020))) -> 6574.5159 | L63: =$D$57*(1+($E$59*(L61-2020)))+$H$57*(1+($I$59*(L61-2020))) -> 6579.438 | M63: =$D$57*(1+($E$59*(M61-2020)))+$H$57*(1+($I$59*(M61-2020))) -> 6584.36 | N63: =$D$57*(1+($E$59*(N61-2020)))+$H$57*(1+($I$59*(N61-2020))) -> 6589.2821 | O63: =$D$57*(1+($E$59*(O61-2020)))+$H$57*(1+($I$59*(O61-2020))) -> 6594.2041 | P63: =$D$57*(1+($E$59*(P61-2020)))+$H$57*(1+($I$59*(P61-2020))) -> 6599.1262 | Q63: =$D$57*(1+($E$59*(Q61-2020)))+$H$57*(1+($I$59*(Q61-2020))) -> 6604.0482 | R63: =$D$57*(1+($E$59*(R61-2020)))+$H$57*(1+($I$59*(R61-2020))) -> 6608.9703 | S63: =$D$57*(1+($E$59*(S61-2020)))+$H$57*(1+($I$59*(S61-2020))) -> 6613.8923 | T63: =I57+E57 -> 6618.8144 | U63: =$E$57*(1+($E$59*(U61-2020)))+$I$57*(1+($I$59*(U61-2020))) -> 6673.365 | V63: =$E$57*(1+($E$59*(V61-2020)))+$I$57*(1+($I$59*(V61-2020))) -> 6678.3241 | W63: =$E$57*(1+($E$59*(W61-2020)))+$I$57*(1+($I$59*(W61-2020))) -> 6683.2833 | X63: =$E$57*(1+($E$59*(X61-2020)))+$I$57*(1+($I$59*(X61-2020))) -> 6688.2424 | Y63: =$E$57*(1+($E$59*(Y61-2020)))+$I$57*(1+($I$59*(Y61-2020))) -> 6693.2016 | Z63: =$E$57*(1+($E$59*(Z61-2020)))+$I$57*(1+($I$59*(Z61-2020))) -> 6698.1607
A65: Mode Access Surveys
A66: Station Name | B66: Total | C66: ALEXANDRIA DASH | D66: AMTRAK, MARC OR VRE | E66: ARLINGTON TRANSIT (ART) | F66: Dropped off | G66: BICYCLE | H66: DC CIRCULATOR | I66: DRIVE A CAR | J66: FAIRFAX CITY CUE | K66: FAIRFAX CONNECTOR | L66: METROBUS | M66: MONTGOMERY RIDE ON | N66: OTHER BUS | O66: PRINCE GEORGE'S THE BUS | P66: RIDE WITH SOMEONE WHO PARKED | Q66: TAXI | R66: WALK
A67: FOREST GLEN | B67: 2156.1957 | F67: 277.28149 | G67: 39.86528 | I67: 814.93176 | L67: 22.52512 | M67: 78.91994 | N67: 22.01504 | P67: 25.52498 | Q67: 3.2549 | R67: 871.87721
F68: =F67/$B$67 -> 0.12859755 | G68: =G67/$B$67 -> 0.018488711 | H68: =H67/$B$67 -> 0 | I68: =I67/$B$67 -> 0.37794888 | J68: =J67/$B$67 -> 0 | K68: =K67/$B$67 -> 0 | L68: =L67/$B$67 -> 0.010446695 | M68: =M67/$B$67 -> 0.036601473 | ... R68: =R67/$B$67 -> 0.40435903
B73: Metrorail Mode of Access Study 2007 (All Day Access Absolute)
A74: =R68 -> 0.40435903 | B74: Walk | C74: =C$63*$A74 -> 2087.3576 | D74: =D$63*$A74 -> 2168.66 | E74: =E$63*$A74 -> 2249.9624 | F74: =F$63*$A74 -> 2331.2649 | G74: =G$63*$A74 -> 2412.5673 | H74: =H$63*$A74 -> 2493.8697 | I74: =I$63*$A74 -> 2575.1722 | J74: =J$63*$A74 -> 81.302432 | ... Z74: =Z$63*$A74 -> 2708.4618
A75: =G68 -> 0.018488711 | B75: Bicycle | C75: =C$63*$A75 -> 95.4413 | D75: =D$63*$A75 -> 99.158732 | E75: =E$63*$A75 -> 102.87616 | F75: =F$63*$A75 -> 106.5936 | G75: =G$63*$A75 -> 110.31103 | H75: =H$63*$A75 -> 114.02846 | I75: =I$63*$A75 -> 117.74589 | J75: =J$63*$A75 -> 3.717432 | ... Z75: =Z$63*$A75 -> 123.84036
A76: =I68+P68 -> 0.38978685 | B76: Car - Park | C76: =C$63*$A76 -> 2012.134 | D76: =D$63*$A76 -> 2090.5064 | E76: =E$63*$A76 -> 2168.8789 | F76: =F$63*$A76 -> 2247.2514 | G76: =G$63*$A76 -> 2325.6239 | H76: =H$63*$A76 -> 2403.9964 | I76: =I$63*$A76 -> 2482.3688 | J76: =J$63*$A76 -> 78.372478 | ... Z76: =Z$63*$A76 -> 2610.855
A77: =F68 -> 0.12859755 | B77: Car - Drop-off | C77: =C$63*$A77 -> 663.83846 | D77: =D$63*$A77 -> 689.69492 | E77: =E$63*$A77 -> 715.55138 | F77: =F$63*$A77 -> 741.40784 | G77: =G$63*$A77 -> 767.2643 | H77: =H$63*$A77 -> 793.12076 | I77: =I$63*$A77 -> 818.97722 | J77: =J$63*$A77 -> 25.856462 | ... Z77: =Z$63*$A77 -> 861.36707
A78: =L68+M68+N68 -> 0.057258299 | B78: Bus | C78: =C$63*$A78 -> 295.57531 | D78: =D$63*$A78 -> 307.08795 | E78: =E$63*$A78 -> 318.60058 | F78: =F$63*$A78 -> 330.11322 | G78: =G$63*$A78 -> 341.62586 | H78: =H$63*$A78 -> 353.1385 | I78: =I$63*$A78 -> 364.65114 | J78: =J$63*$A78 -> 11.512638 | ... Z78: =Z$63*$A78 -> 383.52529
A79: =Q68 -> 0.0015095568 | B79: Other (Taxi, Motorcycle, etc.) | C79: =C$63*$A79 -> 7.7925425 | D79: =D$63*$A79 -> 8.0960615 | E79: =E$63*$A79 -> 8.3995804 | F79: =F$63*$A79 -> 8.7030994 | G79: =G$63*$A79 -> 9.0066184 | H79: =H$63*$A79 -> 9.3101374 | I79: =I$63*$A79 -> 9.6136564 | J79: =J$63*$A79 -> 0.30351899 | ... Z79: =Z$63*$A79 -> 10.111254
A80: =SUM(A74:A79) -> 1 | C80: =C$63*$A80 -> 5162.1392 | D80: =D$63*$A80 -> 5363.2041 | E80: =E$63*$A80 -> 5564.2691 | F80: =F$63*$A80 -> 5765.334 | G80: =G$63*$A80 -> 5966.399 | H80: =H$63*$A80 -> 6167.464 | I80: =I$63*$A80 -> 6368.5289 | J80: =J$63*$A80 -> 201.06496 | ... Z80: =Z$63*$A80 -> 6698.1607
A82: Pedestrian Volumes
B83: Weekday Volume
B84: =210+127+237+230 -> 804 | C84: =B84/C63 -> 0.15574939
B85: Percent using tunnel
B86: 0.95 | C86: =C84*B86 -> 0.14796192
A87: PEDESTRIAN
A88: Current User | B88: Effective weekdays per year
B89: 300 | C89: =$C$86*C63*$B$89 -> 229140 | D89: =$C$86*D63*$B$89 -> 238064.99 | E89: =$C$86*E63*$B$89 -> 246989.97 | F89: =$C$86*F63*$B$89 -> 255914.96 | G89: =$C$86*G63*$B$89 -> 264839.95 | H89: =$C$86*H63*$B$89 -> 273764.94 | I89: =$C$86*I63*$B$89 -> 282689.92 | J89: =$C$86*J63*$B$89 -> 8924.987 | ... Z89: =$C$86*Z63*$B$89 -> 297321.81
A90: New User (mode shift)
A91: 0.05 | B91: Mode shift (auto to transit+ped) | G91: =G89*$A$91*0.75 -> 9931.4981 | H91: =H89*$A$91 -> 13688.247 | I91: =I89*$A$91 -> 14134.496 | J91: =J89*$A$91 -> 446.24935 | K91: =K89*$A$91 -> 14591.67 | L91: =L89*$A$91 -> 14602.594 | M91: =M89*$A$91 -> 14613.518 | N91: =N89*$A$91 -> 14624.442 | O91: =O89*$A$91 -> 14635.366 | ... Z91: =Z89*$A$91 -> 14866.09
A92: 0.05 | B92: Trips not taken before (none to transit+ped) | G92: =G89*$A$92*0.75 -> 9931.4981 | H92: =H89*$A$92 -> 13688.247 | I92: =I89*$A$92 -> 14134.496 | J92: =J89*$A$92 -> 446.24935 | K92: =K89*$A$92 -> 14591.67 | L92: =L89*$A$92 -> 14602.594 | M92: =M89*$A$92 -> 14613.518 | N92: =N89*$A$92 -> 14624.442 | O92: =O89*$A$92 -> 14635.366 | ... Z92: =Z89*$A$92 -> 14866.09
A94: BICYCLE
A95: Current User | B95: Effective weekdays per year | C95: =C75*$C$84 -> 14.864924 | D95: =D75*$C$84 -> 15.443912 | E95: =E75*$C$84 -> 16.022899 | F95: =F75*$C$84 -> 16.601887 | G95: =G75*$C$84 -> 17.180875 | H95: =H75*$C$84 -> 17.759863 | I95: =I75*$C$84 -> 18.33885 | J95: =J75*$C$84 -> 0.57898775 | ... Z95: =Z75*$C$84 -> 19.28806
B96: 300 | C96: =C95*$B$96 -> 4459.4771 | D96: =D95*$B$96 -> 4633.1735 | E96: =E95*$B$96 -> 4806.8698 | F96: =F95*$B$96 -> 4980.5661 | G96: =G95*$B$96 -> 5154.2624 | H96: =H95*$B$96 -> 5327.9588 | I96: =I95*$B$96 -> 5501.6551 | J96: =J95*$B$96 -> 173.69632 | ... Z96: =Z95*$B$96 -> 5786.418
A97: 0.05 | B97: Trip shifted from auto to transit+bike | G97: =G96*$A$97*0.75 -> 193.28484 | H97: =H96*$A$97 -> 266.39794 | I97: =I96*$A$97 -> 275.08275 | J97: =J96*$A$97 -> 8.6848162 | K97: =K96*$A$97 -> 283.98017 | L97: =L96*$A$97 -> 284.19278 | M97: =M96*$A$97 -> 284.40538 | N97: =N96*$A$97 -> 284.61798 | O97: =O96*$A$97 -> 284.83059 | ... Z97: =Z96*$A$97 -> 289.3209
A98: 0.05 | B98: Trips not taken before (none to transit+bike) | G98: =G96*$A$98*0.75 -> 193.28484 | H98: =H96*$A$98 -> 266.39794 | I98: =I96*$A$98 -> 275.08275 | J98: =J96*$A$98 -> 8.6848162 | K98: =K96*$A$98 -> 283.98017 | L98: =L96*$A$98 -> 284.19278 | M98: =M96*$A$98 -> 284.40538 | N98: =N96*$A$98 -> 284.61798 | O98: =O96*$A$98 -> 284.83059 | ... Z98: =Z96*$A$98 -> 289.3209
A100: BIKESHARE | B100: Bikes | C100: 100
B101: Trips per bike per day | C101: 2.5 | G101: 2.5 | H101: =G101*1.01 -> 2.525 | I101: =H101*1.01 -> 2.55025 | J101: =I101*1.01 -> 2.5757525 | K101: =J101*1.01 -> 2.60151 | L101: =K101*1.01 -> 2.6275251 | M101: =L101*1.01 -> 2.6538004 | N101: =M101*1.01 -> 2.6803384 | O101: =N101*1.01 -> 2.7071418 | ... Z101: =Y101*1.01 -> 3.0202724
B102: Days | C102: 365 | G102: =270*G101*$C$100 -> 67500 | H102: =$C$102*H101*$C$100 -> 92162.5 | I102: =$C$102*I101*$C$100 -> 93084.125 | J102: =$C$102*J101*$C$100 -> 94014.966 | K102: =$C$102*K101*$C$100 -> 94955.116 | L102: =$C$102*L101*$C$100 -> 95904.667 | M102: =$C$102*M101*$C$100 -> 96863.714 | N102: =$C$102*N101*$C$100 -> 97832.351 | O102: =$C$102*O101*$C$100 -> 98810.674 | ... Z102: =$C$102*Z101*$C$100 -> 110239.94
A104: Local (50%) | B104: Trips shifted from auto | C104: 0.1 | G104: =G$102*$C104 -> 6750 | H104: =H$102*$C104 -> 9216.25 | I104: =I$102*$C104 -> 9308.4125 | J104: =J$102*$C104 -> 9401.4966 | K104: =K$102*$C104 -> 9495.5116 | L104: =L$102*$C104 -> 9590.4667 | M104: =M$102*$C104 -> 9686.3714 | N104: =N$102*$C104 -> 9783.2351 | ... Z104: =Z$102*$C104 -> 11023.994
B105: Trips shifted from bus | C105: 0.05 | G105: =G$102*$C105 -> 3375 | H105: =H$102*$C105 -> 4608.125 | I105: =I$102*$C105 -> 4654.2063 | J105: =J$102*$C105 -> 4700.7483 | K105: =K$102*$C105 -> 4747.7558 | L105: =L$102*$C105 -> 4795.2334 | M105: =M$102*$C105 -> 4843.1857 | N105: =N$102*$C105 -> 4891.6175 | ... Z105: =Z$102*$C105 -> 5511.9971
B106: Trips shifted from personal bike | C106: 0.05 | G106: =G$102*$C106 -> 3375 | H106: =H$102*$C106 -> 4608.125 | I106: =I$102*$C106 -> 4654.2063 | J106: =J$102*$C106 -> 4700.7483 | K106: =K$102*$C106 -> 4747.7558 | L106: =L$102*$C106 -> 4795.2334 | M106: =M$102*$C106 -> 4843.1857 | N106: =N$102*$C106 -> 4891.6175 | ... Z106: =Z$102*$C106 -> 5511.9971
B107: Trips shifted from walking | C107: 0.15 | G107: =G$102*$C107 -> 10125 | H107: =H$102*$C107 -> 13824.375 | I107: =I$102*$C107 -> 13962.619 | J107: =J$102*$C107 -> 14102.245 | K107: =K$102*$C107 -> 14243.267 | L107: =L$102*$C107 -> 14385.7 | M107: =M$102*$C107 -> 14529.557 | N107: =N$102*$C107 -> 14674.853 | ... Z107: =Z$102*$C107 -> 16535.991
B108: Trips not taken before | C108: 0.15 | G108: =G$102*$C108 -> 10125 | H108: =H$102*$C108 -> 13824.375 | I108: =I$102*$C108 -> 13962.619 | J108: =J$102*$C108 -> 14102.245 | K108: =K$102*$C108 -> 14243.267 | L108: =L$102*$C108 -> 14385.7 | M108: =M$102*$C108 -> 14529.557 | N108: =N$102*$C108 -> 14674.853 | ... Z108: =Z$102*$C108 -> 16535.991
A109: Commute (50%) | B109: Trips shifted from auto to transit+bikeshare | C109: 0.25 | G109: =G$102*$C109 -> 16875 | H109: =H$102*$C109 -> 23040.625 | I109: =I$102*$C109 -> 23271.031 | J109: =J$102*$C109 -> 23503.742 | K109: =K$102*$C109 -> 23738.779 | L109: =L$102*$C109 -> 23976.167 | M109: =M$102*$C109 -> 24215.928 | N109: =N$102*$C109 -> 24458.088 | ... Z109: =Z$102*$C109 -> 27559.985
B110: Trips shifted from none to transit+bikeshare | C110: 0.25 | G110: =G$102*$C110 -> 16875 | H110: =H$102*$C110 -> 23040.625 | I110: =I$102*$C110 -> 23271.031 | J110: =J$102*$C110 -> 23503.742 | K110: =K$102*$C110 -> 23738.779 | L110: =L$102*$C110 -> 23976.167 | M110: =M$102*$C110 -> 24215.928 | N110: =N$102*$C110 -> 24458.088 | ... Z110: =Z$102*$C110 -> 27559.985
C111: =SUM(C104:C110) -> 1
A112: MOBILITY DEVICE
B113: Current User | C113: =$B$86*C79*300 -> 2220.8746 | D113: =$B$86*D79*300 -> 2307.3775 | E113: =$B$86*E79*300 -> 2393.8804 | F113: =$B$86*F79*300 -> 2480.3833 | G113: =$B$86*G79*300 -> 2566.8863 | H113: =$B$86*H79*300 -> 2653.3892 | I113: =$B$86*I79*300 -> 2739.8921 | J113: =$B$86*J79*300 -> 86.502911 | ... Z113: =$B$86*Z79*300 -> 2881.7075
A114: 0.25 | B114: Mode shift (auto to transit+mob device) | G114: =G113*$A114*0.75 -> 481.29117 | H114: =H113*$A114 -> 663.34729 | I114: =I113*$A114 -> 684.97302 | J114: =J113*$A114 -> 21.625728 | K114: =K113*$A114 -> 707.12814 | L114: =L113*$A114 -> 707.65754 | M114: =M113*$A114 -> 708.18693 | N114: =N113*$A114 -> 708.71633 | O114: =O113*$A114 -> 709.24572 | ... Z114: =Z113*$A114 -> 720.42687
A115: 0.15 | B115: Trips not taken before (none to transit+mob device) | G115: =G113*$A115*0.75 -> 288.7747 | H115: =H113*$A115 -> 398.00837 | I115: =I113*$A115 -> 410.98381 | J115: =J113*$A115 -> 12.975437 | K115: =K113*$A115 -> 424.27688 | L115: =L113*$A115 -> 424.59452 | M115: =M113*$A115 -> 424.91216 | N115: =N113*$A115 -> 425.2298 | O115: =O113*$A115 -> 425.54743 | ... Z115: =Z113*$A115 -> 432.25612
A117: ROAD NON-USER
A118: Construction Impact
A119: Long-Term Impact
A122: Forest Glen Metro Station Pedestrian Access
A123: Bridge and Tunnel Alternative Delay Evaluation | C123: Movement | E123: Distances (LF) | F123: Walk Time (s) @ 4.5 fps | G123: Additional Time (s) | H123: Total Time (s) | I123: Estimated Usage*
B124: No‐Build | C124: SE to SW Metro At‐Grade | E124: 612 | F124: 136 | G124: 71 | H124: 207
B125: Bridge | C125: SE to SW Metro via Bridge | E125: 361 | F125: 80.2 | G125: 70 | H125: 150.2 | I125: 0.9 | J125: Tbridge/ Tground =0.73
B126: Tunnel | C126: SE to SW Metro via Tunnel | E126: 397 | F126: 88.2 | G126: 0 | H126: 88.2 | I126: 1 | J126: Ttunnel/ Tground =0.43
B128: *Estimated usage based on AASHTO Pedestrian Facility Design Guide, Exhibit 3‐39, Pedestrian Use of Bridges/Tunnels Based on Convenience
B129: Average Signal Delay: 71s
...

Sheet NC
F1: 2013 | G1: 2014 | H1: 2015 | I1: 2016 | J1: 2017 | K1: 2018 | L1: 2019 | M1: 2020 | N1: 2021 | O1: 2022 | P1: 2023 | Q1: 2024 | R1: 2025 | S1: 2026 | T1: 2027 | U1: 2028 | V1: 2029 | W1: 2030 | X1: 2031 | Y1: 2032 | Z1: 2033 | AA1: 2034 | AB1: 2035 | AC1: 2036
D2: Factor | E2: Total | F2: Year 1 | G2: Year 2 | H2: Year 3 | I2: Year 4 | J2: Year 5 | K2: Year 6 | L2: Year 7 | M2: Year 8 | N2: Year 9 | O2: Year 10 | P2: Year 11 | Q2: Year 12 | R2: Year 13 | S2: Year 14 | T2: Year 15 | U2: Year 16 | V2: Year 17 | W2: Year 18 | X2: Year 19 | Y2: Year 20 | Z2: Year 21 | AA2: Year 22 | AB2: Year 23 | AC2: Year 24
A5: Project Costs | C5: O & M
C6: Construction | F6: -534024 | G6: -41400
A8: Users
B9: PEDESTRIAN
B10: Local | C10: Current User | F10: ='NC Users'!C5 -> 0 | G10: ='NC Users'!D5 -> 142212.45 | H10: ='NC Users'!E5 -> 143529.29 | I10: ='NC Users'!F5 -> 144846.13 | J10: ='NC Users'!G5 -> 146162.98 | K10: ='NC Users'!H5 -> 147479.82 | L10: ='NC Users'!I5 -> 148796.66 | M10: ='NC Users'!J5 -> 150113.5 | ... AC10: ='NC Users'!Z5 -> 140204.59 | AD10: =SUM(F10:AC10) -> 3349860.5
B11: Commute | C11: Trip shifted from auto to transit+ped | F11: ='NC Users'!C6 -> 0 | G11: ='NC Users'!D6 -> 2844.249 | H11: ='NC Users'!E6 -> 2870.5858 | I11: ='NC Users'!F6 -> 2896.9227 | J11: ='NC Users'!G6 -> 2923.2595 | K11: ='NC Users'!H6 -> 2949.5964 | L11: ='NC Users'!I6 -> 2975.9332 | M11: ='NC Users'!J6 -> 3002.27 | ... AC11: ='NC Users'!Z6 -> 2804.0917 | AD11: =SUM(F11:AC11) -> 66997.209
C12: Trips not taken before (none to transit+ped) | F12: ='NC Users'!C7 -> 0 | G12: ='NC Users'!D7 -> 2844.249 | H12: ='NC Users'!E7 -> 2870.5858 | I12: ='NC Users'!F7 -> 2896.9227 | J12: ='NC Users'!G7 -> 2923.2595 | K12: ='NC Users'!H7 -> 2949.5964 | L12: ='NC Users'!I7 -> 2975.9332 | M12: ='NC Users'!J7 -> 3002.27 | ... AC12: ='NC Users'!Z7 -> 2804.0917 | AD12: =SUM(F12:AC12) -> 66997.209
B14: BICYCLE
B15: Local | C15: Current User | F15: ='NC Users'!C11 -> 0 | G15: ='NC Users'!D11 -> 2693.4551 | H15: ='NC Users'!E11 -> 2718.3957 | I15: ='NC Users'!F11 -> 2743.3362 | J15: ='NC Users'!G11 -> 2768.2767 | K15: ='NC Users'!H11 -> 2793.2173 | L15: ='NC Users'!I11 -> 2818.1578 | M15: ='NC Users'!J11 -> 2843.0984 | ... AC15: ='NC Users'!Z11 -> 2655.4269 | AD15: =SUM(F15:AC15) -> 63445.211
B16: Commute | C16: Trip shifted from auto to transit+bike | F16: ='NC Users'!C12 -> 0 | G16: ='NC Users'!D12 -> 53.869103 | H16: ='NC Users'!E12 -> 54.367913 | I16: ='NC Users'!F12 -> 54.866724 | J16: ='NC Users'!G12 -> 55.365535 | K16: ='NC Users'!H12 -> 55.864346 | L16: ='NC Users'!I12 -> 56.363156 | M16: ='NC Users'!J12 -> 56.861967 | ... AC16: ='NC Users'!Z12 -> 53.108537 | AD16: =SUM(F16:AC16) -> 1268.9042
C17: Trips not taken before (none to transit+bike) | F17: ='NC Users'!C13 -> 0 | G17: ='NC Users'!D13 -> 53.869103 | H17: ='NC Users'!E13 -> 54.367913 | I17: ='NC Users'!F13 -> 54.866724 | J17: ='NC Users'!G13 -> 55.365535 | K17: ='NC Users'!H13 -> 55.864346 | L17: ='NC Users'!I13 -> 56.363156 | M17: ='NC Users'!J13 -> 56.861967 | ... AC17: ='NC Users'!Z13 -> 53.108537 | AD17: =SUM(F17:AC17) -> 1268.9042
C19: TRAVEL IMPACTS
C20: Rail transit trips change | F20: ='NC Users'!C24 -> 0 | G20: ='NC Users'!D24 -> 5796.2362 | H20: ='NC Users'!E24 -> 5849.9075 | I20: ='NC Users'!F24 -> 5903.5788 | J20: ='NC Users'!G24 -> 5957.2501 | K20: ='NC Users'!H24 -> 6010.9214 | L20: ='NC Users'!I24 -> 6064.5927 | M20: ='NC Users'!J24 -> 6118.264 | ... AC20: ='NC Users'!Z24 -> 5714.4005 | AD20: =SUM(F20:AC20) -> 136532.23
C21: Bus transit trips change | F21: ='NC Users'!C25 -> 0 | G21: ='NC Users'!D25 -> 0 | H21: ='NC Users'!E25 -> -1078.5026 | I21: ='NC Users'!F25 -> -1088.3976 | J21: ='NC Users'!G25 -> -1098.2926 | K21: ='NC Users'!H25 -> -1108.1875 | L21: ='NC Users'!I25 -> -1118.0825 | M21: ='NC Users'!J25 -> -1127.9775 | ... AC21: ='NC Users'!Z25 -> -1053.5202 | AD21: =SUM(F21:AC21) -> -24102.793
C22: Auto VT reduced | F22: ='NC Users'!C26 -> 0 | G22: ='NC Users'!D26 -> -2898.1181 | H22: ='NC Users'!E26 -> -2924.9537 | I22: ='NC Users'!F26 -> -2951.7894 | J22: ='NC Users'!G26 -> -2978.6251 | K22: ='NC Users'!H26 -> -3005.4607 | L22: ='NC Users'!I26 -> -3032.2964 | M22: ='NC Users'!J26 -> -3059.132 | ... AC22: ='NC Users'!Z26 -> -2857.2002 | AD22: =SUM(F22:AC22) -> -68266.113
C23: Auto VMT reduced | F23: ='NC Users'!C27 -> 0 | G23: ='NC Users'!D27 -> -18837.768 | H23: ='NC Users'!E27 -> -19012.199 | I23: ='NC Users'!F27 -> -19186.631 | J23: ='NC Users'!G27 -> -19361.063 | K23: ='NC Users'!H27 -> -19535.495 | L23: ='NC Users'!I27 -> -19709.926 | M23: ='NC Users'!J27 -> -19884.358 | ... AC23: ='NC Users'!Z27 -> -18571.802 | AD23: =SUM(F23:AC23) -> -443729.74
C24: Auto fuel savings | F24: ='NC Users'!C28 -> 0 | G24: ='NC Users'!D28 -> 3319.646 | H24: ='NC Users'!E28 -> 3274.8771 | I24: ='NC Users'!F28 -> 3232.0817 | J24: ='NC Users'!G28 -> 3191.1321 | K24: ='NC Users'!H28 -> 3151.9114 | L24: ='NC Users'!I28 -> 3114.3123 | M24: ='NC Users'!J28 -> 3078.2363 | ... AC24: ='NC Users'!Z28 -> 2795.7476 | AD24: =SUM(F24:AC24) -> 68944.601
A26: Non-Users
B27: ROAD
B28: Construction Impact | C28: Current User | F28: ='NC Users'!C18 -> 0 | G28: ='NC Users'!D18 -> 5514534.5 | H28: ='NC Users'!E18 -> 0 | I28: ='NC Users'!F18 -> 0 | J28: ='NC Users'!G18 -> 0 | K28: ='NC Users'!H18 -> 0 | L28: ='NC Users'!I18 -> 0 | M28: ='NC Users'!J18 -> 0 | ... AC28: ='NC Users'!Z18 -> 0 | AD28: =SUM(F28:AC28) -> 5514534.5
B29: Long-Term Impact | C29: Reduced Users | F29: ='NC Users'!C19 -> 0 | G29: ='NC Users'!D19 -> -1449.059 | H29: ='NC Users'!E19 -> -1462.4769 | I29: ='NC Users'!F19 -> -1475.8947 | J29: ='NC Users'!G19 -> -1489.3125 | K29: ='NC Users'!H19 -> -1502.7304 | L29: ='NC Users'!I19 -> -1516.1482 | M29: ='NC Users'!J19 -> -1529.566 | ... AC29: ='NC Users'!Z19 -> -1428.6001 | AD29: =SUM(F29:AC29) -> -34133.057
C30: Total Users | F30: ='NC Users'!C20 -> 0 | G30: ='NC Users'!D20 -> 0 | H30: ='NC Users'!E20 -> 5564134.8 | I30: ='NC Users'!F20 -> 5615184.2 | J30: ='NC Users'!G20 -> 5666233.7 | K30: ='NC Users'!H20 -> 5717283.1 | L30: ='NC Users'!I20 -> 5768332.5 | M30: ='NC Users'!J20 -> 5819381.9 | ... AC30: ='NC Users'!Z20 -> 5435247.4 | AD30: =SUM(F30:AC30) -> 1.2434943e+08
A33: STATE OF GOOD REPAIR
C34: New Construction for this project
A38: ECONOMIC COMPETITIVENESS
B40: PEDESTRIAN
B41: Local | C41: Current User
C42: TRAVEL TIME COST/SAVINGS
C43: Travel time savings (hour) | D43: =30/3600 -> 0.0083333333
C44: Value of time, ped, $/hour | D44: 26.21
C45: Total time cost/savings | F45: 0 | G45: 0 | H45: =$D$44*$D$43*H10 -> 31349.189 | I45: =$D$44*$D$43*I10 -> 31636.81 | J45: =$D$44*$D$43*J10 -> 31924.43 | K45: =$D$44*$D$43*K10 -> 32212.05 | L45: =$D$44*$D$43*L10 -> 32499.67 | M45: =$D$44*$D$43*M10 -> 32787.291 | N45: =$D$44*$D$43*N10 -> 32702.698 | O45: =$D$44*$D$43*O10 -> 32618.105 | ... AC45: =$D$44*$D$43*AC10 -> 30623.018 | AD45: =SUM(F45:AC45) -> 700603.78
B47: Commute | C47: Mode shift (auto to transit+ped) | F47: =F11 -> 0 | G47: =G11 -> 2844.249 | H47: =H11 -> 2870.5858 | I47: =I11 -> 2896.9227 | J47: =J11 -> 2923.2595 | K47: =K11 -> 2949.5964 | L47: =L11 -> 2975.9332 | M47: =M11 -> 3002.27 | ... AC47: =AC11 -> 2804.0917 | AD47: =SUM(F47:AC47) -> 66997.209
C48: TRAVEL TIME COST/SAVINGS
C49: travel time, auto | D49: varies | F49: ='Mode Operating Assumptions'!D29 -> 0.3910028 | G49: ='Mode Operating Assumptions'!E29 -> 0.39205715 | H49: ='Mode Operating Assumptions'!F29 -> 0.39311875 | I49: ='Mode Operating Assumptions'!G29 -> 0.39418767 | J49: ='Mode Operating Assumptions'!H29 -> 0.395264 | K49: ='Mode Operating Assumptions'!I29 -> 0.39634781 | L49: ='Mode Operating Assumptions'!J29 -> 0.39743917 | M49: ='Mode Operating Assumptions'!K29 -> 0.39853817 | ... AC49: ='Mode Operating Assumptions'!AA29 -> 0.41723012 | AD49: =SUM(F49:AC49) -> 9.6905878
C50: travel time, transit | D50: ='Mode Operating Assumptions'!C150 -> 0.38127572
C51: travel time, ped | D51: ='Mode Operating Assumptions'!C52 -> 0.234375
C52: Value of time, auto, $/hour | D52: 13.91
C53: Value of time, transit, $/hour | D53: 13.91
C54: Value of time, ped, $/hour | D54: =D44 -> 26.21
C55: Time cost/savings, auto to transit+ped, hours/day | F55: =+(F49*$D$52)-($D$50*$D$53)-($D$51*$D$54) -> -6.0076651 | G55: =+(G49*$D$52)-($D$50*$D$53)-($D$51*$D$54) -> -5.9929991 | H55: =+(H49*$D$52)-($D$50*$D$53)-($D$51*$D$54) -> -5.9782322 | I55: =+(I49*$D$52)-($D$50*$D$53)-($D$51*$D$54) -> -5.9633635 | J55: =+(J49*$D$52)-($D$50*$D$53)-($D$51*$D$54) -> -5.9483918 | K55: =+(K49*$D$52)-($D$50*$D$53)-($D$51*$D$54) -> -5.933316 | L55: =+(L49*$D$52)-($D$50*$D$53)-($D$51*$D$54) -> -5.9181351 | M55: =+(M49*$D$52)-($D$50*$D$53)-($D$51*$D$54) -> -5.902848 | ... AC55: =+(AC49*$D$52)-($D$50*$D$53)-($D$51*$D$54) -> -5.642843 | AD55: =SUM(F55:AC55) -> -139.92026
F56: =F55*F47 -> 0 | G56: =G55*G47 -> -17045.582 | H56: =H55*H47 -> -17161.029 | I56: =I55*I47 -> -17275.403 | J56: =J55*J47 -> -17388.693 | K56: =K55*K47 -> -17500.887 | L56: =L55*L47 -> -17611.975 | M56: =M55*M47 -> -17721.944 | ... AC56: =AC55*AC47 -> -15823.049 | AD56: =SUM(F56:AC56) -> -390158.58
C57: Total time cost/savings | F57: =F56 -> 0 | G57: =G56 -> -17045.582 | H57: =H56 -> -17161.029 | I57: =I56 -> -17275.403 | J57: =J56 -> -17388.693 | K57: =K56 -> -17500.887 | L57: =L56 -> -17611.975 | M57: =M56 -> -17721.944 | ... AC57: =AC56 -> -15823.049 | AD57: =SUM(F57:AC57) -> -390158.58
C59: USER COST/SAVINGS
C60: Auto costs/savings, $/trip | D60: ='Mode Operating Assumptions'!C33 -> 8.1905
C61: Transit costs, $/trip | D61: ='Mode Operating Assumptions'!C153 -> 2.1074073
C62: Ped costs/savings, $/trip | D62: 0.05
C63: User cost/savings, auto to transit+ped, $/trip | D63: =+D60-D61-D62 -> 6.0330927 | F63: =$D63*F47 -> 0 | G63: =$D63*G47 -> 17159.618 | H63: =$D63*H47 -> 17318.511 | I63: =$D63*I47 -> 17477.403 | J63: =$D63*J47 -> 17636.296 | K63: =$D63*K47 -> 17795.188 | L63: =$D63*L47 -> 17954.081 | M63: =$D63*M47 -> 18112.974 | ... AC63: =$D63*AC47 -> 16917.345 | AD63: =SUM(F63:AC63) -> 404200.37
C64: Total user cost/savings | F64: =F63 -> 0 | G64: =G63 -> 17159.618 | H64: =H63 -> 17318.511 | I64: =I63 -> 17477.403 | J64: =J63 -> 17636.296 | K64: =K63 -> 17795.188 | L64: =L63 -> 17954.081 | M64: =M63 -> 18112.974 | ... AC64: =AC63 -> 16917.345 | AD64: =SUM(F64:AC64) -> 404200.37
B66: BICYCLE
B67: Local | C67: Current User
C68: TRAVEL TIME COST/SAVINGS
C69: Travel time savings (hours) | D69: =20/3600 -> 0.0055555556
C70: Value of time, bike, $/hour | D70: ='Price Assumptions'!$B$3 -> 12.5
C71: Total time cost/savings | F71: =($D$69)*$D$70*F15 -> 0 | G71: =($D$69)*$D$70*G15 -> 187.04549 | H71: =($D$69)*$D$70*H15 -> 188.77748 | I71: =($D$69)*$D$70*I15 -> 190.50946 | J71: =($D$69)*$D$70*J15 -> 192.24144 | K71: =($D$69)*$D$70*K15 -> 193.97342 | L71: =($D$69)*$D$70*L15 -> 195.7054 | M71: =($D$69)*$D$70*M15 -> 197.43739 | ... AC71: =($D$69)*$D$70*AC15 -> 184.40464 | AD71: =SUM(F71:AC71) -> 4405.9174
B74: Commute | C74: Mode shift (auto to transit+bike) | F74: =F16 -> 0 | G74: =G16 -> 53.869103 | H74: =H16 -> 54.367913 | I74: =I16 -> 54.866724 | J74: =J16 -> 55.365535 | K74: =K16 -> 55.864346 | L74: =L16 -> 56.363156 | M74: =M16 -> 56.861967 | ... AC74: =AC16 -> 53.108537 | AD74: =SUM(F74:AC74) -> 1268.9042
C75: TRAVEL TIME COST/SAVINGS
C76: travel time, auto | D76: varies | F76: =F49 -> 0.3910028 | G76: =G49 -> 0.39205715 | H76: =H49 -> 0.39311875 | I76: =I49 -> 0.39418767 | J76: =J49 -> 0.395264 | K76: =K49 -> 0.39634781 | L76: =L49 -> 0.39743917 | M76: =M49 -> 0.39853817 | ... AC76: =AC49 -> 0.41723012 | AD76: =SUM(F76:AC76) -> 9.6905878
C77: travel time, transit | D77: =D50 -> 0.38127572
C78: travel time, bike | D78: ='Mode Operating Assumptions'!C102 -> 0.179
C79: Value of time, auto, $/hour | D79: =D52 -> 13.91
C80: Value of time, transit, $/hour | D80: =D53 -> 13.91
C81: Value of time, bike, $/hour | D81: ='Mode Operating Assumptions'!C103 -> 12.5
C82: Time cost/savings, auto to transit+bike, hours/day | F82: =+(F76*$D$79)-($D$77*$D$80)-($D$78*$D$81) -> -2.1021963 | G82: =+(G76*$D$79)-($D$77*$D$80)-($D$78*$D$81) -> -2.0875303 | H82: =+(H76*$D$79)-($D$77*$D$80)-($D$78*$D$81) -> -2.0727635 | I82: =+(I76*$D$79)-($D$77*$D$80)-($D$78*$D$81) -> -2.0578947 | J82: =+(J76*$D$79)-($D$77*$D$80)-($D$78*$D$81) -> -2.042923 | K82: =+(K76*$D$79)-($D$77*$D$80)-($D$78*$D$81) -> -2.0278472 | L82: =+(L76*$D$79)-($D$77*$D$80)-($D$78*$D$81) -> -2.0126664 | M82: =+(M76*$D$79)-($D$77*$D$80)-($D$78*$D$81) -> -1.9973793 | ... AC82: =+(AC76*$D$79)-($D$77*$D$80)-($D$78*$D$81) -> -1.7373742 | AD82: =SUM(F82:AC82) -> -46.189009
F83: =F82*F74 -> 0 | G83: =G82*G74 -> -112.45339 | H83: =H82*H74 -> -112.69183 | I83: =I82*I74 -> -112.90994 | J83: =J82*J74 -> -113.10753 | K83: =K82*K74 -> -113.28436 | L83: =L82*L74 -> -113.44023 | M83: =M82*M74 -> -113.57491 | ... AC83: =AC82*AC74 -> -92.269404 | AD83: =SUM(F83:AC83) -> -2433.8043
C84: Total time cost/savings | F84: =F83 -> 0 | G84: =G83 -> -112.45339 | H84: =H83 -> -112.69183 | I84: =I83 -> -112.90994 | J84: =J83 -> -113.10753 | K84: =K83 -> -113.28436 | L84: =L83 -> -113.44023 | M84: =M83 -> -113.57491 | ... AC84: =AC83 -> -92.269404 | AD84: =SUM(F84:AC84) -> -2433.8043
C86: USER COST/SAVINGS
C87: Auto costs, $/day | D87: =D60 -> 8.1905
C88: Transit costs, $/day | D88: =D61 -> 2.1074073
C89: Bicycle costs, $/day | D89: 0.1
C90: User cost/savings, auto to transit+bike, $/day | D90: =+D87-D88-D89 -> 5.9830927 | F90: =$D90*F74 -> 0 | G90: =$D90*G74 -> 322.30384 | H90: =$D90*H74 -> 325.28827 | I90: =$D90*I74 -> 328.2727 | J90: =$D90*J74 -> 331.25713 | K90: =$D90*K74 -> 334.24156 | L90: =$D90*L74 -> 337.22599 | M90: =$D90*M74 -> 340.21042 | ... AC90: =$D90*AC74 -> 317.7533 | AD90: =SUM(F90:AC90) -> 7591.9716
C91: Total user cost/savings | F91: =F90 -> 0 | G91: =G90 -> 322.30384 | H91: =H90 -> 325.28827 | I91: =I90 -> 328.2727 | J91: =J90 -> 331.25713 | K91: =K90 -> 334.24156 | L91: =L90 -> 337.22599 | M91: =M90 -> 340.21042 | ... AC91: =AC90 -> 317.7533 | AD91: =SUM(F91:AC91) -> 7591.9716
A93: LIVABILITY
C94: INCREASED ACCESS BENEFITS
C95: Consumer Surplus | D95: 0.5
B97: PEDESTRIAN | C97: Trips not taken before (none to transit+ped) | F97: =F12 -> 0 | G97: =G12 -> 2844.249 | H97: =H12 -> 2870.5858 | I97: =I12 -> 2896.9227 | J97: =J12 -> 2923.2595 | K97: =K12 -> 2949.5964 | L97: =L12 -> 2975.9332 | M97: =M12 -> 3002.27 | ... AC97: =AC12 -> 2804.0917 | AD97: =SUM(F97:AC97) -> 66997.209
C98: Time cost/savings, no trip taken to transit+ped, hours/day | F98: =$D$95*F55 -> -3.0038325 | G98: =$D$95*G55 -> -2.9964995 | H98: =$D$95*H55 -> -2.9891161 | I98: =$D$95*I55 -> -2.9816817 | J98: =$D$95*J55 -> -2.9741959 | K98: =$D$95*K55 -> -2.966658 | L98: =$D$95*L55 -> -2.9590676 | M98: =$D$95*M55 -> -2.951424 | ... AC98: =$D$95*AC55 -> -2.8214215 | AD98: =SUM(F98:AC98) -> -69.960129
C99: Total | F99: =F98*F97 -> 0 | G99: =G98*G97 -> -8522.7908 | H99: =H98*H97 -> -8580.5144 | I99: =I98*I97 -> -8637.7014 | J99: =J98*J97 -> -8694.3464 | K99: =K98*K97 -> -8750.4436 | L99: =L98*L97 -> -8805.9874 | M99: =M98*M97 -> -8860.9719 | ... AC99: =AC98*AC97 -> -7911.5246 | AD99: =SUM(F99:AC99) -> -195079.29
C100: User cost/savings, no trip taken to transit+ped, $/trip | D100: =$D$95*(D63) -> 3.0165464 | F100: =$D100*F97 -> 0 | G100: =$D100*G97 -> 8579.8089 | H100: =$D100*H97 -> 8659.2553 | I100: =$D100*I97 -> 8738.7016 | J100: =$D100*J97 -> 8818.1479 | K100: =$D100*K97 -> 8897.5942 | L100: =$D100*L97 -> 8977.0405 | M100: =$D100*M97 -> 9056.4868 | ... AC100: =$D100*AC97 -> 8458.6726 | AD100: =SUM(F100:AC100) -> 202100.19
AD101: =SUM(F101:AC101) -> 0
B102: BICYCLE | AD102: =SUM(F102:AC102) -> 0
C103: Trips not taken before (none to transit+bike) | F103: =F17 -> 0 | G103: =G17 -> 53.869103 | H103: =H17 -> 54.367913 | I103: =I17 -> 54.866724 | J103: =J17 -> 55.365535 | K103: =K17 -> 55.864346 | L103: =L17 -> 56.363156 | M103: =M17 -> 56.861967 | ... AC103: =AC17 -> 53.108537 | AD103: =SUM(F103:AC103) -> 1268.9042
C104: Time cost/savings, no trip taken to transit+bike, hours/day | F104: =F82*$D$95 -> -1.0510982 | G104: =G82*$D$95 -> -1.0437652 | H104: =H82*$D$95 -> -1.0363817 | I104: =I82*$D$95 -> -1.0289474 | J104: =J82*$D$95 -> -1.0214615 | K104: =K82*$D$95 -> -1.0139236 | L104: =L82*$D$95 -> -1.0063332 | M104: =M82*$D$95 -> -0.99868963 | ... AC104: =AC82*$D$95 -> -0.86868711 | AD104: =SUM(F104:AC104) -> -23.094504
C105: Total | F105: =F104*F103 -> 0 | G105: =G104*G103 -> -56.226693 | H105: =H104*H103 -> -56.345913 | I105: =I104*I103 -> -56.454971 | J105: =J104*J103 -> -56.553763 | K105: =K104*K103 -> -56.64218 | L105: =L104*L103 -> -56.720115 | M105: =M104*M103 -> -56.787457 | ... AC105: =AC104*AC103 -> -46.134702 | AD105: =SUM(F105:AC105) -> -1216.9022
C106: User cost/savings, no trip taken to transit+bike, hours/day | D106: =D90 -> 5.9830927 | F106: =$D106*F103 -> 0 | G106: =$D106*G103 -> 322.30384 | H106: =$D106*H103 -> 325.28827 | I106: =$D106*I103 -> 328.2727 | J106: =$D106*J103 -> 331.25713 | K106: =$D106*K103 -> 334.24156 | L106: =$D106*L103 -> 337.22599 | M106: =$D106*M103 -> 340.21042 | ... AC106: =$D106*AC103 -> 317.7533 | AD106: =SUM(F106:AC106) -> 7591.9716
C108: Total Accessibility Benefits | F108: =F99+F100+F105+F106 -> 0 | G108: =G99+G100+G105+G106 -> 323.09531 | H108: =H99+H100+H105+H106 -> 347.68324 | I108: =I99+I100+I105+I106 -> 372.81785 | J108: =J99+J100+J105+J106 -> 398.50483 | K108: =K99+K100+K105+K106 -> 424.74992 | L108: =L99+L100+L105+L106 -> 451.55896 | M108: =M99+M100+M105+M106 -> 478.93789 | ... AC108: =AC99+AC100+AC105+AC106 -> 818.76664 | AD108: =SUM(F108:AC108) -> 13395.965
B110: CONGESTION
B111: Long-Term | C111: Cost savings per Vehicle mile not traveled | D111: 0.054
C112: Reduced VMT | F112: =-F23*$D$111 -> 0 | G112: =-G23*$D$111 -> 1017.2395 | H112: =-H23*$D$111 -> 1026.6588 | I112: =-I23*$D$111 -> 1036.0781 | J112: =-J23*$D$111 -> 1045.4974 | K112: =-K23*$D$111 -> 1054.9167 | L112: =-L23*$D$111 -> 1064.336 | M112: =-M23*$D$111 -> 1073.7553 | ... AC112: =-AC23*$D$111 -> 1002.8773 | AD112: =SUM(F112:AC112) -> 23961.406
C113: Reduced signal delay (sec) | D113: 3.2
C114: Value of time, auto, $/hour | D114: ='Price Assumptions'!B3 -> 12.5
C115: Intersection Delay time | F115: =($D$113/3600)*$D$114*F30 -> 0 | G115: =($D$113/3600)*$D$114*G30 -> 0 | H115: =($D$113/3600)*$D$114*H30 -> 61823.72 | I115: =($D$113/3600)*$D$114*I30 -> 62390.936 | J115: =($D$113/3600)*$D$114*J30 -> 62958.152 | K115: =($D$113/3600)*$D$114*K30 -> 63525.367 | L115: =($D$113/3600)*$D$114*L30 -> 64092.583 | M115: =($D$113/3600)*$D$114*M30 -> 64659.799 | ... AC115: =($D$113/3600)*$D$114*AC30 -> 60391.638 | AD115: =SUM(F115:AC115) -> 1381660.4
B116: Construction | C116: Increased delay time(sec) | D116: 2
C117: Value of time, auto, $/hour | D117: =D114 -> 12.5
C118: Cost of crossing under-construction intersection | D118: ='Mode Operating Assumptions'!C45 -> 0.008425
C119: Construction Impacts, $ | F119: =-(($D$116/3600*$D$117)+$D$118)*F28 -> 0 | G119: =-(($D$116/3600*$D$117)+$D$118)*G28 -> -84755.331 | H119: =-(($D$116/3600*$D$117)+$D$118)*H28 -> 0 | I119: =-(($D$116/3600*$D$117)+$D$118)*I28 -> 0 | J119: =-(($D$116/3600*$D$117)+$D$118)*J28 -> 0 | AD119: =SUM(F119:AC119) -> -84755.331
C121: Total Congestion Impacts | F121: =F112+F115+F119 -> 0 | G121: =G112+G115+G119 -> -83738.091 | H121: =H112+H115+H119 -> 62850.379 | I121: =I112+I115+I119 -> 63427.014 | J121: =J112+J115+J119 -> 64003.649 | K121: =K112+K115+K119 -> 64580.284 | L121: =L112+L115+L119 -> 65156.919 | M121: =M112+M115+M119 -> 65733.554 | ... AC121: =AC112+AC115+AC119 -> 61394.515 | AD121: =SUM(F121:AC121) -> 1320866.4
B123: Fuel Cost/Savings | F123: =F24 -> 0 | G123: =G24 -> 3319.646 | H123: =H24 -> 3274.8771 | I123: =I24 -> 3232.0817 | J123: =J24 -> 3191.1321 | K123: =K24 -> 3151.9114 | L123: =L24 -> 3114.3123 | M123: =M24 -> 3078.2363 | ... AC123: =AC24 -> 2795.7476 | AD123: =SUM(F123:AC123) -> 68944.601
C124: Fuel savings from reduced VMT | F124: =F123 -> 0 | G124: =G123 -> 3319.646 | H124: =H123 -> 3274.8771 | I124: =I123 -> 3232.0817 | J124: =J123 -> 3191.1321 | K124: =K123 -> 3151.9114 | L124: =L123 -> 3114.3123 | M124: =M123 -> 3078.2363 | ... AC124: =AC123 -> 2795.7476 | AD124: =SUM(F124:AC124) -> 68944.601
...

Sheet NC Users
A2: USERS and NON-USERS | C2: 2013 | D2: 2014 | E2: 2015 | F2: 2016 | G2: 2017 | H2: 2018 | I2: 2019 | J2: 2020 | K2: 2021 | L2: 2022 | M2: 2023 | N2: 2024 | O2: 2025 | P2: 2026 | Q2: 2027 | R2: 2028 | S2: 2029 | T2: 2030 | U2: 2031 | V2: 2032 | W2: 2033 | X2: 2034 | Y2: 2035 | Z2: 2036
C3: Year 1 | D3: Year 2 | E3: Year 3 | F3: Year 4 | G3: Year 5 | H3: Year 6 | I3: Year 7 | J3: Year 8 | K3: Year 9 | L3: Year 10 | M3: Year 11 | N3: Year 12 | O3: Year 13 | P3: Year 14 | Q3: Year 15 | R3: Year 16 | S3: Year 17 | T3: Year 18 | U3: Year 19 | V3: Year 20 | W3: Year 21 | X3: Year 22 | Y3: Year 23 | Z3: Year 24
A4: PEDESTRIAN
A5: Current User | B5: Current User | C5: 0 | D5: =D66 -> 142212.45 | E5: =E66 -> 143529.29 | F5: =F66 -> 144846.13 | G5: =G66 -> 146162.98 | H5: =H66 -> 147479.82 | I5: =I66 -> 148796.66 | J5: =J66 -> 150113.5 | K5: =K66 -> 149726.2 | ... Z5: =Z66 -> 140204.59
A6: New User | B6: Mode shift (auto to transit+ped) | C6: =C68 -> 0 | D6: =D68 -> 2844.249 | E6: =E68 -> 2870.5858 | F6: =F68 -> 2896.9227 | G6: =G68 -> 2923.2595 | H6: =H68 -> 2949.5964 | I6: =I68 -> 2975.9332 | J6: =J68 -> 3002.27 | ... Z6: =Z68 -> 2804.0917
B7: Trips not taken before (none to transit+ped) | C7: =C69 -> 0 | D7: =D69 -> 2844.249 | E7: =E69 -> 2870.5858 | F7: =F69 -> 2896.9227 | G7: =G69 -> 2923.2595 | H7: =H69 -> 2949.5964 | I7: =I69 -> 2975.9332 | J7: =J69 -> 3002.27 | ... Z7: =Z69 -> 2804.0917
A10: BICYCLE
A11: Current User | B11: Current User | C11: 0 | D11: =D73 -> 2693.4551 | E11: =E73 -> 2718.3957 | F11: =F73 -> 2743.3362 | G11: =G73 -> 2768.2767 | H11: =H73 -> 2793.2173 | I11: =I73 -> 2818.1578 | J11: =J73 -> 2843.0984 | K11: =K73 -> 2835.763 | ... Z11: =Z73 -> 2655.4269
A12: New User | B12: Trip shifted from auto to transit+bike | C12: =C75 -> 0 | D12: =D75 -> 53.869103 | E12: =E75 -> 54.367913 | F12: =F75 -> 54.866724 | G12: =G75 -> 55.365535 | H12: =H75 -> 55.864346 | I12: =I75 -> 56.363156 | J12: =J75 -> 56.861967 | ... Z12: =Z75 -> 53.108537
B13: Trips not taken before (none to transit+bike) | C13: =C76 -> 0 | D13: =D76 -> 53.869103 | E13: =E76 -> 54.367913 | F13: =F76 -> 54.866724 | G13: =G76 -> 55.365535 | H13: =H76 -> 55.864346 | I13: =I76 -> 56.363156 | J13: =J76 -> 56.861967 | ... Z13: =Z76 -> 53.108537
A16: ROAD
B17: Vehicle - Metro Access | C17: 0 | E17: =SUM(E55:E58)*$B$66 -> 5565597.3 | F17: =SUM(F55:F58)*$B$66 -> 5616660.1 | G17: =SUM(G55:G58)*$B$66 -> 5667723 | H17: =SUM(H55:H58)*$B$66 -> 5718785.8 | I17: =SUM(I55:I58)*$B$66 -> 5769848.6 | J17: =SUM(J55:J58)*$B$66 -> 5820911.5 | K17: =SUM(K55:K58)*$B$66 -> 5805893.2 | L17: =SUM(L55:L58)*$B$66 -> 5790874.9 | ... Z17: =SUM(Z55:Z58)*$B$66 -> 5436676
A18: Construction Impact | B18: Current User | D18: =SUM(D55:D58)*$B$66 -> 5514534.5
B19: New User (50% of VT reduced) | C19: =0.5*C26 -> 0 | D19: =0.5*D26 -> -1449.059 | E19: =0.5*E26 -> -1462.4769 | F19: =0.5*F26 -> -1475.8947 | G19: =0.5*G26 -> -1489.3125 | H19: =0.5*H26 -> -1502.7304 | I19: =0.5*I26 -> -1516.1482 | J19: =0.5*J26 -> -1529.566 | ... Z19: =0.5*Z26 -> -1428.6001
A20: Long-Term Impact | B20: Current User | D20: 0 | E20: =(E17)+E19 -> 5564134.8 | F20: =(F17)+F19 -> 5615184.2 | G20: =(G17)+G19 -> 5666233.7 | H20: =(H17)+H19 -> 5717283.1 | I20: =(I17)+I19 -> 5768332.5 | J20: =(J17)+J19 -> 5819381.9 | K20: =(K17)+K19 -> 5804367.6 | L20: =(L17)+L19 -> 5789353.2 | ... Z20: =(Z17)+Z19 -> 5435247.4
B23: TRAVEL IMPACTS
B24: Rail transit trips change | C24: =C6+C7+C12+C13 -> 0 | D24: =D6+D7+D12+D13 -> 5796.2362 | E24: =E6+E7+E12+E13 -> 5849.9075 | F24: =F6+F7+F12+F13 -> 5903.5788 | G24: =G6+G7+G12+G13 -> 5957.2501 | H24: =H6+H7+H12+H13 -> 6010.9214 | I24: =I6+I7+I12+I13 -> 6064.5927 | J24: =J6+J7+J12+J13 -> 6118.264 | ... Z24: =Z6+Z7+Z12+Z13 -> 5714.4005
B25: Bus transit trips change | E25: =-E24*$A$57 -> -1078.5026 | F25: =-F24*$A$57 -> -1088.3976 | G25: =-G24*$A$57 -> -1098.2926 | H25: =-H24*$A$57 -> -1108.1875 | I25: =-I24*$A$57 -> -1118.0825 | J25: =-J24*$A$57 -> -1127.9775 | K25: =-K24*$A$57 -> -1125.0672 | L25: =-L24*$A$57 -> -1122.157 | ... Z25: =-Z24*$A$57 -> -1053.5202
B26: Auto VT reduced | C26: =-(C6+C12) -> 0 | D26: =-(D6+D12) -> -2898.1181 | E26: =-(E6+E12) -> -2924.9537 | F26: =-(F6+F12) -> -2951.7894 | G26: =-(G6+G12) -> -2978.6251 | H26: =-(H6+H12) -> -3005.4607 | I26: =-(I6+I12) -> -3032.2964 | J26: =-(J6+J12) -> -3059.132 | ... Z26: =-(Z6+Z12) -> -2857.2002
B27: Auto VMT reduced | C27: =-('Mode Operating Assumptions'!$C$27*(C6+C12)) -> 0 | D27: =-('Mode Operating Assumptions'!$C$27*(D6+D12)) -> -18837.768 | E27: =-('Mode Operating Assumptions'!$C$27*(E6+E12)) -> -19012.199 | F27: =-('Mode Operating Assumptions'!$C$27*(F6+F12)) -> -19186.631 | G27: =-('Mode Operating Assumptions'!$C$27*(G6+G12)) -> -19361.063 | H27: =-('Mode Operating Assumptions'!$C$27*(H6+H12)) -> -19535.495 | I27: =-('Mode Operating Assumptions'!$C$27*(I6+I12)) -> -19709.926 | J27: =-('Mode Operating Assumptions'!$C$27*(J6+J12)) -> -19884.358 | ... Z27: =-('Mode Operating Assumptions'!$C$27*(Z6+Z12)) -> -18571.802
B28: Auto fuel savings | C28: =-(C27*'Mode Operating Assumptions'!$C$8/'Mode Operating Assumptions'!C11) -> 0 | D28: =-(D27*'Mode Operating Assumptions'!$C$8/'Mode Operating Assumptions'!D11) -> 3319.646 | E28: =-(E27*'Mode Operating Assumptions'!$C$8/'Mode Operating Assumptions'!E11) -> 3274.8771 | F28: =-(F27*'Mode Operating Assumptions'!$C$8/'Mode Operating Assumptions'!F11) -> 3232.0817 | G28: =-(G27*'Mode Operating Assumptions'!$C$8/'Mode Operating Assumptions'!G11) -> 3191.1321 | H28: =-(H27*'Mode Operating Assumptions'!$C$8/'Mode Operating Assumptions'!H11) -> 3151.9114 | I28: =-(I27*'Mode Operating Assumptions'!$C$8/'Mode Operating Assumptions'!I11) -> 3114.3123 | J28: =-(J27*'Mode Operating Assumptions'!$C$8/'Mode Operating Assumptions'!J11) -> 3078.2363 | ... Z28: =-(Z27*'Mode Operating Assumptions'!$C$8/'Mode Operating Assumptions'!Z11) -> 2795.7476
A36: Mezzanine | B36: Daily Ent | F36: Daily Ext
B37: 2005 | C37: 2010 | D37: 2020 | E37: 2030 | F37: 2005 | G37: 2010 | H37: 2020 | I37: 2030
A38: New Carrollton | B38: 9032.5238 | C38: 9797.8791 | D38: 10711.19 | E38: 10412.579 | F38: 8983.7619 | G38: 9763.5816 | H38: 10731.27 | I38: 10476.653
D39: =(D38-C38)/10 -> 91.33107 | E39: =(E38-D38)/10 -> -29.861037 | H39: =(H38-G38)/10 -> 96.768824 | I39: =(I38-H38)/10 -> -25.461716
D40: =D39/C38 -> 0.0093215143 | E40: =E39/D38 -> -0.0027878357 | H40: =H39/G38 -> 0.0099112014 | I40: =I39/H38 -> -0.0023726657
C42: 2013 | D42: 2014 | E42: 2015 | F42: 2016 | G42: 2017 | H42: 2018 | I42: 2019 | J42: 2020 | K42: 2021 | L42: 2022 | M42: 2023 | N42: 2024 | O42: 2025 | P42: 2026 | Q42: 2027 | R42: 2028 | S42: 2029 | T42: 2030 | U42: 2031 | V42: 2032 | W42: 2033 | X42: 2034 | Y42: 2035 | Z42: 2036
C43: Year 1 | D43: Year 2 | E43: Year 3 | F43: Year 4 | G43: Year 5 | H43: Year 6 | I43: Year 7 | J43: Year 8 | K43: Year 9 | L43: Year 10 | M43: Year 11 | N43: Year 12 | O43: Year 13 | P43: Year 14 | Q43: Year 15 | R43: Year 16 | S43: Year 17 | T43: Year 18 | U43: Year 19 | V43: Year 20 | W43: Year 21 | X43: Year 22 | Y43: Year 23 | Z43: Year 24
B44: Daily users (Entry + Exit) | C44: =$C$38*(1+($D$40*(C42-2010)))+$G$38*(1+($H$40*(C42-2010))) -> 20125.76 | D44: =$C$38*(1+($D$40*(D42-2010)))+$G$38*(1+($H$40*(D42-2010))) -> 20313.86 | E44: =$C$38*(1+($D$40*(E42-2010)))+$G$38*(1+($H$40*(E42-2010))) -> 20501.96 | F44: =$C$38*(1+($D$40*(F42-2010)))+$G$38*(1+($H$40*(F42-2010))) -> 20690.06 | G44: =$C$38*(1+($D$40*(G42-2010)))+$G$38*(1+($H$40*(G42-2010))) -> 20878.16 | H44: =$C$38*(1+($D$40*(H42-2010)))+$G$38*(1+($H$40*(H42-2010))) -> 21066.26 | I44: =$C$38*(1+($D$40*(I42-2010)))+$G$38*(1+($H$40*(I42-2010))) -> 21254.36 | J44: =H38+D38 -> 21442.46 | K44: =$D$38*(1+($E$40*(K42-2020)))+$H$38*(1+($I$40*(K42-2020))) -> 21387.137 | L44: =$D$38*(1+($E$40*(L42-2020)))+$H$38*(1+($I$40*(L42-2020))) -> 21331.814 | M44: =$D$38*(1+($E$40*(M42-2020)))+$H$38*(1+($I$40*(M42-2020))) -> 21276.491 | N44: =$D$38*(1+($E$40*(N42-2020)))+$H$38*(1+($I$40*(N42-2020))) -> 21221.169 | O44: =$D$38*(1+($E$40*(O42-2020)))+$H$38*(1+($I$40*(O42-2020))) -> 21165.846 | P44: =$D$38*(1+($E$40*(P42-2020)))+$H$38*(1+($I$40*(P42-2020))) -> 21110.523 | Q44: =$D$38*(1+($E$40*(Q42-2020)))+$H$38*(1+($I$40*(Q42-2020))) -> 21055.2 | R44: =$D$38*(1+($E$40*(R42-2020)))+$H$38*(1+($I$40*(R42-2020))) -> 20999.878 | S44: =$D$38*(1+($E$40*(S42-2020)))+$H$38*(1+($I$40*(S42-2020))) -> 20944.555 | T44: =I38+E38 -> 20889.232 | U44: =$E$38*(1+($E$40*(U42-2020)))+$I$38*(1+($I$40*(U42-2020))) -> 20296.484 | V44: =$E$38*(1+($E$40*(V42-2020)))+$I$38*(1+($I$40*(V42-2020))) -> 20242.598 | W44: =$E$38*(1+($E$40*(W42-2020)))+$I$38*(1+($I$40*(W42-2020))) -> 20188.712 | X44: =$E$38*(1+($E$40*(X42-2020)))+$I$38*(1+($I$40*(X42-2020))) -> 20134.826 | Y44: =$E$38*(1+($E$40*(Y42-2020)))+$I$38*(1+($I$40*(Y42-2020))) -> 20080.94 | Z44: =$E$38*(1+($E$40*(Z42-2020)))+$I$38*(1+($I$40*(Z42-2020))) -> 20027.054
A47: Station Name | B47: Total | C47: ALEXANDRIA DASH | D47: AMTRAK, MARC OR VRE | E47: ARLINGTON TRANSIT (ART) | F47: Dropped off | G47: BICYCLE | H47: DC CIRCULATOR | I47: DRIVE A CAR | J47: FAIRFAX CITY CUE | K47: FAIRFAX CONNECTOR | L47: METROBUS | M47: MONTGOMERY RIDE ON | N47: OTHER BUS | O47: PRINCE GEORGE'S THE BUS | P47: RIDE WITH SOMEONE WHO PARKED | Q47: TAXI | R47: WALK
A48: NEW CARROLLTON | B48: 10420.929 | D48: 300.09085 | F48: 1311.6085 | G48: 18.42309 | H48: 21.375 | I48: 5648.1189 | L48: 1723.4435 | N48: 81.68839 | O48: 94.72007 | P48: 135.5685 | Q48: 113.16694 | R48: 972.7256
D49: =D48/$B48 -> 0.028796937 | E49: =E48/$B48 -> 0 | F49: =F48/$B48 -> 0.12586291 | G49: =G48/$B48 -> 0.0017678932 | H49: =H48/$B48 -> 0.0020511606 | I49: =I48/$B48 -> 0.54199762 | J49: =J48/$B48 -> 0 | K49: =K48/$B48 -> 0 | ... R49: =R48/$B48 -> 0.09334346
B50: Metrorail Mode of Access Study 2007 (All Day Access Absolute)
C51: 2013 | D51: 2014 | E51: 2015 | F51: 2016 | G51: 2017 | H51: 2018 | I51: 2019 | J51: 2020 | K51: 2021 | L51: 2022 | M51: 2023 | N51: 2024 | O51: 2025 | P51: 2026 | Q51: 2027 | R51: 2028 | S51: 2029 | T51: 2030 | U51: 2031 | V51: 2032 | W51: 2033 | X51: 2034 | Y51: 2035 | Z51: 2036
C52: Year 1 | D52: Year 2 | E52: Year 3 | F52: Year 4 | G52: Year 5 | H52: Year 6 | I52: Year 7 | J52: Year 8 | K52: Year 9 | L52: Year 10 | M52: Year 11 | N52: Year 12 | O52: Year 13 | P52: Year 14 | Q52: Year 15 | R52: Year 16 | S52: Year 17 | T52: Year 18 | U52: Year 19 | V52: Year 20 | W52: Year 21 | X52: Year 22 | Y52: Year 23 | Z52: Year 24
A53: =R49 -> 0.09334346 | B53: Walk | C53: =C$59*$A53 -> 1878.6081 | D53: =D$59*$A53 -> 1896.166 | E53: =E$59*$A53 -> 1913.7239 | F53: =F$59*$A53 -> 1931.2818 | G53: =G$59*$A53 -> 1948.8397 | H53: =H$59*$A53 -> 1966.3976 | I53: =I$59*$A53 -> 1983.9555 | J53: =J$59*$A53 -> 2001.5134 | ... Z53: =Z$59*$A53 -> 1869.3945
A54: =G49 -> 0.0017678932 | B54: Bicycle | C54: =C$59*$A54 -> 35.580195 | D54: =D$59*$A54 -> 35.912735 | E54: =E$59*$A54 -> 36.245276 | F54: =F$59*$A54 -> 36.577816 | G54: =G$59*$A54 -> 36.910357 | H54: =H$59*$A54 -> 37.242897 | I54: =I$59*$A54 -> 37.575438 | J54: =J$59*$A54 -> 37.907978 | ... Z54: =Z$59*$A54 -> 35.405692
A55: =I49 -> 0.54199762 | B55: Car - Park | C55: =C$59*$A55 -> 10908.114 | D55: =D$59*$A55 -> 11010.064 | E55: =E$59*$A55 -> 11112.014 | F55: =F$59*$A55 -> 11213.963 | G55: =G$59*$A55 -> 11315.913 | H55: =H$59*$A55 -> 11417.863 | I55: =I$59*$A55 -> 11519.812 | J55: =J$59*$A55 -> 11621.762 | ... Z55: =Z$59*$A55 -> 10854.615
A56: =F49 -> 0.12586291 | B56: Car - Drop-off | C56: =C$59*$A56 -> 2533.0868 | D56: =D$59*$A56 -> 2556.7616 | E56: =E$59*$A56 -> 2580.4364 | F56: =F$59*$A56 -> 2604.1112 | G56: =G$59*$A56 -> 2627.786 | H56: =H$59*$A56 -> 2651.4608 | I56: =I$59*$A56 -> 2675.1356 | J56: =J$59*$A56 -> 2698.8104 | ... Z56: =Z$59*$A56 -> 2520.6633
A57: =H49+L49+N49+O49 -> 0.18436234 | B57: Bus | C57: =C$59*$A57 -> 3710.4323 | D57: =D$59*$A57 -> 3745.1108 | E57: =E$59*$A57 -> 3779.7893 | F57: =F$59*$A57 -> 3814.4679 | G57: =G$59*$A57 -> 3849.1464 | H57: =H$59*$A57 -> 3883.8249 | I57: =I$59*$A57 -> 3918.5035 | J57: =J$59*$A57 -> 3953.182 | ... Z57: =Z$59*$A57 -> 3692.2345
A58: =P49+Q49+D49 -> 0.052665772 | B58: Other (Taxi, Motorcycle, etc.) | C58: =C$59*$A58 -> 1059.9387 | D58: =D$59*$A58 -> 1069.8451 | E58: =E$59*$A58 -> 1079.7516 | F58: =F$59*$A58 -> 1089.658 | G58: =G$59*$A58 -> 1099.5644 | H58: =H$59*$A58 -> 1109.4708 | I58: =I$59*$A58 -> 1119.3773 | J58: =J$59*$A58 -> 1129.2837 | ... Z58: =Z$59*$A58 -> 1054.7402
A59: =SUM(A53:A58) -> 1 | C59: =C$44*$A59 -> 20125.76 | D59: =D$44*$A59 -> 20313.86 | E59: =E$44*$A59 -> 20501.96 | F59: =F$44*$A59 -> 20690.06 | G59: =G$44*$A59 -> 20878.16 | H59: =H$44*$A59 -> 21066.26 | I59: =I$44*$A59 -> 21254.36 | J59: =J$44*$A59 -> 21442.46 | ... Z59: =Z$44*$A59 -> 20027.054
A61: Pedestrian Volumes
B62: Percent using improvements
B63: 0.25 | C63: =B63*C44 -> 5031.4401
A64: PEDESTRIAN
A65: Current User | B65: Effective weekdays per year
B66: 300 | C66: =$B$63*C53*$B$66 -> 140895.61 | D66: =$B$63*D53*$B$66 -> 142212.45 | E66: =$B$63*E53*$B$66 -> 143529.29 | F66: =$B$63*F53*$B$66 -> 144846.13 | G66: =$B$63*G53*$B$66 -> 146162.98 | H66: =$B$63*H53*$B$66 -> 147479.82 | I66: =$B$63*I53*$B$66 -> 148796.66 | J66: =$B$63*J53*$B$66 -> 150113.5 | ... Z66: =$B$63*Z53*$B$66 -> 140204.59
A67: New User (mode shift)
A68: 0.02 | B68: Mode shift (auto to transit+ped) | D68: =D66*$A$68 -> 2844.249 | E68: =E66*$A$68 -> 2870.5858 | F68: =F66*$A$68 -> 2896.9227 | G68: =G66*$A$68 -> 2923.2595 | H68: =H66*$A$68 -> 2949.5964 | I68: =I66*$A$68 -> 2975.9332 | J68: =J66*$A$68 -> 3002.27 | K68: =K66*$A$68 -> 2994.524 | ... Z68: =Z66*$A$68 -> 2804.0917
A69: 0.02 | B69: Trips not taken before (none to transit+ped) | D69: =D66*$A$69 -> 2844.249 | E69: =E66*$A$69 -> 2870.5858 | F69: =F66*$A$69 -> 2896.9227 | G69: =G66*$A$69 -> 2923.2595 | H69: =H66*$A$69 -> 2949.5964 | I69: =I66*$A$69 -> 2975.9332 | J69: =J66*$A$69 -> 3002.27 | K69: =K66*$A$69 -> 2994.524 | ... Z69: =Z66*$A$69 -> 2804.0917
A71: BICYCLE
A72: Current User | B72: Effective weekdays per year
B73: 300 | C73: =$B73*$B63*C54 -> 2668.5146 | D73: =$B73*$B63*D54 -> 2693.4551 | E73: =$B73*$B63*E54 -> 2718.3957 | F73: =$B73*$B63*F54 -> 2743.3362 | G73: =$B73*$B63*G54 -> 2768.2767 | H73: =$B73*$B63*H54 -> 2793.2173 | I73: =$B73*$B63*I54 -> 2818.1578 | J73: =$B73*$B63*J54 -> 2843.0984 | ... Z73: =$B73*$B63*Z54 -> 2655.4269
A75: 0.02 | B75: Trip shifted from auto to transit+bike | D75: =D73*$A$75 -> 53.869103 | E75: =E73*$A$75 -> 54.367913 | F75: =F73*$A$75 -> 54.866724 | G75: =G73*$A$75 -> 55.365535 | H75: =H73*$A$75 -> 55.864346 | I75: =I73*$A$75 -> 56.363156 | J75: =J73*$A$75 -> 56.861967 | K75: =K73*$A$75 -> 56.71526 | ... Z75: =Z73*$A$75 -> 53.108537
A76: 0.02 | B76: Trips not taken before (none to transit+bike) | D76: =D73*$A$76 -> 53.869103 | E76: =E73*$A$76 -> 54.367913 | F76: =F73*$A$76 -> 54.866724 | G76: =G73*$A$76 -> 55.365535 | H76: =H73*$A$76 -> 55.864346 | I76: =I73*$A$76 -> 56.363156 | J76: =J73*$A$76 -> 56.861967 | K76: =K73*$A$76 -> 56.71526 | ... Z76: =Z73*$A$76 -> 53.108537
A88: 2010 CLRP DAILY TRAFFIC VOLUMES
A89: (v2.2 travel demand model, 2191 TAZ) | G89: 2011 to 2030 | I89: 2030 to 2040
G90: Change | H90: Annualized | J90: Annualized
H91: 0.00622 | J91: 0.0216
A92: Ager Rd. | B92: south of EastWest Hwy. | C92: 4028-4199 | D92: 10333 | E92: 11625 | F92: 14395 | G92: =E92-D92 -> 1292 | H92: =D92*((1+H91)^19) -> 11624.985 | I92: =F92-E92 -> 2770 | J92: =E92*((1+J91)^10) -> 14394.673
H93: 0.00871 | J93: 0.03266
B94: north of Queens Chapel Rd. | C94: 4027-4042 | D94: 5431 | E94: 6404 | F94: 8831 | G94: =E94-D94 -> 973 | H94: =D94*((1+H93)^19) -> 6403.8331 | I94: =F94-E94 -> 2427 | J94: =E94*((1+J93)^10) -> 8831.3048
A97: SOURCES:
A98: 2011: N:\model_app\CGV2_2_Conformity2011\2011_Conf\I6HWY.NET
A99: 2030: N:\model_app\CGV2_2_Conformity2011_VDOT\2030_Conf\I6HWY.NET
A100: 2040: N:\model_app\CGV2_2_Conformity2011_VDOT\2040_Conf\I6HWY.NET

Sheet Rosslyn
F1: 2013 | G1: 2014 | H1: 2015 | I1: 2016 | J1: 2017 | K1: 2018 | L1: 2019 | M1: 2020 | N1: 2021 | O1: 2022 | P1: 2023 | Q1: 2024 | R1: 2025 | S1: 2026 | T1: 2027 | U1: 2028 | V1: 2029 | W1: 2030 | X1: 2031 | Y1: 2032 | Z1: 2033 | AA1: 2034 | AB1: 2035 | AC1: 2036
D2: Factor | E2: Total | F2: Year 1 | G2: Year 2 | H2: Year 3 | I2: Year 4 | J2: Year 5 | K2: Year 6 | L2: Year 7 | M2: Year 8 | N2: Year 9 | O2: Year 10 | P2: Year 11 | Q2: Year 12 | R2: Year 13 | S2: Year 14 | T2: Year 15 | U2: Year 16 | V2: Year 17 | W2: Year 18 | X2: Year 19 | Y2: Year 20 | Z2: Year 21 | AA2: Year 22 | AB2: Year 23 | AC2: Year 24
A5: Project Costs | C5: O & M
C6: Construction | F6: -1509600 | G6: -2510400
A8: Users
B9: PEDESTRIAN
B10: Local | C10: Current User | F10: ='Ro Users'!C5 -> 0 | G10: ='Ro Users'!D5 -> 649634.19 | H10: ='Ro Users'!E5 -> 1319956.5 | I10: ='Ro Users'!F5 -> 1340644.6 | J10: ='Ro Users'!G5 -> 1361332.7 | K10: ='Ro Users'!H5 -> 1382020.8 | L10: ='Ro Users'!I5 -> 1402708.9 | M10: ='Ro Users'!J5 -> 1423397 | ... AC10: ='Ro Users'!Z5 -> 1862121.3 | AD10: =SUM(F10:AC10) -> 35244185
B11: Commute | C11: Trip shifted from auto to transit+ped | F11: ='Ro Users'!C6 -> 0 | G11: ='Ro Users'!D6 -> 6496.3419 | H11: ='Ro Users'!E6 -> 13199.565 | I11: ='Ro Users'!F6 -> 13406.446 | J11: ='Ro Users'!G6 -> 13613.327 | K11: ='Ro Users'!H6 -> 13820.208 | L11: ='Ro Users'!I6 -> 14027.089 | M11: ='Ro Users'!J6 -> 14233.97 | ... AC11: ='Ro Users'!Z6 -> 18621.213 | AD11: =SUM(F11:AC11) -> 352441.85
C12: Trips not taken before (none to transit+ped) | F12: ='Ro Users'!C7 -> 0 | G12: ='Ro Users'!D7 -> 12992.684 | H12: ='Ro Users'!E7 -> 26399.13 | I12: ='Ro Users'!F7 -> 26812.892 | J12: ='Ro Users'!G7 -> 27226.654 | K12: ='Ro Users'!H7 -> 27640.416 | L12: ='Ro Users'!I7 -> 28054.178 | M12: ='Ro Users'!J7 -> 28467.94 | ... AC12: ='Ro Users'!Z7 -> 37242.425 | AD12: =SUM(F12:AC12) -> 704883.69
B14: BICYCLE
B15: Local | C15: Current User | F15: ='Ro Users'!C10 -> 0 | G15: ='Ro Users'!D10 -> 351256.17 | H15: ='Ro Users'!E10 -> 713698.37 | I15: ='Ro Users'!F10 -> 724884.39 | J15: ='Ro Users'!G10 -> 736070.41 | K15: ='Ro Users'!H10 -> 747256.44 | L15: ='Ro Users'!I10 -> 758442.46 | M15: ='Ro Users'!J10 -> 769628.48 | ... AC15: ='Ro Users'!Z10 -> 1006846 | AD15: =SUM(F15:AC15) -> 19056474
B16: Commute | C16: Trip shifted from auto to transit+bike | F16: ='Ro Users'!C11 -> 0 | G16: ='Ro Users'!D11 -> 8781.4043 | H16: ='Ro Users'!E11 -> 17842.459 | I16: ='Ro Users'!F11 -> 18122.11 | J16: ='Ro Users'!G11 -> 18401.76 | K16: ='Ro Users'!H11 -> 18681.411 | L16: ='Ro Users'!I11 -> 18961.062 | M16: ='Ro Users'!J11 -> 19240.712 | ... AC16: ='Ro Users'!Z11 -> 25171.15 | AD16: =SUM(F16:AC16) -> 476411.86
C17: Trips not taken before (none to transit+bike) | F17: ='Ro Users'!C12 -> 0 | G17: ='Ro Users'!D12 -> 8781.4043 | H17: ='Ro Users'!E12 -> 17842.459 | I17: ='Ro Users'!F12 -> 18122.11 | J17: ='Ro Users'!G12 -> 18401.76 | K17: ='Ro Users'!H12 -> 18681.411 | L17: ='Ro Users'!I12 -> 18961.062 | M17: ='Ro Users'!J12 -> 19240.712 | ... AC17: ='Ro Users'!Z12 -> 25171.15 | AD17: =SUM(F17:AC17) -> 476411.86
C19: TRAVEL IMPACTS
C20: Rail transit trips change | F20: ='Ro Users'!C25 -> 0 | G20: ='Ro Users'!D25 -> 37051.834 | H20: ='Ro Users'!E25 -> 75283.613 | I20: ='Ro Users'!F25 -> 76463.557 | J20: ='Ro Users'!G25 -> 77643.502 | K20: ='Ro Users'!H25 -> 78823.446 | L20: ='Ro Users'!I25 -> 80003.39 | M20: ='Ro Users'!J25 -> 81183.334 | ... AC20: ='Ro Users'!Z25 -> 106205.94 | AD20: =SUM(F20:AC20) -> 2010149.3
C21: Bus transit trips change | F21: ='Ro Users'!C26 -> 0 | G21: ='Ro Users'!D26 -> -6125.2681 | H21: ='Ro Users'!E26 -> -12445.6 | I21: ='Ro Users'!F26 -> -12640.664 | J21: ='Ro Users'!G26 -> -12835.728 | K21: ='Ro Users'!H26 -> -13030.792 | L21: ='Ro Users'!I26 -> -13225.856 | M21: ='Ro Users'!J26 -> -13420.919 | ... AC21: ='Ro Users'!Z26 -> -17557.561 | AD21: =SUM(F21:AC21) -> -332310.21
C22: Auto VT reduced | F22: ='Ro Users'!C27 -> 0 | G22: ='Ro Users'!D27 -> -15277.746 | H22: ='Ro Users'!E27 -> -31042.024 | I22: ='Ro Users'!F27 -> -31528.556 | J22: ='Ro Users'!G27 -> -32015.087 | K22: ='Ro Users'!H27 -> -32501.619 | L22: ='Ro Users'!I27 -> -32988.15 | M22: ='Ro Users'!J27 -> -33474.682 | ... AC22: ='Ro Users'!Z27 -> -43792.362 | AD22: =SUM(F22:AC22) -> -828853.7
C23: Auto VMT reduced | F23: ='Ro Users'!C28 -> 0 | G23: ='Ro Users'!D28 -> -99305.351 | H23: ='Ro Users'!E28 -> -201773.16 | I23: ='Ro Users'!F28 -> -204935.61 | J23: ='Ro Users'!G28 -> -208098.07 | K23: ='Ro Users'!H28 -> -211260.52 | L23: ='Ro Users'!I28 -> -214422.98 | M23: ='Ro Users'!J28 -> -217585.43 | ... AC23: ='Ro Users'!Z28 -> -284650.35 | AD23: =SUM(F23:AC23) -> -5387549.1
C24: Auto fuel savings | F24: ='Ro Users'!C29 -> 0 | G24: ='Ro Users'!D29 -> 17499.876 | H24: ='Ro Users'!E29 -> 34755.7 | I24: ='Ro Users'!F29 -> 34522.405 | J24: ='Ro Users'!G29 -> 34299.172 | K24: ='Ro Users'!H29 -> 34085.364 | L24: ='Ro Users'!I29 -> 33880.396 | M24: ='Ro Users'!J29 -> 33683.731 | ... AC24: ='Ro Users'!Z29 -> 42850.477 | AD24: =SUM(F24:AC24) -> 831708.47
A26: Non-Users
B27: ROAD
B28: Construction Impact | C28: Current User | F28: ='Ro Users'!C19 -> 6824512.6 | G28: ='Ro Users'!D19 -> 13699507 | H28: ='Ro Users'!E19 -> 0 | I28: ='Ro Users'!F19 -> 0 | J28: ='Ro Users'!G19 -> 0 | K28: ='Ro Users'!H19 -> 0 | L28: ='Ro Users'!I19 -> 0 | M28: ='Ro Users'!J19 -> 0 | ... AC28: ='Ro Users'!Z19 -> 0 | AD28: =SUM(F28:AC28) -> 20524020
B29: Long-Term Impact | C29: Reduced Users | F29: ='Ro Users'!C21 -> 0 | G29: ='Ro Users'!D21 -> -7638.8731 | H29: ='Ro Users'!E21 -> -15521.012 | I29: ='Ro Users'!F21 -> -15764.278 | J29: ='Ro Users'!G21 -> -16007.544 | K29: ='Ro Users'!H21 -> -16250.809 | L29: ='Ro Users'!I21 -> -16494.075 | M29: ='Ro Users'!J21 -> -16737.341 | ... AC29: ='Ro Users'!Z21 -> -21896.181 | AD29: =SUM(F29:AC29) -> -414426.85
C30: Total Users | F30: ='Ro Users'!C22 -> 0 | G30: ='Ro Users'!D22 -> 13691868 | H30: ='Ro Users'!E22 -> 27484870 | I30: ='Ro Users'!F22 -> 27586418 | J30: ='Ro Users'!G22 -> 27688383 | K30: ='Ro Users'!H22 -> 27790767 | L30: ='Ro Users'!I22 -> 27893571 | M30: ='Ro Users'!J22 -> 27964893 | ... AC30: ='Ro Users'!Z22 -> 28872733 | AD30: =SUM(F30:AC30) -> 6.351964e+08
A33: STATE OF GOOD REPAIR
C34: New Construction for this project
A38: ECONOMIC COMPETITIVENESS
B40: PEDESTRIAN
B41: Local | C41: Current User
C42: TRAVEL TIME COST/SAVINGS
C43: Travel time savings (hour) | D43: =15/3600 -> 0.0041666667
C44: Value of time, ped, $/hour | D44: ='Price Assumptions'!B7 -> 23.9
C45: Total time cost/savings | F45: 0 | G45: =$D$44*$D$43*G10 -> 64692.739 | H45: =$D$44*$D$43*H10 -> 131445.67 | I45: =$D$44*$D$43*I10 -> 133505.86 | J45: =$D$44*$D$43*J10 -> 135566.05 | K45: =$D$44*$D$43*K10 -> 137626.24 | L45: =$D$44*$D$43*L10 -> 139686.43 | M45: =$D$44*$D$43*M10 -> 141746.62 | N45: =$D$44*$D$43*N10 -> 144304.17 | ... AC45: =$D$44*$D$43*AC10 -> 185436.24 | AD45: =SUM(F45:AC45) -> 3509733.4
B47: Commute | C47: Mode shift (auto to transit+ped) | F47: =F11 -> 0 | G47: =G11 -> 6496.3419 | H47: =H11 -> 13199.565 | I47: =I11 -> 13406.446 | J47: =J11 -> 13613.327 | K47: =K11 -> 13820.208 | L47: =L11 -> 14027.089 | M47: =M11 -> 14233.97 | ... AC47: =AC11 -> 18621.213 | AD47: =SUM(F47:AC47) -> 352441.85
C48: TRAVEL TIME COST/SAVINGS
C49: travel time, auto | D49: varies | F49: ='Mode Operating Assumptions'!D29 -> 0.3910028 | G49: ='Mode Operating Assumptions'!E29 -> 0.39205715 | H49: ='Mode Operating Assumptions'!F29 -> 0.39311875 | I49: ='Mode Operating Assumptions'!G29 -> 0.39418767 | J49: ='Mode Operating Assumptions'!H29 -> 0.395264 | K49: ='Mode Operating Assumptions'!I29 -> 0.39634781 | L49: ='Mode Operating Assumptions'!J29 -> 0.39743917 | M49: ='Mode Operating Assumptions'!K29 -> 0.39853817 | ... AC49: ='Mode Operating Assumptions'!AA29 -> 0.41723012 | AD49: =SUM(F49:AC49) -> 9.6905878
C50: travel time, transit | D50: ='Mode Operating Assumptions'!C150 -> 0.38127572
C51: travel time, ped | D51: ='Mode Operating Assumptions'!C52 -> 0.234375
C52: Value of time, auto, $/hour | D52: ='Price Assumptions'!B3 -> 12.5
C53: Value of time, transit, $/hour | D53: ='Price Assumptions'!B5 -> 12.5
C54: Value of time, ped, $/hour | D54: =D44 -> 23.9
C55: Time cost/savings, auto to transit+ped, hours/day | F55: =+(F49*$D$52)-($D$50*$D$53)-($D$51*$D$54) -> -5.479974 | G55: =+(G49*$D$52)-($D$50*$D$53)-($D$51*$D$54) -> -5.4667946 | H55: =+(H49*$D$52)-($D$50*$D$53)-($D$51*$D$54) -> -5.4535246 | I55: =+(I49*$D$52)-($D$50*$D$53)-($D$51*$D$54) -> -5.4401631 | J55: =+(J49*$D$52)-($D$50*$D$53)-($D$51*$D$54) -> -5.426709 | K55: =+(K49*$D$52)-($D$50*$D$53)-($D$51*$D$54) -> -5.4131614 | L55: =+(L49*$D$52)-($D$50*$D$53)-($D$51*$D$54) -> -5.3995193 | M55: =+(M49*$D$52)-($D$50*$D$53)-($D$51*$D$54) -> -5.3857818 | ... AC55: =+(AC49*$D$52)-($D$50*$D$53)-($D$51*$D$54) -> -5.1521324 | AD55: =SUM(F55:AC55) -> -127.68787
F56: =F55*F47 -> 0 | G56: =G55*G47 -> -35514.167 | H56: =H55*H47 -> -71984.153 | I56: =I55*I47 -> -72933.252 | J56: =J55*J47 -> -73875.564 | K56: =K55*K47 -> -74811.016 | L56: =L55*L47 -> -75739.538 | M56: =M55*M47 -> -76661.057 | ... AC56: =AC55*AC47 -> -95938.953 | AD56: =SUM(F56:AC56) -> -1867953.2
C57: Total time cost/savings | F57: =F56 -> 0 | G57: =G56 -> -35514.167 | H57: =H56 -> -71984.153 | I57: =I56 -> -72933.252 | J57: =J56 -> -73875.564 | K57: =K56 -> -74811.016 | L57: =L56 -> -75739.538 | M57: =M56 -> -76661.057 | ... AC57: =AC56 -> -95938.953 | AD57: =SUM(F57:AC57) -> -1867953.2
C59: USER COST/SAVINGS
C60: Auto costs/savings, $/trip | D60: ='Mode Operating Assumptions'!C33 -> 8.1905
C61: Transit costs, $/trip | D61: ='Mode Operating Assumptions'!C153 -> 2.1074073
C62: Ped costs/savings, $/trip | D62: 0.05
C63: User cost/savings, auto to transit+ped, $/trip | D63: =+D60-D61-D62 -> 6.0330927 | F63: =$D63*F47 -> 0 | G63: =$D63*G47 -> 39193.033 | H63: =$D63*H47 -> 79634.199 | I63: =$D63*I47 -> 80882.331 | J63: =$D63*J47 -> 82130.464 | K63: =$D63*K47 -> 83378.596 | L63: =$D63*L47 -> 84626.728 | M63: =$D63*M47 -> 85874.861 | ... AC63: =$D63*AC47 -> 112343.5 | AD63: =SUM(F63:AC63) -> 2126314.3
C64: Total user cost/savings | F64: =F63 -> 0 | G64: =G63 -> 39193.033 | H64: =H63 -> 79634.199 | I64: =I63 -> 80882.331 | J64: =J63 -> 82130.464 | K64: =K63 -> 83378.596 | L64: =L63 -> 84626.728 | M64: =M63 -> 85874.861 | ... AC64: =AC63 -> 112343.5 | AD64: =SUM(F64:AC64) -> 2126314.3
B66: BICYCLE
B67: Local | C67: Current User
C68: TRAVEL TIME COST/SAVINGS
C69: Travel time savings (hour) | D69: =15/3600 -> 0.0041666667
C70: Value of time, bike, $/hour | D70: ='Price Assumptions'!$B$3 -> 12.5
C71: Total time cost/savings | F71: =($D$69/3600)*$D$70*F15 -> 0 | G71: =($D$69/3600)*$D$70*G15 -> 5.0818312 | H71: =($D$69)*$D$70*H15 -> 37171.79 | I71: =($D$69)*$D$70*I15 -> 37754.395 | J71: =($D$69)*$D$70*J15 -> 38337.001 | K71: =($D$69)*$D$70*K15 -> 38919.606 | L71: =($D$69)*$D$70*L15 -> 39502.212 | M71: =($D$69)*$D$70*M15 -> 40084.817 | N71: =($D$69)*$D$70*N15 -> 40808.072 | O71: =($D$69)*$D$70*O15 -> 41531.328 | ... AC71: =($D$69)*$D$70*AC15 -> 52439.895 | AD71: =SUM(F71:AC71) -> 974235.19
B73: Commute | C73: Mode shift (auto to transit+bike) | F73: =F16 -> 0 | G73: =G16 -> 8781.4043 | H73: =H16 -> 17842.459 | I73: =I16 -> 18122.11 | J73: =J16 -> 18401.76 | K73: =K16 -> 18681.411 | L73: =L16 -> 18961.062 | M73: =M16 -> 19240.712 | ... AC73: =AC16 -> 25171.15 | AD73: =SUM(F73:AC73) -> 476411.86
C74: TRAVEL TIME COST/SAVINGS
C75: travel time, auto | D75: varies | F75: =F49 -> 0.3910028 | G75: =G49 -> 0.39205715 | H75: =H49 -> 0.39311875 | I75: =I49 -> 0.39418767 | J75: =J49 -> 0.395264 | K75: =K49 -> 0.39634781 | L75: =L49 -> 0.39743917 | M75: =M49 -> 0.39853817 | ... AC75: =AC49 -> 0.41723012 | AD75: =SUM(F75:AC75) -> 9.6905878
C76: travel time, transit | D76: =D50 -> 0.38127572
C77: travel time, bike | D77: ='Mode Operating Assumptions'!C102 -> 0.179
C78: Value of time, auto, $/hour | D78: =D52 -> 12.5
C79: Value of time, transit, $/hour | D79: =D53 -> 12.5
C80: Value of time, bike, $/hour | D80: ='Price Assumptions'!B6 -> 12.5
C81: Time cost/savings, auto to transit+bike, hours/day | F81: =+(F75*$D$78)-($D$76*$D$79)-($D$77*$D$80) -> -2.1159115 | G81: =+(G75*$D$78)-($D$76*$D$79)-($D$77*$D$80) -> -2.1027321 | H81: =+(H75*$D$78)-($D$76*$D$79)-($D$77*$D$80) -> -2.0894621 | I81: =+(I75*$D$78)-($D$76*$D$79)-($D$77*$D$80) -> -2.0761006 | J81: =+(J75*$D$78)-($D$76*$D$79)-($D$77*$D$80) -> -2.0626465 | K81: =+(K75*$D$78)-($D$76*$D$79)-($D$77*$D$80) -> -2.0490989 | L81: =+(L75*$D$78)-($D$76*$D$79)-($D$77*$D$80) -> -2.0354568 | M81: =+(M75*$D$78)-($D$76*$D$79)-($D$77*$D$80) -> -2.0217193 | ... AC81: =+(AC75*$D$78)-($D$76*$D$79)-($D$77*$D$80) -> -1.7880699 | AD81: =SUM(F81:AC81) -> -46.950367
F82: =F81*F73 -> 0 | G82: =G81*G73 -> -18464.941 | H82: =H81*H73 -> -37281.143 | I82: =I81*I73 -> -37623.323 | J82: =J81*J73 -> -37956.326 | K82: =K81*K73 -> -38280.059 | L82: =L81*L73 -> -38594.422 | M82: =M81*M73 -> -38899.319 | ... AC82: =AC81*AC73 -> -45007.776 | AD82: =SUM(F82:AC82) -> -922319.04
C83: Total time cost/savings | F83: =F82 -> 0 | G83: =G82 -> -18464.941 | H83: =H82 -> -37281.143 | I83: =I82 -> -37623.323 | J83: =J82 -> -37956.326 | K83: =K82 -> -38280.059 | L83: =L82 -> -38594.422 | M83: =M82 -> -38899.319 | ... AC83: =AC82 -> -45007.776 | AD83: =SUM(F83:AC83) -> -922319.04
C85: USER COST/SAVINGS
C86: Auto costs, $/day | D86: =D60 -> 8.1905
C87: Transit costs, $/day | D87: =D61 -> 2.1074073
C88: Bicycle costs, $/day | D88: 0.1
C89: User cost/savings, auto to transit+bike, $/day | D89: =+D86-D87-D88 -> 5.9830927 | F89: =$D89*F73 -> 0 | G89: =$D89*G73 -> 52539.956 | H89: =$D89*H73 -> 106753.09 | I89: =$D89*I73 -> 108426.26 | J89: =$D89*J73 -> 110099.44 | K89: =$D89*K73 -> 111772.61 | L89: =$D89*L73 -> 113445.79 | M89: =$D89*M73 -> 115118.96 | ... AC89: =$D89*AC73 -> 150601.32 | AD89: =SUM(F89:AC89) -> 2850416.3
C90: Total user cost/savings | F90: =F89 -> 0 | G90: =G89 -> 52539.956 | H90: =H89 -> 106753.09 | I90: =I89 -> 108426.26 | J90: =J89 -> 110099.44 | K90: =K89 -> 111772.61 | L90: =L89 -> 113445.79 | M90: =M89 -> 115118.96 | ... AC90: =AC89 -> 150601.32 | AD90: =SUM(F90:AC90) -> 2850416.3
A92: LIVABILITY
C93: INCREASED ACCESS BENEFITS
C94: Consumer Surplus | D94: 0.5
B96: PEDESTRIAN | C96: Trips not taken before (none to transit+ped) | F96: =F12 -> 0 | G96: =G12 -> 12992.684 | H96: =H12 -> 26399.13 | I96: =I12 -> 26812.892 | J96: =J12 -> 27226.654 | K96: =K12 -> 27640.416 | L96: =L12 -> 28054.178 | M96: =M12 -> 28467.94 | ... AC96: =AC12 -> 37242.425 | AD96: =SUM(F96:AC96) -> 704883.69
C97: Time cost/savings, no trip taken to transit+ped, hours/day | F97: =$D$94*F55 -> -2.739987 | G97: =$D$94*G55 -> -2.7333973 | H97: =$D$94*H55 -> -2.7267623 | I97: =$D$94*I55 -> -2.7200815 | J97: =$D$94*J55 -> -2.7133545 | K97: =$D$94*K55 -> -2.7065807 | L97: =$D$94*L55 -> -2.6997597 | M97: =$D$94*M55 -> -2.6928909 | ... AC97: =$D$94*AC55 -> -2.5760662 | AD97: =SUM(F97:AC97) -> -63.843934
C98: Total | F98: =F97*F96 -> 0 | G98: =G97*G96 -> -35514.167 | H98: =H97*H96 -> -71984.153 | I98: =I97*I96 -> -72933.252 | J98: =J97*J96 -> -73875.564 | K98: =K97*K96 -> -74811.016 | L98: =L97*L96 -> -75739.538 | M98: =M97*M96 -> -76661.057 | ... AC98: =AC97*AC96 -> -95938.953 | AD98: =SUM(F98:AC98) -> -1867953.2
C99: User cost/savings, no trip taken to transit+ped, $/trip | D99: =$D$94*(D63) -> 3.0165464 | F99: =$D99*F96 -> 0 | G99: =$D99*G96 -> 39193.033 | H99: =$D99*H96 -> 79634.199 | I99: =$D99*I96 -> 80882.331 | J99: =$D99*J96 -> 82130.464 | K99: =$D99*K96 -> 83378.596 | L99: =$D99*L96 -> 84626.728 | M99: =$D99*M96 -> 85874.861 | ... AC99: =$D99*AC96 -> 112343.5 | AD99: =SUM(F99:AC99) -> 2126314.3
B101: BICYCLE
C102: Trips not taken before (none to transit+bike) | F102: =F17 -> 0 | G102: =G17 -> 8781.4043 | H102: =H17 -> 17842.459 | I102: =I17 -> 18122.11 | J102: =J17 -> 18401.76 | K102: =K17 -> 18681.411 | L102: =L17 -> 18961.062 | M102: =M17 -> 19240.712 | ... AC102: =AC17 -> 25171.15 | AD102: =SUM(F102:AC102) -> 476411.86
C103: Time cost/savings, no trip taken to transit+bike, hours/day | F103: =F81*$D$94 -> -1.0579557 | G103: =G81*$D$94 -> -1.0513661 | H103: =H81*$D$94 -> -1.0447311 | I103: =I81*$D$94 -> -1.0380503 | J103: =J81*$D$94 -> -1.0313232 | K103: =K81*$D$94 -> -1.0245494 | L103: =L81*$D$94 -> -1.0177284 | M103: =M81*$D$94 -> -1.0108597 | ... AC103: =AC81*$D$94 -> -0.89403497 | AD103: =SUM(F103:AC103) -> -23.475184
C104: Total | F104: =F103*F102 -> 0 | G104: =G103*G102 -> -9232.4705 | H104: =H103*H102 -> -18640.572 | I104: =I103*I102 -> -18811.661 | J104: =J103*J102 -> -18978.163 | K104: =K103*K102 -> -19140.029 | L104: =L103*L102 -> -19297.211 | M104: =M103*M102 -> -19449.66 | ... AC104: =AC103*AC102 -> -22503.888 | AD104: =SUM(F104:AC104) -> -461159.52
C105: User cost/savings, no trip taken to transit+bike, hours/day | D105: =D89 -> 5.9830927 | F105: =$D105*F102 -> 0 | G105: =$D105*G102 -> 52539.956 | H105: =$D105*H102 -> 106753.09 | I105: =$D105*I102 -> 108426.26 | J105: =$D105*J102 -> 110099.44 | K105: =$D105*K102 -> 111772.61 | L105: =$D105*L102 -> 113445.79 | M105: =$D105*M102 -> 115118.96 | ... AC105: =$D105*AC102 -> 150601.32 | AD105: =SUM(F105:AC105) -> 2850416.3
C107: Total Accessibility Benefits | F107: =F98+F99+F104+F105 -> 0 | G107: =G98+G99+G104+G105 -> 46986.352 | H107: =H98+H99+H104+H105 -> 95762.563 | I107: =I98+I99+I104+I105 -> 97563.681 | J107: =J98+J99+J104+J105 -> 99376.176 | K107: =K98+K99+K104+K105 -> 101200.16 | L107: =L98+L99+L104+L105 -> 103035.77 | M107: =M98+M99+M104+M105 -> 104883.11 | ... AC107: =AC98+AC99+AC104+AC105 -> 144501.98 | AD107: =SUM(F107:AC107) -> 2647617.9
B109: CONGESTION
B110: Long-Term | C110: Cost savings per Vehicle mile not traveled | D110: 0.054
C111: Reduced VMT | F111: =-F23*$D$110 -> 0 | G111: =-G23*$D$110 -> 5362.4889 | H111: =-H23*$D$110 -> 10895.75 | I111: =-I23*$D$110 -> 11066.523 | J111: =-J23*$D$110 -> 11237.296 | K111: =-K23*$D$110 -> 11408.068 | L111: =-L23*$D$110 -> 11578.841 | M111: =-M23*$D$110 -> 11749.613 | ... AC111: =-AC23*$D$110 -> 15371.119 | AD111: =SUM(F111:AC111) -> 290927.65
C112: Reduced signal delay (sec) | D112: -4.2
C113: Value of time, auto, $/hour | D113: ='Mode Operating Assumptions'!C21 -> 12.5
C114: Intersection Delay time | F114: =($D$112/3600)*$D$113*F30 -> 0 | G114: =($D$112/3600)*$D$113*G30 -> -199673.08 | H114: =($D$112/3600)*$D$113*H30 -> -400821.02 | I114: =($D$112/3600)*$D$113*I30 -> -402301.93 | J114: =($D$112/3600)*$D$113*J30 -> -403788.93 | K114: =($D$112/3600)*$D$113*K30 -> -405282.02 | L114: =($D$112/3600)*$D$113*L30 -> -406781.25 | M114: =($D$112/3600)*$D$113*M30 -> -407821.35 | ... AC114: =($D$112/3600)*$D$113*AC30 -> -421060.7 | AD114: =SUM(F114:AC114) -> -9263280.8
B115: Construction | C115: Increased delay time(sec) | D115: 2
C116: Value of time, auto, $/hour | D116: ='Mode Operating Assumptions'!C30 -> 12.5
C117: Cost of crossing under-construction intersection | D117: ='Mode Operating Assumptions'!C45 -> 0.008425
C118: Construction Impacts, $ | F118: =-(($D$115/3600*$D$116)+$D$117)*F28 -> -104888.97 | G118: =-(($D$115/3600*$D$116)+$D$117)*G28 -> -210553.81 | AD118: =SUM(F118:AC118) -> -315442.78
C120: Total Congestion Impacts | F120: =F111+F114+F118 -> -104888.97 | G120: =G111+G114+G118 -> -404864.4 | H120: =H111+H114+H118 -> -389925.27 | I120: =I111+I114+I118 -> -391235.41 | J120: =J111+J114+J118 -> -392551.63 | K120: =K111+K114+K118 -> -393873.95 | L120: =L111+L114+L118 -> -395202.41 | M120: =M111+M114+M118 -> -396071.74 | ... AC120: =AC111+AC114+AC118 -> -405689.58 | AD120: =SUM(F120:AC120) -> -9287795.9
B122: Fuel Cost/Savings | F122: =F24 -> 0 | G122: =G24 -> 17499.876 | H122: =H24 -> 34755.7 | I122: =I24 -> 34522.405 | J122: =J24 -> 34299.172 | K122: =K24 -> 34085.364 | L122: =L24 -> 33880.396 | M122: =M24 -> 33683.731 | ... AC122: =AC24 -> 42850.477 | AD122: =SUM(F122:AC122) -> 831708.47
C123: Fuel savings from reduced VMT | F123: =F122 -> 0 | G123: =G122 -> 17499.876 | H123: =H122 -> 34755.7 | I123: =I122 -> 34522.405 | J123: =J122 -> 34299.172 | K123: =K122 -> 34085.364 | L123: =L122 -> 33880.396 | M123: =M122 -> 33683.731 | ... AC123: =AC122 -> 42850.477 | AD123: =SUM(F123:AC123) -> 831708.47
A125: ENVIRONMENTAL SUSTAINABILITY
...

Sheet Ro Users
A2: USERS and NON-USERS | C2: 2013 | D2: 2014 | E2: 2015 | F2: 2016 | G2: 2017 | H2: 2018 | I2: 2019 | J2: 2020 | K2: 2021 | L2: 2022 | M2: 2023 | N2: 2024 | O2: 2025 | P2: 2026 | Q2: 2027 | R2: 2028 | S2: 2029 | T2: 2030 | U2: 2031 | V2: 2032 | W2: 2033 | X2: 2034 | Y2: 2035 | Z2: 2036
C3: Year 1 | D3: Year 2 | E3: Year 3 | F3: Year 4 | G3: Year 5 | H3: Year 6 | I3: Year 7 | J3: Year 8 | K3: Year 9 | L3: Year 10 | M3: Year 11 | N3: Year 12 | O3: Year 13 | P3: Year 14 | Q3: Year 15 | R3: Year 16 | S3: Year 17 | T3: Year 18 | U3: Year 19 | V3: Year 20 | W3: Year 21 | X3: Year 22 | Y3: Year 23 | Z3: Year 24
A4: PEDESTRIAN
A5: Current User | B5: Current User | C5: 0 | D5: =D81*0.5 -> 649634.19 | E5: =E81 -> 1319956.5 | F5: =F81 -> 1340644.6 | G5: =G81 -> 1361332.7 | H5: =H81 -> 1382020.8 | I5: =I81 -> 1402708.9 | J5: =J81 -> 1423397 | K5: =K81 -> 1449079.5 | L5: =L81 -> 1474762.1 | ... Z5: =Z81 -> 1862121.3
A6: New User | B6: Mode shift (auto to transit+ped) | C6: =C83 -> 0 | D6: =D83*0.5 -> 6496.3419 | E6: =E83 -> 13199.565 | F6: =F83 -> 13406.446 | G6: =G83 -> 13613.327 | H6: =H83 -> 13820.208 | I6: =I83 -> 14027.089 | J6: =J83 -> 14233.97 | K6: =K83 -> 14490.795 | L6: =L83 -> 14747.621 | ... Z6: =Z83 -> 18621.213
B7: Trips not taken before (none to transit+ped) | C7: =C84 -> 0 | D7: =D84*0.5 -> 12992.684 | E7: =E84 -> 26399.13 | F7: =F84 -> 26812.892 | G7: =G84 -> 27226.654 | H7: =H84 -> 27640.416 | I7: =I84 -> 28054.178 | J7: =J84 -> 28467.94 | K7: =K84 -> 28981.591 | L7: =L84 -> 29495.241 | ... Z7: =Z84 -> 37242.425
A9: BICYCLE
A10: Current User | B10: Current User | C10: 0 | D10: =D94*0.5 -> 351256.17 | E10: =E94 -> 713698.37 | F10: =F94 -> 724884.39 | G10: =G94 -> 736070.41 | H10: =H94 -> 747256.44 | I10: =I94 -> 758442.46 | J10: =J94 -> 769628.48 | K10: =K94 -> 783514.99 | L10: =L94 -> 797401.5 | ... Z10: =Z94 -> 1006846
A11: New User | B11: Trip shifted from auto to transit+bike | C11: =C96 -> 0 | D11: =D96*0.5 -> 8781.4043 | E11: =E96 -> 17842.459 | F11: =F96 -> 18122.11 | G11: =G96 -> 18401.76 | H11: =H96 -> 18681.411 | I11: =I96 -> 18961.062 | J11: =J96 -> 19240.712 | K11: =K96 -> 19587.875 | L11: =L96 -> 19935.037 | ... Z11: =Z96 -> 25171.15
B12: Trips not taken before (none to transit+bike) | C12: =C97 -> 0 | D12: =D97*0.5 -> 8781.4043 | E12: =E97 -> 17842.459 | F12: =F97 -> 18122.11 | G12: =G97 -> 18401.76 | H12: =H97 -> 18681.411 | I12: =I97 -> 18961.062 | J12: =J97 -> 19240.712 | K12: =K97 -> 19587.875 | L12: =L97 -> 19935.037 | ... Z12: =Z97 -> 25171.15
A14: ROAD
B15: AADT WB Lee Highway (Route 29) | C15: =$B35*(1+$C$37)^(C2-2007) -> 23843.02 | D15: =$B35*(1+$C$37)^(D2-2007) -> 23889.168 | E15: =$B35*(1+$C$37)^(E2-2007) -> 23935.405 | F15: =$B35*(1+$C$37)^(F2-2007) -> 23981.731 | G15: =$B35*(1+$C$37)^(G2-2007) -> 24028.147 | H15: =$B35*(1+$C$37)^(H2-2007) -> 24074.653 | I15: =$B35*(1+$C$37)^(I2-2007) -> 24121.249 | J15: =11638+12523 -> 24161 | K15: =$C35*(1+$D$37)^(K2-2020) -> 24164.7 | L15: =$C35*(1+$D$37)^(L2-2020) -> 24168.401 | M15: =$C35*(1+$D$37)^(M2-2020) -> 24172.102 | N15: =$C35*(1+$D$37)^(N2-2020) -> 24175.803 | O15: =$C35*(1+$D$37)^(O2-2020) -> 24179.506 | P15: =$C35*(1+$D$37)^(P2-2020) -> 24183.209 | Q15: =$C35*(1+$D$37)^(Q2-2020) -> 24186.912 | R15: =$C35*(1+$D$37)^(R2-2020) -> 24190.616 | S15: =$C35*(1+$D$37)^(S2-2020) -> 24194.32 | T15: =11624+12574 -> 24198 | U15: =$C35*(1+$D$37)^(U2-2020) -> 24201.731 | V15: =$C35*(1+$D$37)^(V2-2020) -> 24205.437 | W15: =$C35*(1+$D$37)^(W2-2020) -> 24209.144 | X15: =$C35*(1+$D$37)^(X2-2020) -> 24212.852 | Y15: =$C35*(1+$D$37)^(Y2-2020) -> 24216.56 | Z15: =$C35*(1+$D$37)^(Z2-2020) -> 24220.268
B16: AADT Lynn Street / Fort Myer Drive | C16: =$B36*(1+$C$38)^(C2-2007) -> 50946.159 | D16: =$B36*(1+$C$38)^(D2-2007) -> 51176.624 | E16: =$B36*(1+$C$38)^(E2-2007) -> 51408.132 | F16: =$B36*(1+$C$38)^(F2-2007) -> 51640.687 | G16: =$B36*(1+$C$38)^(G2-2007) -> 51874.294 | H16: =$B36*(1+$C$38)^(H2-2007) -> 52108.957 | I16: =$B36*(1+$C$38)^(I2-2007) -> 52344.683 | J16: =28928+23573 -> 52501 | K16: =$C36*(1+$D$38)^(K2-2020) -> 52650.4 | L16: =$C36*(1+$D$38)^(L2-2020) -> 52800.225 | M16: =$C36*(1+$D$38)^(M2-2020) -> 52950.477 | N16: =$C36*(1+$D$38)^(N2-2020) -> 53101.156 | O16: =$C36*(1+$D$38)^(O2-2020) -> 53252.264 | P16: =$C36*(1+$D$38)^(P2-2020) -> 53403.801 | Q16: =$C36*(1+$D$38)^(Q2-2020) -> 53555.77 | R16: =$C36*(1+$D$38)^(R2-2020) -> 53708.172 | S16: =$C36*(1+$D$38)^(S2-2020) -> 53861.007 | T16: =29600+24395 -> 53995 | U16: =$C36*(1+$D$38)^(U2-2020) -> 54167.984 | V16: =$C36*(1+$D$38)^(V2-2020) -> 54322.127 | W16: =$C36*(1+$D$38)^(W2-2020) -> 54476.71 | X16: =$C36*(1+$D$38)^(X2-2020) -> 54631.732 | Y16: =$C36*(1+$D$38)^(Y2-2020) -> 54787.195 | Z16: =$C36*(1+$D$38)^(Z2-2020) -> 54943.101
A19: Construction Impact | B19: Current User | C19: =(C15+C16)*365*0.25 -> 6824512.6 | D19: =(D15+D16)*365*0.5 -> 13699507
A20: Long-Term Impact | B20: Current User | C20: 0 | D20: =(D15+D16)*365*0.5 -> 13699507 | E20: =(E15+E16)*365 -> 27500391 | F20: =(F15+F16)*365 -> 27602183 | G20: =(G15+G16)*365 -> 27704391 | H20: =(H15+H16)*365 -> 27807018 | I20: =(I15+I16)*365 -> 27910065 | J20: =(J15+J16)*365 -> 27981630 | K20: =(K15+K16)*365 -> 28037512 | L20: =(L15+L16)*365 -> 28093548 | ... Z20: =(Z15+Z16)*365 -> 28894630
B21: New User (50% of VT reduced) | C21: 0 | D21: =0.5*D27 -> -7638.8731 | E21: =0.5*E27 -> -15521.012 | F21: =0.5*F27 -> -15764.278 | G21: =0.5*G27 -> -16007.544 | H21: =0.5*H27 -> -16250.809 | I21: =0.5*I27 -> -16494.075 | J21: =0.5*J27 -> -16737.341 | K21: =0.5*K27 -> -17039.335 | ... Z21: =0.5*Z27 -> -21896.181
B22: Total User | C22: 0 | D22: =(D20+D21) -> 13691868 | E22: =E20+E21 -> 27484870 | F22: =F20+F21 -> 27586418 | G22: =G20+G21 -> 27688383 | H22: =H20+H21 -> 27790767 | I22: =I20+I21 -> 27893571 | J22: =J20+J21 -> 27964893 | K22: =K20+K21 -> 28020472 | L22: =L20+L21 -> 28076207 | ... Z22: =Z20+Z21 -> 28872733
B24: TRAVEL IMPACTS
B25: Rail transit trips change | C25: =C6+C7+C11+C12 -> 0 | D25: =D6+D7+D11+D12 -> 37051.834 | E25: =E6+E7+E11+E12 -> 75283.613 | F25: =F6+F7+F11+F12 -> 76463.557 | G25: =G6+G7+G11+G12 -> 77643.502 | H25: =H6+H7+H11+H12 -> 78823.446 | I25: =I6+I7+I11+I12 -> 80003.39 | J25: =J6+J7+J11+J12 -> 81183.334 | ... Z25: =Z6+Z7+Z11+Z12 -> 106205.94
B26: Bus transit trips change | C26: 0 | D26: =-D25*$A$71 -> -6125.2681 | E26: =-E25*$A$71 -> -12445.6 | F26: =-F25*$A$71 -> -12640.664 | G26: =-G25*$A$71 -> -12835.728 | H26: =-H25*$A$71 -> -13030.792 | I26: =-I25*$A$71 -> -13225.856 | J26: =-J25*$A$71 -> -13420.919 | K26: =-K25*$A$71 -> -13663.075 | ... Z26: =-Z25*$A$71 -> -17557.561
B27: Auto VT reduced | C27: =-(C6+C11) -> 0 | D27: =-(D6+D11) -> -15277.746 | E27: =-(E6+E11) -> -31042.024 | F27: =-(F6+F11) -> -31528.556 | G27: =-(G6+G11) -> -32015.087 | H27: =-(H6+H11) -> -32501.619 | I27: =-(I6+I11) -> -32988.15 | J27: =-(J6+J11) -> -33474.682 | ... Z27: =-(Z6+Z11) -> -43792.362
B28: Auto VMT reduced | C28: =-('Mode Operating Assumptions'!$C$27*(C6+C11)) -> 0 | D28: =-('Mode Operating Assumptions'!$C$27*(D6+D11)) -> -99305.351 | E28: =-('Mode Operating Assumptions'!$C$27*(E6+E11)) -> -201773.16 | F28: =-('Mode Operating Assumptions'!$C$27*(F6+F11)) -> -204935.61 | G28: =-('Mode Operating Assumptions'!$C$27*(G6+G11)) -> -208098.07 | H28: =-('Mode Operating Assumptions'!$C$27*(H6+H11)) -> -211260.52 | I28: =-('Mode Operating Assumptions'!$C$27*(I6+I11)) -> -214422.98 | J28: =-('Mode Operating Assumptions'!$C$27*(J6+J11)) -> -217585.43 | ... Z28: =-('Mode Operating Assumptions'!$C$27*(Z6+Z11)) -> -284650.35
B29: Auto fuel savings | C29: =-(C28*'Mode Operating Assumptions'!$C$8/'Mode Operating Assumptions'!C11) -> 0 | D29: =-(D28*'Mode Operating Assumptions'!$C$8/'Mode Operating Assumptions'!D11) -> 17499.876 | E29: =-(E28*'Mode Operating Assumptions'!$C$8/'Mode Operating Assumptions'!E11) -> 34755.7 | F29: =-(F28*'Mode Operating Assumptions'!$C$8/'Mode Operating Assumptions'!F11) -> 34522.405 | G29: =-(G28*'Mode Operating Assumptions'!$C$8/'Mode Operating Assumptions'!G11) -> 34299.172 | H29: =-(H28*'Mode Operating Assumptions'!$C$8/'Mode Operating Assumptions'!H11) -> 34085.364 | I29: =-(I28*'Mode Operating Assumptions'!$C$8/'Mode Operating Assumptions'!I11) -> 33880.396 | J29: =-(J28*'Mode Operating Assumptions'!$C$8/'Mode Operating Assumptions'!J11) -> 33683.731 | ... Z29: =-(Z28*'Mode Operating Assumptions'!$C$8/'Mode Operating Assumptions'!Z11) -> 42850.477
A31: Inputs
A33: Raw AWDT Volumes 2011 Simulated CLRP
B34: 2007 | C34: 2020 | D34: 2030
A35: AADT WB Lee Highway (Route 29) | B35: =11379+12189 -> 23568 | C35: =11638+12523 -> 24161 | D35: =11624+12574 -> 24198
A36: AADT Lynn Street / Fort Myer Drive | B36: =27853+21732 -> 49585 | C36: =28928+23573 -> 52501 | D36: =29600+24395 -> 53995
C37: =((C35-B35)/B35)/13 -> 0.0019354797 | D37: =((D35-C35)/C35)/10 -> 0.00015313936
C38: =((C36-B36)/B36)/13 -> 0.0045237006 | D38: =((D36-C36)/C36)/10 -> 0.0028456601
A40: Table 1: FY 2011 Northern Virginia Bicycle and Pedestrian Counts | I40: Accident data
A41: Location Count Date (Day of Week) | I41: =13/3 -> 4.3333333 | J41: average past three years bike + ped
A42: 24‐Hour Totals (Bi or Multi‐Directional) | I42: =I41/(C81+C94)*K42 -> 7.7199398e-07 | J42: bike | K42: =C94/(C94+C81) -> 0.3509437
E43: Bicycles | F43: Pedestrians | G43: Bikes+Peds | I43: =I41/(C81+C94)*K43 -> 1.4277719e-06 | J43: ped | K43: =C81/(C81+C94) -> 0.6490563
B44: Mount Vernon Trail at Theodore Roosevelt Bridge | D44: 6/27/2011 (M) | E44: 1696 | F44: 1035 | G44: =E44+F44 -> 2731
B45: Custis Trail at North Lynn Street | D45: 6/9/2011 (Th) | E45: 2321 | F45: 4269 | G45: =E45+F45 -> 6590
B46: Custis Trail at North Fort Myer Drive | D46: 6/9/2011 (Th) | E46: 1276 | F46: 1831 | G46: =E46+F46 -> 3107
B47: Notes: Summer measurements, significant duplication. Only use Custis @ North Lynn Drive
A49: Metrorail Counts and Modes of Access
A50: Mezzanine | B50: Daily Ent | F50: Daily Ext
B51: 2005 | C51: 2010 | D51: 2020 | E51: 2030 | F51: 2005 | G51: 2010 | H51: 2020 | I51: 2030
A52: Rosslyn | B52: 16158.524 | C52: 16069.931 | D52: 18813.633 | E52: 22212.544 | F52: 15626.381 | G52: 15529.486 | H52: 18159.588 | I52: 21431.803
D53: =(D52-C52)/10 -> 274.3702 | E53: =(E52-D52)/10 -> 339.89115 | H53: =(H52-G52)/10 -> 263.01027 | I53: =(I52-H52)/10 -> 327.2215
D54: =D53/C52 -> 0.017073515 | E54: =E53/D52 -> 0.018066216 | H54: =H53/G52 -> 0.016936187 | I54: =I53/H52 -> 0.018019214
C56: 2013 | D56: 2014 | E56: 2015 | F56: 2016 | G56: 2017 | H56: 2018 | I56: 2019 | J56: 2020 | K56: 2021 | L56: 2022 | M56: 2023 | N56: 2024 | O56: 2025 | P56: 2026 | Q56: 2027 | R56: 2028 | S56: 2029 | T56: 2030 | U56: 2031 | V56: 2032 | W56: 2033 | X56: 2034 | Y56: 2035 | Z56: 2036
C57: Year 1 | D57: Year 2 | E57: Year 3 | F57: Year 4 | G57: Year 5 | H57: Year 6 | I57: Year 7 | J57: Year 8 | K57: Year 9 | L57: Year 10 | M57: Year 11 | N57: Year 12 | O57: Year 13 | P57: Year 14 | Q57: Year 15 | R57: Year 16 | S57: Year 17 | T57: Year 18 | U57: Year 19 | V57: Year 20 | W57: Year 21 | X57: Year 22 | Y57: Year 23 | Z57: Year 24
B58: Daily users (Entry + Exit) | C58: =$C$52*(1+($D$54*(C56-2010)))+$G$52*(1+($H$54*(C56-2010))) -> 33211.558 | D58: =$C$52*(1+($D$54*(D56-2010)))+$G$52*(1+($H$54*(D56-2010))) -> 33748.938 | E58: =$C$52*(1+($D$54*(E56-2010)))+$G$52*(1+($H$54*(E56-2010))) -> 34286.319 | F58: =$C$52*(1+($D$54*(F56-2010)))+$G$52*(1+($H$54*(F56-2010))) -> 34823.699 | G58: =$C$52*(1+($D$54*(G56-2010)))+$G$52*(1+($H$54*(G56-2010))) -> 35361.08 | H58: =$C$52*(1+($D$54*(H56-2010)))+$G$52*(1+($H$54*(H56-2010))) -> 35898.46 | I58: =$C$52*(1+($D$54*(I56-2010)))+$G$52*(1+($H$54*(I56-2010))) -> 36435.841 | J58: =H52+D52 -> 36973.221 | K58: =$D$52*(1+($E$54*(K56-2020)))+$H$52*(1+($I$54*(K56-2020))) -> 37640.334 | L58: =$D$52*(1+($E$54*(L56-2020)))+$H$52*(1+($I$54*(L56-2020))) -> 38307.446 | M58: =$D$52*(1+($E$54*(M56-2020)))+$H$52*(1+($I$54*(M56-2020))) -> 38974.559 | N58: =$D$52*(1+($E$54*(N56-2020)))+$H$52*(1+($I$54*(N56-2020))) -> 39641.672 | O58: =$D$52*(1+($E$54*(O56-2020)))+$H$52*(1+($I$54*(O56-2020))) -> 40308.784 | P58: =$D$52*(1+($E$54*(P56-2020)))+$H$52*(1+($I$54*(P56-2020))) -> 40975.897 | Q58: =$D$52*(1+($E$54*(Q56-2020)))+$H$52*(1+($I$54*(Q56-2020))) -> 41643.01 | R58: =$D$52*(1+($E$54*(R56-2020)))+$H$52*(1+($I$54*(R56-2020))) -> 42310.122 | S58: =$D$52*(1+($E$54*(S56-2020)))+$H$52*(1+($I$54*(S56-2020))) -> 42977.235 | T58: =I52+E52 -> 43644.348 | U58: =$E$52*(1+($E$54*(U56-2030)))+$I$52*(1+($I$54*(U56-2030))) -> 44431.828 | V58: =$E$52*(1+($E$54*(V56-2030)))+$I$52*(1+($I$54*(V56-2030))) -> 45219.309 | W58: =$E$52*(1+($E$54*(W56-2030)))+$I$52*(1+($I$54*(W56-2030))) -> 46006.79 | X58: =$E$52*(1+($E$54*(X56-2030)))+$I$52*(1+($I$54*(X56-2030))) -> 46794.271 | Y58: =$E$52*(1+($E$54*(Y56-2030)))+$I$52*(1+($I$54*(Y56-2030))) -> 47581.752 | Z58: =$E$52*(1+($E$54*(Z56-2030)))+$I$52*(1+($I$54*(Z56-2030))) -> 48369.233
A61: Station Name | B61: Total | C61: ALEXANDRIA DASH | D61: AMTRAK, MARC OR VRE | E61: ARLINGTON TRANSIT (ART) | F61: Dropped off | G61: BICYCLE | H61: DC CIRCULATOR | I61: DRIVE A CAR | J61: FAIRFAX CITY CUE | K61: FAIRFAX CONNECTOR | L61: METROBUS | M61: MONTGOMERY RIDE ON | N61: OTHER BUS | O61: PRINCE GEORGE'S THE BUS | P61: RIDE WITH SOMEONE WHO PARKED | Q61: TAXI | R61: WALK
A62: ROSSLYN | B62: 17340.39 | E62: 185.31263 | F62: 1344.7616 | G62: 53.47477 | H62: 11.179 | I62: 551.66062 | L62: 1580.2637 | N62: 1089.8918 | P62: 92.35159 | R62: 12431.494
D63: =D62/$B62 -> 0 | E63: =E62/$B62 -> 0.010686763 | F63: =F62/$B62 -> 0.077550828 | G63: =G62/$B62 -> 0.0030838275 | H63: =H62/$B62 -> 0.00064467986 | I63: =I62/$B62 -> 0.031813623 | J63: =J62/$B62 -> 0 | K63: =K62/$B62 -> 0 | ... R63: =R62/$B62 -> 0.71690972
B64: Metrorail Mode of Access Study 2007 (All Day Access Absolute)
C65: 2013 | D65: 2014 | E65: 2015 | F65: 2016 | G65: 2017 | H65: 2018 | I65: 2019 | J65: 2020 | K65: 2021 | L65: 2022 | M65: 2023 | N65: 2024 | O65: 2025 | P65: 2026 | Q65: 2027 | R65: 2028 | S65: 2029 | T65: 2030 | U65: 2031 | V65: 2032 | W65: 2033 | X65: 2034 | Y65: 2035 | Z65: 2036
C66: Year 1 | D66: Year 2 | E66: Year 3 | F66: Year 4 | G66: Year 5 | H66: Year 6 | I66: Year 7 | J66: Year 8 | K66: Year 9 | L66: Year 10 | M66: Year 11 | N66: Year 12 | O66: Year 13 | P66: Year 14 | Q66: Year 15 | R66: Year 16 | S66: Year 17 | T66: Year 18 | U66: Year 19 | V66: Year 20 | W66: Year 21 | X66: Year 22 | Y66: Year 23 | Z66: Year 24
A67: =R63 -> 0.71690972 | B67: Walk | C67: =C$73*$A67 -> 23809.689 | D67: =D$73*$A67 -> 24194.942 | E67: =E$73*$A67 -> 24580.195 | F67: =F$73*$A67 -> 24965.449 | G67: =G$73*$A67 -> 25350.702 | H67: =H$73*$A67 -> 25735.955 | I67: =I$73*$A67 -> 26121.208 | J67: =J$73*$A67 -> 26506.462 | ... Z67: =Z$73*$A67 -> 34676.373
A68: =G63 -> 0.0030838275 | B68: Bicycle | C68: =C$73*$A68 -> 102.41871 | D68: =D$73*$A68 -> 104.0759 | E68: =E$73*$A68 -> 105.73309 | F68: =F$73*$A68 -> 107.39028 | G68: =G$73*$A68 -> 109.04747 | H68: =H$73*$A68 -> 110.70466 | I68: =I$73*$A68 -> 112.36185 | J68: =J$73*$A68 -> 114.01903 | ... Z68: =Z$73*$A68 -> 149.16237
A69: =I63 -> 0.031813623 | B69: Car - Park | C69: =C$73*$A69 -> 1056.58 | D69: =D$73*$A69 -> 1073.676 | E69: =E$73*$A69 -> 1090.772 | F69: =F$73*$A69 -> 1107.868 | G69: =G$73*$A69 -> 1124.9641 | H69: =H$73*$A69 -> 1142.0601 | I69: =I$73*$A69 -> 1159.1561 | J69: =J$73*$A69 -> 1176.2521 | ... Z69: =Z$73*$A69 -> 1538.8005
A70: =F63 -> 0.077550828 | B70: Car - Drop-off | C70: =C$73*$A70 -> 2575.5838 | D70: =D$73*$A70 -> 2617.2581 | E70: =E$73*$A70 -> 2658.9324 | F70: =F$73*$A70 -> 2700.6067 | G70: =G$73*$A70 -> 2742.281 | H70: =H$73*$A70 -> 2783.9553 | I70: =I$73*$A70 -> 2825.6296 | J70: =J$73*$A70 -> 2867.3039 | ... Z70: =Z$73*$A70 -> 3751.074
A71: =E63+H63+L63+N63+O63 -> 0.16531619 | B71: Bus | C71: =C$73*$A71 -> 5490.4082 | D71: =D$73*$A71 -> 5579.2459 | E71: =E$73*$A71 -> 5668.0836 | F71: =F$73*$A71 -> 5756.9212 | G71: =G$73*$A71 -> 5845.7589 | H71: =H$73*$A71 -> 5934.5966 | I71: =I$73*$A71 -> 6023.4343 | J71: =J$73*$A71 -> 6112.272 | ... Z71: =Z$73*$A71 -> 7996.2172
A72: =P63+Q63+D63 -> 0.0053258082 | B72: Other (Taxi, Motorcycle, etc.) | C72: =C$73*$A72 -> 176.87839 | D72: =D$73*$A72 -> 179.74037 | E72: =E$73*$A72 -> 182.60236 | F72: =F$73*$A72 -> 185.46434 | G72: =G$73*$A72 -> 188.32633 | H72: =H$73*$A72 -> 191.18831 | I72: =I$73*$A72 -> 194.0503 | J72: =J$73*$A72 -> 196.91229 | ... Z72: =Z$73*$A72 -> 257.60526
A73: =SUM(A67:A72) -> 1 | C73: =C$58*$A73 -> 33211.558 | D73: =D$58*$A73 -> 33748.938 | E73: =E$58*$A73 -> 34286.319 | F73: =F$58*$A73 -> 34823.699 | G73: =G$58*$A73 -> 35361.08 | H73: =H$58*$A73 -> 35898.46 | I73: =I$58*$A73 -> 36435.841 | J73: =J$58*$A73 -> 36973.221 | ... Z73: =Z$58*$A73 -> 48369.233
A75: PEDESTRIAN
A76: Pedestrian Volumes | B76: Percent using improvements
B77: 0.179 | C77: =C67*B77 -> 4261.9343
B78: Normalize Metrorail vs Observed Counts
A80: Current User | B80: Effective weekdays per year
B81: 300 | C81: =$B$77*C67*$B$81 -> 1278580.3 | D81: =$B$77*D67*$B$81 -> 1299268.4 | E81: =$B$77*E67*$B$81 -> 1319956.5 | F81: =$B$77*F67*$B$81 -> 1340644.6 | G81: =$B$77*G67*$B$81 -> 1361332.7 | H81: =$B$77*H67*$B$81 -> 1382020.8 | I81: =$B$77*I67*$B$81 -> 1402708.9 | J81: =$B$77*J67*$B$81 -> 1423397 | ... Z81: =$B$77*Z67*$B$81 -> 1862121.3
A82: New User (mode shift)
A83: 0.01 | B83: Mode shift (auto to transit+ped) | D83: =D81*$A$83 -> 12992.684 | E83: =E81*$A$83 -> 13199.565 | F83: =F81*$A$83 -> 13406.446 | G83: =G81*$A$83 -> 13613.327 | H83: =H81*$A$83 -> 13820.208 | I83: =I81*$A$83 -> 14027.089 | J83: =J81*$A$83 -> 14233.97 | K83: =K81*$A$83 -> 14490.795 | ... Z83: =Z81*$A$83 -> 18621.213
A84: 0.02 | B84: Trips not taken before (none to transit+ped) | D84: =D81*$A$84 -> 25985.368 | E84: =E81*$A$84 -> 26399.13 | F84: =F81*$A$84 -> 26812.892 | G84: =G81*$A$84 -> 27226.654 | H84: =H81*$A$84 -> 27640.416 | I84: =I81*$A$84 -> 28054.178 | J84: =J81*$A$84 -> 28467.94 | K84: =K81*$A$84 -> 28981.591 | ... Z84: =Z81*$A$84 -> 37242.425
A88: BICYCLE
A89: Bicycle Volumes | B89: Percent using improvements
B90: 22.5 | C90: =C68*B90 -> 2304.4211
B91: Normalize Metrorail vs Observed Counts
A93: Current User | B93: Effective weekdays per year
B94: 300 | C94: =$B94*$B90*C68 -> 691326.32 | D94: =$B94*$B90*D68 -> 702512.34 | E94: =$B94*$B90*E68 -> 713698.37 | F94: =$B94*$B90*F68 -> 724884.39 | G94: =$B94*$B90*G68 -> 736070.41 | H94: =$B94*$B90*H68 -> 747256.44 | I94: =$B94*$B90*I68 -> 758442.46 | J94: =$B94*$B90*J68 -> 769628.48 | ... Z94: =$B94*$B90*Z68 -> 1006846
A95: New User (mode shift)
A96: 0.025 | B96: Trip shifted from auto to transit+bike | D96: =D94*$A$96 -> 17562.809 | E96: =E94*$A$96 -> 17842.459 | F96: =F94*$A$96 -> 18122.11 | G96: =G94*$A$96 -> 18401.76 | H96: =H94*$A$96 -> 18681.411 | I96: =I94*$A$96 -> 18961.062 | J96: =J94*$A$96 -> 19240.712 | K96: =K94*$A$96 -> 19587.875 | ... Z96: =Z94*$A$96 -> 25171.15
A97: 0.025 | B97: Trips not taken before (none to transit+bike) | D97: =D94*$A$97 -> 17562.809 | E97: =E94*$A$97 -> 17842.459 | F97: =F94*$A$97 -> 18122.11 | G97: =G94*$A$97 -> 18401.76 | H97: =H94*$A$97 -> 18681.411 | I97: =I94*$A$97 -> 18961.062 | J97: =J94*$A$97 -> 19240.712 | K97: =K94*$A$97 -> 19587.875 | ... Z97: =Z94*$A$97 -> 25171.15

Sheet WH
F1: 2013 | G1: 2014 | H1: 2015 | I1: 2016 | J1: 2017 | K1: 2018 | L1: 2019 | M1: 2020 | N1: 2021 | O1: 2022 | P1: 2023 | Q1: 2024 | R1: 2025 | S1: 2026 | T1: 2027 | U1: 2028 | V1: 2029 | W1: 2030 | X1: 2031 | Y1: 2032 | Z1: 2033 | AA1: 2034 | AB1: 2035 | AC1: 2036
D2: Factor | E2: Total | F2: Year 1 | G2: Year 2 | H2: Year 3 | I2: Year 4 | J2: Year 5 | K2: Year 6 | L2: Year 7 | M2: Year 8 | N2: Year 9 | O2: Year 10 | P2: Year 11 | Q2: Year 12 | R2: Year 13 | S2: Year 14 | T2: Year 15 | U2: Year 16 | V2: Year 17 | W2: Year 18 | X2: Year 19 | Y2: Year 20 | Z2: Year 21 | AA2: Year 22 | AB2: Year 23 | AC2: Year 24
A5: Project Costs | C5: O & M
C6: Construction | F6: -37500 | G6: -672750
A8: Users
B9: PEDESTRIAN
B10: Local | C10: Current User | F10: ='WH Users'!C5 -> 0 | G10: ='WH Users'!D5 -> 52683.038 | H10: ='WH Users'!E5 -> 213136.85 | I10: ='WH Users'!F5 -> 215541.55 | J10: ='WH Users'!G5 -> 217946.25 | K10: ='WH Users'!H5 -> 220350.95 | L10: ='WH Users'!I5 -> 222755.65 | M10: ='WH Users'!J5 -> 225160.35 | ... AC10: ='WH Users'!Z5 -> 249668.03 | AD10: =SUM(F10:AC10) -> 5175479
B11: Commute | C11: Trip shifted from auto to transit+ped | F11: ='WH Users'!C6 -> 0 | G11: ='WH Users'!D6 -> 1053.6608 | H11: ='WH Users'!E6 -> 4262.737 | I11: ='WH Users'!F6 -> 4310.831 | J11: ='WH Users'!G6 -> 4358.925 | K11: ='WH Users'!H6 -> 4407.019 | L11: ='WH Users'!I6 -> 4455.113 | M11: ='WH Users'!J6 -> 4503.207 | ... AC11: ='WH Users'!Z6 -> 4993.3606 | AD11: =SUM(F11:AC11) -> 103509.58
C12: Trips not taken before (none to transit+ped) | F12: ='WH Users'!C7 -> 0 | G12: ='WH Users'!D7 -> 526.83038 | H12: ='WH Users'!E7 -> 2131.3685 | I12: ='WH Users'!F7 -> 2155.4155 | J12: ='WH Users'!G7 -> 2179.4625 | K12: ='WH Users'!H7 -> 2203.5095 | L12: ='WH Users'!I7 -> 2227.5565 | M12: ='WH Users'!J7 -> 2251.6035 | ... AC12: ='WH Users'!Z7 -> 2496.6803 | AD12: =SUM(F12:AC12) -> 51754.79
B14: BICYCLE
B15: Local | C15: Current User | F15: ='WH Users'!C11 -> 0 | G15: ='WH Users'!D11 -> 5100.1541 | H15: ='WH Users'!E11 -> 20633.411 | I15: ='WH Users'!F11 -> 20866.206 | J15: ='WH Users'!G11 -> 21099.001 | K15: ='WH Users'!H11 -> 21331.796 | L15: ='WH Users'!I11 -> 21564.591 | M15: ='WH Users'!J11 -> 21797.385 | ... AC15: ='WH Users'!Z11 -> 24169.932 | AD15: =SUM(F15:AC15) -> 501029.21
B16: Commute | C16: Trip shifted from auto to transit+bike | F16: ='WH Users'!C12 -> 0 | G16: ='WH Users'!D12 -> 510.01541 | H16: ='WH Users'!E12 -> 2063.3411 | I16: ='WH Users'!F12 -> 2086.6206 | J16: ='WH Users'!G12 -> 2109.9001 | K16: ='WH Users'!H12 -> 2133.1796 | L16: ='WH Users'!I12 -> 2156.4591 | M16: ='WH Users'!J12 -> 2179.7385 | ... AC16: ='WH Users'!Z12 -> 2416.9932 | AD16: =SUM(F16:AC16) -> 50102.921
C17: Trips not taken before (none to transit+bike) | F17: ='WH Users'!C13 -> 0 | G17: ='WH Users'!D13 -> 255.00771 | H17: ='WH Users'!E13 -> 1031.6706 | I17: ='WH Users'!F13 -> 1043.3103 | J17: ='WH Users'!G13 -> 1054.95 | K17: ='WH Users'!H13 -> 1066.5898 | L17: ='WH Users'!I13 -> 1078.2295 | M17: ='WH Users'!J13 -> 1089.8693 | ... AC17: ='WH Users'!Z13 -> 1208.4966 | AD17: =SUM(F17:AC17) -> 25051.46
C19: TRAVEL IMPACTS
